Workbook

Sheet Paycheck Budget
B2: Biweekly Paycheck Budget
B3: Every bill lands on the paycheck that covers its due date — so you know exactly what each check has to pay.
B5: First payday | C5: 46395 | I5: TAKE-HOME THIS YEAR | K5: BILLS THIS YEAR | M5: AVG. LEFT PER CHECK | O5: TIGHTEST PAYCHECK | Q5: BONUS PAYCHECKS
B6: Net pay per paycheck | C6: 2400 | I6: =SUM('Paycheck Budget'!$I$12:$AH$12) -> None | K6: =SUM('Paycheck Budget'!$I$38:$AH$38) -> None | M6: =AVERAGE('Paycheck Budget'!$I$40:$AH$40) -> None | O6: =MIN('Paycheck Budget'!$I$40:$AH$40) -> None | Q6: =COUNTIF('Paycheck Budget'!$I$41:$AH$41,"★*") -> None
B7: Save from each paycheck | C7: 200
B10: Bill | C10: Amount | D10: Due day | E10: How often | F10: Month | I10: ="#1" -> 0 | J10: ="#2" -> 0 | K10: ="#3" -> 0 | L10: ="#4" -> 0 | M10: ="#5" -> 0 | N10: ="#6" -> 0 | O10: ="#7" -> 0 | P10: ="#8" -> 0 | Q10: ="#9" -> 0 | R10: ="#10" -> 0 | S10: ="#11" -> 0 | T10: ="#12" -> 0 | U10: ="#13" -> 0 | V10: ="#14" -> 0 | W10: ="#15" -> 0 | X10: ="#16" -> 0 | Y10: ="#17" -> 0 | Z10: ="#18" -> 0 | AA10: ="#19" -> 0 | AB10: ="#20" -> 0 | AC10: ="#21" -> 0 | AD10: ="#22" -> 0 | AE10: ="#23" -> 0 | AF10: ="#24" -> 0 | AG10: ="#25" -> 0 | AH10: ="#26" -> 0
B11: Payday | I11: =$C$5+0 -> 0 | J11: =$C$5+14 -> 0 | K11: =$C$5+28 -> 0 | L11: =$C$5+42 -> 0 | M11: =$C$5+56 -> 0 | N11: =$C$5+70 -> 0 | O11: =$C$5+84 -> 0 | P11: =$C$5+98 -> 0 | Q11: =$C$5+112 -> 0 | R11: =$C$5+126 -> 0 | S11: =$C$5+140 -> 0 | T11: =$C$5+154 -> 0 | U11: =$C$5+168 -> 0 | V11: =$C$5+182 -> 0 | W11: =$C$5+196 -> 0 | X11: =$C$5+210 -> 0 | Y11: =$C$5+224 -> 0 | Z11: =$C$5+238 -> 0 | AA11: =$C$5+252 -> 0 | AB11: =$C$5+266 -> 0 | AC11: =$C$5+280 -> 0 | AD11: =$C$5+294 -> 0 | AE11: =$C$5+308 -> 0 | AF11: =$C$5+322 -> 0 | AG11: =$C$5+336 -> 0 | AH11: =$C$5+350 -> 0
B12: Paycheck amount | E12: override any check → | I12: =$C$6 -> 0 | J12: =$C$6 -> 0 | K12: =$C$6 -> 0 | L12: =$C$6 -> 0 | M12: =$C$6 -> 0 | N12: =$C$6 -> 0 | O12: =$C$6 -> 0 | P12: =$C$6 -> 0 | ... AH12: =$C$6 -> 0
B13: Rent | C13: 1450 | D13: 1 | E13: Monthly | I13: =IF(OR($B13="",N($C13)=0),"",IF($E13="Every paycheck",$C13,IF(N($D13)=0,"",IF(OR(AND(DATE(YEAR(I$11),MONTH(I$11),MIN($D13,DAY(EOMONTH(I$11,0))))>=I$11,DATE(YEAR(I$11),MONTH(I$11),MIN($D13,DAY(EOMONTH(I$11,0))))<=(I$11+13),IF($E13="Monthly",TRUE,IF($E13="Quarterly",MOD(MONTH(I$11)-N($F13),3)=0,MONTH(I$11)=N($F13)))),AND(DATE(YEAR((I$11+13)),MONTH((I$11+13)),MIN($D13,DAY(EOMONTH((I$11+13),0))))>=I$11,DATE(YEAR((I$11+13)),MONTH((I$11+13)),MIN($D13,DAY(EOMONTH((I$11+13),0))))<=(I$11+13),IF($E13="Monthly",TRUE,IF($E13="Quarterly",MOD(MONTH((I$11+13))-N($F13),3)=0,MONTH((I$11+13))=N($F13))))),$C13,"")))) -> 0 | J13: =IF(OR($B13="",N($C13)=0),"",IF($E13="Every paycheck",$C13,IF(N($D13)=0,"",IF(OR(AND(DATE(YEAR(J$11),MONTH(J$11),MIN($D13,DAY(EOMONTH(J$11,0))))>=J$11,DATE(YEAR(J$11),MONTH(J$11),MIN($D13,DAY(EOMONTH(J$11,0))))<=(J$11+13),IF($E13="Monthly",TRUE,IF($E13="Quarterly",MOD(MONTH(J$11)-N($F13),3)=0,MONTH(J$11)=N($F13)))),AND(DATE(YEAR((J$11+13)),MONTH((J$11+13)),MIN($D13,DAY(EOMONTH((J$11+13),0))))>=J$11,DATE(YEAR((J$11+13)),MONTH((J$11+13)),MIN($D13,DAY(EOMONTH((J$11+13),0))))<=(J$11+13),IF($E13="Monthly",TRUE,IF($E13="Quarterly",MOD(MONTH((J$11+13))-N($F13),3)=0,MONTH((J$11+13))=N($F13))))),$C13,"")))) -> 0 | K13: =IF(OR($B13="",N($C13)=0),"",IF($E13="Every paycheck",$C13,IF(N($D13)=0,"",IF(OR(AND(DATE(YEAR(K$11),MONTH(K$11),MIN($D13,DAY(EOMONTH(K$11,0))))>=K$11,DATE(YEAR(K$11),MONTH(K$11),MIN($D13,DAY(EOMONTH(K$11,0))))<=(K$11+13),IF($E13="Monthly",TRUE,IF($E13="Quarterly",MOD(MONTH(K$11)-N($F13),3)=0,MONTH(K$11)=N($F13)))),AND(DATE(YEAR((K$11+13)),MONTH((K$11+13)),MIN($D13,DAY(EOMONTH((K$11+13),0))))>=K$11,DATE(YEAR((K$11+13)),MONTH((K$11+13)),MIN($D13,DAY(EOMONTH((K$11+13),0))))<=(K$11+13),IF($E13="Monthly",TRUE,IF($E13="Quarterly",MOD(MONTH((K$11+13))-N($F13),3)=0,MONTH((K$11+13))=N($F13))))),$C13,"")))) -> 0 | L13: =IF(OR($B13="",N($C13)=0),"",IF($E13="Every paycheck",$C13,IF(N($D13)=0,"",IF(OR(AND(DATE(YEAR(L$11),MONTH(L$11),MIN($D13,DAY(EOMONTH(L$11,0))))>=L$11,DATE(YEAR(L$11),MONTH(L$11),MIN($D13,DAY(EOMONTH(L$11,0))))<=(L$11+13),IF($E13="Monthly",TRUE,IF($E13="Quarterly",MOD(MONTH(L$11)-N($F13),3)=0,MONTH(L$11)=N($F13)))),AND(DATE(YEAR((L$11+13)),MONTH((L$11+13)),MIN($D13,DAY(EOMONTH((L$11+13),0))))>=L$11,DATE(YEAR((L$11+13)),MONTH((L$11+13)),MIN($D13,DAY(EOMONTH((L$11+13),0))))<=(L$11+13),IF($E13="Monthly",TRUE,IF($E13="Quarterly",MOD(MONTH((L$11+13))-N($F13),3)=0,MONTH((L$11+13))=N($F13))))),$C13,"")))) -> 0 | M13: =IF(OR($B13="",N($C13)=0),"",IF($E13="Every paycheck",$C13,IF(N($D13)=0,"",IF(OR(AND(DATE(YEAR(M$11),MONTH(M$11),MIN($D13,DAY(EOMONTH(M$11,0))))>=M$11,DATE(YEAR(M$11),MONTH(M$11),MIN($D13,DAY(EOMONTH(M$11,0))))<=(M$11+13),IF($E13="Monthly",TRUE,IF($E13="Quarterly",MOD(MONTH(M$11)-N($F13),3)=0,MONTH(M$11)=N($F13)))),AND(DATE(YEAR((M$11+13)),MONTH((M$11+13)),MIN($D13,DAY(EOMONTH((M$11+13),0))))>=M$11,DATE(YEAR((M$11+13)),MONTH((M$11+13)),MIN($D13,DAY(EOMONTH((M$11+13),0))))<=(M$11+13),IF($E13="Monthly",TRUE,IF($E13="Quarterly",MOD(MONTH((M$11+13))-N($F13),3)=0,MONTH((M$11+13))=N($F13))))),$C13,"")))) -> 0 | N13: =IF(OR($B13="",N($C13)=0),"",IF($E13="Every paycheck",$C13,IF(N($D13)=0,"",IF(OR(AND(DATE(YEAR(N$11),MONTH(N$11),MIN($D13,DAY(EOMONTH(N$11,0))))>=N$11,DATE(YEAR(N$11),MONTH(N$11),MIN($D13,DAY(EOMONTH(N$11,0))))<=(N$11+13),IF($E13="Monthly",TRUE,IF($E13="Quarterly",MOD(MONTH(N$11)-N($F13),3)=0,MONTH(N$11)=N($F13)))),AND(DATE(YEAR((N$11+13)),MONTH((N$11+13)),MIN($D13,DAY(EOMONTH((N$11+13),0))))>=N$11,DATE(YEAR((N$11+13)),MONTH((N$11+13)),MIN($D13,DAY(EOMONTH((N$11+13),0))))<=(N$11+13),IF($E13="Monthly",TRUE,IF($E13="Quarterly",MOD(MONTH((N$11+13))-N($F13),3)=0,MONTH((N$11+13))=N($F13))))),$C13,"")))) -> 0 | O13: =IF(OR($B13="",N($C13)=0),"",IF($E13="Every paycheck",$C13,IF(N($D13)=0,"",IF(OR(AND(DATE(YEAR(O$11),MONTH(O$11),MIN($D13,DAY(EOMONTH(O$11,0))))>=O$11,DATE(YEAR(O$11),MONTH(O$11),MIN($D13,DAY(EOMONTH(O$11,0))))<=(O$11+13),IF($E13="Monthly",TRUE,IF($E13="Quarterly",MOD(MONTH(O$11)-N($F13),3)=0,MONTH(O$11)=N($F13)))),AND(DATE(YEAR((O$11+13)),MONTH((O$11+13)),MIN($D13,DAY(EOMONTH((O$11+13),0))))>=O$11,DATE(YEAR((O$11+13)),MONTH((O$11+13)),MIN($D13,DAY(EOMONTH((O$11+13),0))))<=(O$11+13),IF($E13="Monthly",TRUE,IF($E13="Quarterly",MOD(MONTH((O$11+13))-N($F13),3)=0,MONTH((O$11+13))=N($F13))))),$C13,"")))) -> 0 | P13: =IF(OR($B13="",N($C13)=0),"",IF($E13="Every paycheck",$C13,IF(N($D13)=0,"",IF(OR(AND(DATE(YEAR(P$11),MONTH(P$11),MIN($D13,DAY(EOMONTH(P$11,0))))>=P$11,DATE(YEAR(P$11),MONTH(P$11),MIN($D13,DAY(EOMONTH(P$11,0))))<=(P$11+13),IF($E13="Monthly",TRUE,IF($E13="Quarterly",MOD(MONTH(P$11)-N($F13),3)=0,MONTH(P$11)=N($F13)))),AND(DATE(YEAR((P$11+13)),MONTH((P$11+13)),MIN($D13,DAY(EOMONTH((P$11+13),0))))>=P$11,DATE(YEAR((P$11+13)),MONTH((P$11+13)),MIN($D13,DAY(EOMONTH((P$11+13),0))))<=(P$11+13),IF($E13="Monthly",TRUE,IF($E13="Quarterly",MOD(MONTH((P$11+13))-N($F13),3)=0,MONTH((P$11+13))=N($F13))))),$C13,"")))) -> 0 | ... AH13: =IF(OR($B13="",N($C13)=0),"",IF($E13="Every paycheck",$C13,IF(N($D13)=0,"",IF(OR(AND(DATE(YEAR(AH$11),MONTH(AH$11),MIN($D13,DAY(EOMONTH(AH$11,0))))>=AH$11,DATE(YEAR(AH$11),MONTH(AH$11),MIN($D13,DAY(EOMONTH(AH$11,0))))<=(AH$11+13),IF($E13="Monthly",TRUE,IF($E13="Quarterly",MOD(MONTH(AH$11)-N($F13),3)=0,MONTH(AH$11)=N($F13)))),AND(DATE(YEAR((AH$11+13)),MONTH((AH$11+13)),MIN($D13,DAY(EOMONTH((AH$11+13),0))))>=AH$11,DATE(YEAR((AH$11+13)),MONTH((AH$11+13)),MIN($D13,DAY(EOMONTH((AH$11+13),0))))<=(AH$11+13),IF($E13="Monthly",TRUE,IF($E13="Quarterly",MOD(MONTH((AH$11+13))-N($F13),3)=0,MONTH((AH$11+13))=N($F13))))),$C13,"")))) -> 0
B14: Car payment | C14: 310 | D14: 5 | E14: Monthly | I14: =IF(OR($B14="",N($C14)=0),"",IF($E14="Every paycheck",$C14,IF(N($D14)=0,"",IF(OR(AND(DATE(YEAR(I$11),MONTH(I$11),MIN($D14,DAY(EOMONTH(I$11,0))))>=I$11,DATE(YEAR(I$11),MONTH(I$11),MIN($D14,DAY(EOMONTH(I$11,0))))<=(I$11+13),IF($E14="Monthly",TRUE,IF($E14="Quarterly",MOD(MONTH(I$11)-N($F14),3)=0,MONTH(I$11)=N($F14)))),AND(DATE(YEAR((I$11+13)),MONTH((I$11+13)),MIN($D14,DAY(EOMONTH((I$11+13),0))))>=I$11,DATE(YEAR((I$11+13)),MONTH((I$11+13)),MIN($D14,DAY(EOMONTH((I$11+13),0))))<=(I$11+13),IF($E14="Monthly",TRUE,IF($E14="Quarterly",MOD(MONTH((I$11+13))-N($F14),3)=0,MONTH((I$11+13))=N($F14))))),$C14,"")))) -> 0 | J14: =IF(OR($B14="",N($C14)=0),"",IF($E14="Every paycheck",$C14,IF(N($D14)=0,"",IF(OR(AND(DATE(YEAR(J$11),MONTH(J$11),MIN($D14,DAY(EOMONTH(J$11,0))))>=J$11,DATE(YEAR(J$11),MONTH(J$11),MIN($D14,DAY(EOMONTH(J$11,0))))<=(J$11+13),IF($E14="Monthly",TRUE,IF($E14="Quarterly",MOD(MONTH(J$11)-N($F14),3)=0,MONTH(J$11)=N($F14)))),AND(DATE(YEAR((J$11+13)),MONTH((J$11+13)),MIN($D14,DAY(EOMONTH((J$11+13),0))))>=J$11,DATE(YEAR((J$11+13)),MONTH((J$11+13)),MIN($D14,DAY(EOMONTH((J$11+13),0))))<=(J$11+13),IF($E14="Monthly",TRUE,IF($E14="Quarterly",MOD(MONTH((J$11+13))-N($F14),3)=0,MONTH((J$11+13))=N($F14))))),$C14,"")))) -> 0 | K14: =IF(OR($B14="",N($C14)=0),"",IF($E14="Every paycheck",$C14,IF(N($D14)=0,"",IF(OR(AND(DATE(YEAR(K$11),MONTH(K$11),MIN($D14,DAY(EOMONTH(K$11,0))))>=K$11,DATE(YEAR(K$11),MONTH(K$11),MIN($D14,DAY(EOMONTH(K$11,0))))<=(K$11+13),IF($E14="Monthly",TRUE,IF($E14="Quarterly",MOD(MONTH(K$11)-N($F14),3)=0,MONTH(K$11)=N($F14)))),AND(DATE(YEAR((K$11+13)),MONTH((K$11+13)),MIN($D14,DAY(EOMONTH((K$11+13),0))))>=K$11,DATE(YEAR((K$11+13)),MONTH((K$11+13)),MIN($D14,DAY(EOMONTH((K$11+13),0))))<=(K$11+13),IF($E14="Monthly",TRUE,IF($E14="Quarterly",MOD(MONTH((K$11+13))-N($F14),3)=0,MONTH((K$11+13))=N($F14))))),$C14,"")))) -> 0 | L14: =IF(OR($B14="",N($C14)=0),"",IF($E14="Every paycheck",$C14,IF(N($D14)=0,"",IF(OR(AND(DATE(YEAR(L$11),MONTH(L$11),MIN($D14,DAY(EOMONTH(L$11,0))))>=L$11,DATE(YEAR(L$11),MONTH(L$11),MIN($D14,DAY(EOMONTH(L$11,0))))<=(L$11+13),IF($E14="Monthly",TRUE,IF($E14="Quarterly",MOD(MONTH(L$11)-N($F14),3)=0,MONTH(L$11)=N($F14)))),AND(DATE(YEAR((L$11+13)),MONTH((L$11+13)),MIN($D14,DAY(EOMONTH((L$11+13),0))))>=L$11,DATE(YEAR((L$11+13)),MONTH((L$11+13)),MIN($D14,DAY(EOMONTH((L$11+13),0))))<=(L$11+13),IF($E14="Monthly",TRUE,IF($E14="Quarterly",MOD(MONTH((L$11+13))-N($F14),3)=0,MONTH((L$11+13))=N($F14))))),$C14,"")))) -> 0 | M14: =IF(OR($B14="",N($C14)=0),"",IF($E14="Every paycheck",$C14,IF(N($D14)=0,"",IF(OR(AND(DATE(YEAR(M$11),MONTH(M$11),MIN($D14,DAY(EOMONTH(M$11,0))))>=M$11,DATE(YEAR(M$11),MONTH(M$11),MIN($D14,DAY(EOMONTH(M$11,0))))<=(M$11+13),IF($E14="Monthly",TRUE,IF($E14="Quarterly",MOD(MONTH(M$11)-N($F14),3)=0,MONTH(M$11)=N($F14)))),AND(DATE(YEAR((M$11+13)),MONTH((M$11+13)),MIN($D14,DAY(EOMONTH((M$11+13),0))))>=M$11,DATE(YEAR((M$11+13)),MONTH((M$11+13)),MIN($D14,DAY(EOMONTH((M$11+13),0))))<=(M$11+13),IF($E14="Monthly",TRUE,IF($E14="Quarterly",MOD(MONTH((M$11+13))-N($F14),3)=0,MONTH((M$11+13))=N($F14))))),$C14,"")))) -> 0 | N14: =IF(OR($B14="",N($C14)=0),"",IF($E14="Every paycheck",$C14,IF(N($D14)=0,"",IF(OR(AND(DATE(YEAR(N$11),MONTH(N$11),MIN($D14,DAY(EOMONTH(N$11,0))))>=N$11,DATE(YEAR(N$11),MONTH(N$11),MIN($D14,DAY(EOMONTH(N$11,0))))<=(N$11+13),IF($E14="Monthly",TRUE,IF($E14="Quarterly",MOD(MONTH(N$11)-N($F14),3)=0,MONTH(N$11)=N($F14)))),AND(DATE(YEAR((N$11+13)),MONTH((N$11+13)),MIN($D14,DAY(EOMONTH((N$11+13),0))))>=N$11,DATE(YEAR((N$11+13)),MONTH((N$11+13)),MIN($D14,DAY(EOMONTH((N$11+13),0))))<=(N$11+13),IF($E14="Monthly",TRUE,IF($E14="Quarterly",MOD(MONTH((N$11+13))-N($F14),3)=0,MONTH((N$11+13))=N($F14))))),$C14,"")))) -> 0 | O14: =IF(OR($B14="",N($C14)=0),"",IF($E14="Every paycheck",$C14,IF(N($D14)=0,"",IF(OR(AND(DATE(YEAR(O$11),MONTH(O$11),MIN($D14,DAY(EOMONTH(O$11,0))))>=O$11,DATE(YEAR(O$11),MONTH(O$11),MIN($D14,DAY(EOMONTH(O$11,0))))<=(O$11+13),IF($E14="Monthly",TRUE,IF($E14="Quarterly",MOD(MONTH(O$11)-N($F14),3)=0,MONTH(O$11)=N($F14)))),AND(DATE(YEAR((O$11+13)),MONTH((O$11+13)),MIN($D14,DAY(EOMONTH((O$11+13),0))))>=O$11,DATE(YEAR((O$11+13)),MONTH((O$11+13)),MIN($D14,DAY(EOMONTH((O$11+13),0))))<=(O$11+13),IF($E14="Monthly",TRUE,IF($E14="Quarterly",MOD(MONTH((O$11+13))-N($F14),3)=0,MONTH((O$11+13))=N($F14))))),$C14,"")))) -> 0 | P14: =IF(OR($B14="",N($C14)=0),"",IF($E14="Every paycheck",$C14,IF(N($D14)=0,"",IF(OR(AND(DATE(YEAR(P$11),MONTH(P$11),MIN($D14,DAY(EOMONTH(P$11,0))))>=P$11,DATE(YEAR(P$11),MONTH(P$11),MIN($D14,DAY(EOMONTH(P$11,0))))<=(P$11+13),IF($E14="Monthly",TRUE,IF($E14="Quarterly",MOD(MONTH(P$11)-N($F14),3)=0,MONTH(P$11)=N($F14)))),AND(DATE(YEAR((P$11+13)),MONTH((P$11+13)),MIN($D14,DAY(EOMONTH((P$11+13),0))))>=P$11,DATE(YEAR((P$11+13)),MONTH((P$11+13)),MIN($D14,DAY(EOMONTH((P$11+13),0))))<=(P$11+13),IF($E14="Monthly",TRUE,IF($E14="Quarterly",MOD(MONTH((P$11+13))-N($F14),3)=0,MONTH((P$11+13))=N($F14))))),$C14,"")))) -> 0 | ... AH14: =IF(OR($B14="",N($C14)=0),"",IF($E14="Every paycheck",$C14,IF(N($D14)=0,"",IF(OR(AND(DATE(YEAR(AH$11),MONTH(AH$11),MIN($D14,DAY(EOMONTH(AH$11,0))))>=AH$11,DATE(YEAR(AH$11),MONTH(AH$11),MIN($D14,DAY(EOMONTH(AH$11,0))))<=(AH$11+13),IF($E14="Monthly",TRUE,IF($E14="Quarterly",MOD(MONTH(AH$11)-N($F14),3)=0,MONTH(AH$11)=N($F14)))),AND(DATE(YEAR((AH$11+13)),MONTH((AH$11+13)),MIN($D14,DAY(EOMONTH((AH$11+13),0))))>=AH$11,DATE(YEAR((AH$11+13)),MONTH((AH$11+13)),MIN($D14,DAY(EOMONTH((AH$11+13),0))))<=(AH$11+13),IF($E14="Monthly",TRUE,IF($E14="Quarterly",MOD(MONTH((AH$11+13))-N($F14),3)=0,MONTH((AH$11+13))=N($F14))))),$C14,"")))) -> 0
B15: Car insurance | C15: 120 | D15: 8 | E15: Monthly | I15: =IF(OR($B15="",N($C15)=0),"",IF($E15="Every paycheck",$C15,IF(N($D15)=0,"",IF(OR(AND(DATE(YEAR(I$11),MONTH(I$11),MIN($D15,DAY(EOMONTH(I$11,0))))>=I$11,DATE(YEAR(I$11),MONTH(I$11),MIN($D15,DAY(EOMONTH(I$11,0))))<=(I$11+13),IF($E15="Monthly",TRUE,IF($E15="Quarterly",MOD(MONTH(I$11)-N($F15),3)=0,MONTH(I$11)=N($F15)))),AND(DATE(YEAR((I$11+13)),MONTH((I$11+13)),MIN($D15,DAY(EOMONTH((I$11+13),0))))>=I$11,DATE(YEAR((I$11+13)),MONTH((I$11+13)),MIN($D15,DAY(EOMONTH((I$11+13),0))))<=(I$11+13),IF($E15="Monthly",TRUE,IF($E15="Quarterly",MOD(MONTH((I$11+13))-N($F15),3)=0,MONTH((I$11+13))=N($F15))))),$C15,"")))) -> 0 | J15: =IF(OR($B15="",N($C15)=0),"",IF($E15="Every paycheck",$C15,IF(N($D15)=0,"",IF(OR(AND(DATE(YEAR(J$11),MONTH(J$11),MIN($D15,DAY(EOMONTH(J$11,0))))>=J$11,DATE(YEAR(J$11),MONTH(J$11),MIN($D15,DAY(EOMONTH(J$11,0))))<=(J$11+13),IF($E15="Monthly",TRUE,IF($E15="Quarterly",MOD(MONTH(J$11)-N($F15),3)=0,MONTH(J$11)=N($F15)))),AND(DATE(YEAR((J$11+13)),MONTH((J$11+13)),MIN($D15,DAY(EOMONTH((J$11+13),0))))>=J$11,DATE(YEAR((J$11+13)),MONTH((J$11+13)),MIN($D15,DAY(EOMONTH((J$11+13),0))))<=(J$11+13),IF($E15="Monthly",TRUE,IF($E15="Quarterly",MOD(MONTH((J$11+13))-N($F15),3)=0,MONTH((J$11+13))=N($F15))))),$C15,"")))) -> 0 | K15: =IF(OR($B15="",N($C15)=0),"",IF($E15="Every paycheck",$C15,IF(N($D15)=0,"",IF(OR(AND(DATE(YEAR(K$11),MONTH(K$11),MIN($D15,DAY(EOMONTH(K$11,0))))>=K$11,DATE(YEAR(K$11),MONTH(K$11),MIN($D15,DAY(EOMONTH(K$11,0))))<=(K$11+13),IF($E15="Monthly",TRUE,IF($E15="Quarterly",MOD(MONTH(K$11)-N($F15),3)=0,MONTH(K$11)=N($F15)))),AND(DATE(YEAR((K$11+13)),MONTH((K$11+13)),MIN($D15,DAY(EOMONTH((K$11+13),0))))>=K$11,DATE(YEAR((K$11+13)),MONTH((K$11+13)),MIN($D15,DAY(EOMONTH((K$11+13),0))))<=(K$11+13),IF($E15="Monthly",TRUE,IF($E15="Quarterly",MOD(MONTH((K$11+13))-N($F15),3)=0,MONTH((K$11+13))=N($F15))))),$C15,"")))) -> 0 | L15: =IF(OR($B15="",N($C15)=0),"",IF($E15="Every paycheck",$C15,IF(N($D15)=0,"",IF(OR(AND(DATE(YEAR(L$11),MONTH(L$11),MIN($D15,DAY(EOMONTH(L$11,0))))>=L$11,DATE(YEAR(L$11),MONTH(L$11),MIN($D15,DAY(EOMONTH(L$11,0))))<=(L$11+13),IF($E15="Monthly",TRUE,IF($E15="Quarterly",MOD(MONTH(L$11)-N($F15),3)=0,MONTH(L$11)=N($F15)))),AND(DATE(YEAR((L$11+13)),MONTH((L$11+13)),MIN($D15,DAY(EOMONTH((L$11+13),0))))>=L$11,DATE(YEAR((L$11+13)),MONTH((L$11+13)),MIN($D15,DAY(EOMONTH((L$11+13),0))))<=(L$11+13),IF($E15="Monthly",TRUE,IF($E15="Quarterly",MOD(MONTH((L$11+13))-N($F15),3)=0,MONTH((L$11+13))=N($F15))))),$C15,"")))) -> 0 | M15: =IF(OR($B15="",N($C15)=0),"",IF($E15="Every paycheck",$C15,IF(N($D15)=0,"",IF(OR(AND(DATE(YEAR(M$11),MONTH(M$11),MIN($D15,DAY(EOMONTH(M$11,0))))>=M$11,DATE(YEAR(M$11),MONTH(M$11),MIN($D15,DAY(EOMONTH(M$11,0))))<=(M$11+13),IF($E15="Monthly",TRUE,IF($E15="Quarterly",MOD(MONTH(M$11)-N($F15),3)=0,MONTH(M$11)=N($F15)))),AND(DATE(YEAR((M$11+13)),MONTH((M$11+13)),MIN($D15,DAY(EOMONTH((M$11+13),0))))>=M$11,DATE(YEAR((M$11+13)),MONTH((M$11+13)),MIN($D15,DAY(EOMONTH((M$11+13),0))))<=(M$11+13),IF($E15="Monthly",TRUE,IF($E15="Quarterly",MOD(MONTH((M$11+13))-N($F15),3)=0,MONTH((M$11+13))=N($F15))))),$C15,"")))) -> 0 | N15: =IF(OR($B15="",N($C15)=0),"",IF($E15="Every paycheck",$C15,IF(N($D15)=0,"",IF(OR(AND(DATE(YEAR(N$11),MONTH(N$11),MIN($D15,DAY(EOMONTH(N$11,0))))>=N$11,DATE(YEAR(N$11),MONTH(N$11),MIN($D15,DAY(EOMONTH(N$11,0))))<=(N$11+13),IF($E15="Monthly",TRUE,IF($E15="Quarterly",MOD(MONTH(N$11)-N($F15),3)=0,MONTH(N$11)=N($F15)))),AND(DATE(YEAR((N$11+13)),MONTH((N$11+13)),MIN($D15,DAY(EOMONTH((N$11+13),0))))>=N$11,DATE(YEAR((N$11+13)),MONTH((N$11+13)),MIN($D15,DAY(EOMONTH((N$11+13),0))))<=(N$11+13),IF($E15="Monthly",TRUE,IF($E15="Quarterly",MOD(MONTH((N$11+13))-N($F15),3)=0,MONTH((N$11+13))=N($F15))))),$C15,"")))) -> 0 | O15: =IF(OR($B15="",N($C15)=0),"",IF($E15="Every paycheck",$C15,IF(N($D15)=0,"",IF(OR(AND(DATE(YEAR(O$11),MONTH(O$11),MIN($D15,DAY(EOMONTH(O$11,0))))>=O$11,DATE(YEAR(O$11),MONTH(O$11),MIN($D15,DAY(EOMONTH(O$11,0))))<=(O$11+13),IF($E15="Monthly",TRUE,IF($E15="Quarterly",MOD(MONTH(O$11)-N($F15),3)=0,MONTH(O$11)=N($F15)))),AND(DATE(YEAR((O$11+13)),MONTH((O$11+13)),MIN($D15,DAY(EOMONTH((O$11+13),0))))>=O$11,DATE(YEAR((O$11+13)),MONTH((O$11+13)),MIN($D15,DAY(EOMONTH((O$11+13),0))))<=(O$11+13),IF($E15="Monthly",TRUE,IF($E15="Quarterly",MOD(MONTH((O$11+13))-N($F15),3)=0,MONTH((O$11+13))=N($F15))))),$C15,"")))) -> 0 | P15: =IF(OR($B15="",N($C15)=0),"",IF($E15="Every paycheck",$C15,IF(N($D15)=0,"",IF(OR(AND(DATE(YEAR(P$11),MONTH(P$11),MIN($D15,DAY(EOMONTH(P$11,0))))>=P$11,DATE(YEAR(P$11),MONTH(P$11),MIN($D15,DAY(EOMONTH(P$11,0))))<=(P$11+13),IF($E15="Monthly",TRUE,IF($E15="Quarterly",MOD(MONTH(P$11)-N($F15),3)=0,MONTH(P$11)=N($F15)))),AND(DATE(YEAR((P$11+13)),MONTH((P$11+13)),MIN($D15,DAY(EOMONTH((P$11+13),0))))>=P$11,DATE(YEAR((P$11+13)),MONTH((P$11+13)),MIN($D15,DAY(EOMONTH((P$11+13),0))))<=(P$11+13),IF($E15="Monthly",TRUE,IF($E15="Quarterly",MOD(MONTH((P$11+13))-N($F15),3)=0,MONTH((P$11+13))=N($F15))))),$C15,"")))) -> 0 | ... AH15: =IF(OR($B15="",N($C15)=0),"",IF($E15="Every paycheck",$C15,IF(N($D15)=0,"",IF(OR(AND(DATE(YEAR(AH$11),MONTH(AH$11),MIN($D15,DAY(EOMONTH(AH$11,0))))>=AH$11,DATE(YEAR(AH$11),MONTH(AH$11),MIN($D15,DAY(EOMONTH(AH$11,0))))<=(AH$11+13),IF($E15="Monthly",TRUE,IF($E15="Quarterly",MOD(MONTH(AH$11)-N($F15),3)=0,MONTH(AH$11)=N($F15)))),AND(DATE(YEAR((AH$11+13)),MONTH((AH$11+13)),MIN($D15,DAY(EOMONTH((AH$11+13),0))))>=AH$11,DATE(YEAR((AH$11+13)),MONTH((AH$11+13)),MIN($D15,DAY(EOMONTH((AH$11+13),0))))<=(AH$11+13),IF($E15="Monthly",TRUE,IF($E15="Quarterly",MOD(MONTH((AH$11+13))-N($F15),3)=0,MONTH((AH$11+13))=N($F15))))),$C15,"")))) -> 0
B16: Gym | C16: 30 | D16: 10 | E16: Monthly | I16: =IF(OR($B16="",N($C16)=0),"",IF($E16="Every paycheck",$C16,IF(N($D16)=0,"",IF(OR(AND(DATE(YEAR(I$11),MONTH(I$11),MIN($D16,DAY(EOMONTH(I$11,0))))>=I$11,DATE(YEAR(I$11),MONTH(I$11),MIN($D16,DAY(EOMONTH(I$11,0))))<=(I$11+13),IF($E16="Monthly",TRUE,IF($E16="Quarterly",MOD(MONTH(I$11)-N($F16),3)=0,MONTH(I$11)=N($F16)))),AND(DATE(YEAR((I$11+13)),MONTH((I$11+13)),MIN($D16,DAY(EOMONTH((I$11+13),0))))>=I$11,DATE(YEAR((I$11+13)),MONTH((I$11+13)),MIN($D16,DAY(EOMONTH((I$11+13),0))))<=(I$11+13),IF($E16="Monthly",TRUE,IF($E16="Quarterly",MOD(MONTH((I$11+13))-N($F16),3)=0,MONTH((I$11+13))=N($F16))))),$C16,"")))) -> 0 | J16: =IF(OR($B16="",N($C16)=0),"",IF($E16="Every paycheck",$C16,IF(N($D16)=0,"",IF(OR(AND(DATE(YEAR(J$11),MONTH(J$11),MIN($D16,DAY(EOMONTH(J$11,0))))>=J$11,DATE(YEAR(J$11),MONTH(J$11),MIN($D16,DAY(EOMONTH(J$11,0))))<=(J$11+13),IF($E16="Monthly",TRUE,IF($E16="Quarterly",MOD(MONTH(J$11)-N($F16),3)=0,MONTH(J$11)=N($F16)))),AND(DATE(YEAR((J$11+13)),MONTH((J$11+13)),MIN($D16,DAY(EOMONTH((J$11+13),0))))>=J$11,DATE(YEAR((J$11+13)),MONTH((J$11+13)),MIN($D16,DAY(EOMONTH((J$11+13),0))))<=(J$11+13),IF($E16="Monthly",TRUE,IF($E16="Quarterly",MOD(MONTH((J$11+13))-N($F16),3)=0,MONTH((J$11+13))=N($F16))))),$C16,"")))) -> 0 | K16: =IF(OR($B16="",N($C16)=0),"",IF($E16="Every paycheck",$C16,IF(N($D16)=0,"",IF(OR(AND(DATE(YEAR(K$11),MONTH(K$11),MIN($D16,DAY(EOMONTH(K$11,0))))>=K$11,DATE(YEAR(K$11),MONTH(K$11),MIN($D16,DAY(EOMONTH(K$11,0))))<=(K$11+13),IF($E16="Monthly",TRUE,IF($E16="Quarterly",MOD(MONTH(K$11)-N($F16),3)=0,MONTH(K$11)=N($F16)))),AND(DATE(YEAR((K$11+13)),MONTH((K$11+13)),MIN($D16,DAY(EOMONTH((K$11+13),0))))>=K$11,DATE(YEAR((K$11+13)),MONTH((K$11+13)),MIN($D16,DAY(EOMONTH((K$11+13),0))))<=(K$11+13),IF($E16="Monthly",TRUE,IF($E16="Quarterly",MOD(MONTH((K$11+13))-N($F16),3)=0,MONTH((K$11+13))=N($F16))))),$C16,"")))) -> 0 | L16: =IF(OR($B16="",N($C16)=0),"",IF($E16="Every paycheck",$C16,IF(N($D16)=0,"",IF(OR(AND(DATE(YEAR(L$11),MONTH(L$11),MIN($D16,DAY(EOMONTH(L$11,0))))>=L$11,DATE(YEAR(L$11),MONTH(L$11),MIN($D16,DAY(EOMONTH(L$11,0))))<=(L$11+13),IF($E16="Monthly",TRUE,IF($E16="Quarterly",MOD(MONTH(L$11)-N($F16),3)=0,MONTH(L$11)=N($F16)))),AND(DATE(YEAR((L$11+13)),MONTH((L$11+13)),MIN($D16,DAY(EOMONTH((L$11+13),0))))>=L$11,DATE(YEAR((L$11+13)),MONTH((L$11+13)),MIN($D16,DAY(EOMONTH((L$11+13),0))))<=(L$11+13),IF($E16="Monthly",TRUE,IF($E16="Quarterly",MOD(MONTH((L$11+13))-N($F16),3)=0,MONTH((L$11+13))=N($F16))))),$C16,"")))) -> 0 | M16: =IF(OR($B16="",N($C16)=0),"",IF($E16="Every paycheck",$C16,IF(N($D16)=0,"",IF(OR(AND(DATE(YEAR(M$11),MONTH(M$11),MIN($D16,DAY(EOMONTH(M$11,0))))>=M$11,DATE(YEAR(M$11),MONTH(M$11),MIN($D16,DAY(EOMONTH(M$11,0))))<=(M$11+13),IF($E16="Monthly",TRUE,IF($E16="Quarterly",MOD(MONTH(M$11)-N($F16),3)=0,MONTH(M$11)=N($F16)))),AND(DATE(YEAR((M$11+13)),MONTH((M$11+13)),MIN($D16,DAY(EOMONTH((M$11+13),0))))>=M$11,DATE(YEAR((M$11+13)),MONTH((M$11+13)),MIN($D16,DAY(EOMONTH((M$11+13),0))))<=(M$11+13),IF($E16="Monthly",TRUE,IF($E16="Quarterly",MOD(MONTH((M$11+13))-N($F16),3)=0,MONTH((M$11+13))=N($F16))))),$C16,"")))) -> 0 | N16: =IF(OR($B16="",N($C16)=0),"",IF($E16="Every paycheck",$C16,IF(N($D16)=0,"",IF(OR(AND(DATE(YEAR(N$11),MONTH(N$11),MIN($D16,DAY(EOMONTH(N$11,0))))>=N$11,DATE(YEAR(N$11),MONTH(N$11),MIN($D16,DAY(EOMONTH(N$11,0))))<=(N$11+13),IF($E16="Monthly",TRUE,IF($E16="Quarterly",MOD(MONTH(N$11)-N($F16),3)=0,MONTH(N$11)=N($F16)))),AND(DATE(YEAR((N$11+13)),MONTH((N$11+13)),MIN($D16,DAY(EOMONTH((N$11+13),0))))>=N$11,DATE(YEAR((N$11+13)),MONTH((N$11+13)),MIN($D16,DAY(EOMONTH((N$11+13),0))))<=(N$11+13),IF($E16="Monthly",TRUE,IF($E16="Quarterly",MOD(MONTH((N$11+13))-N($F16),3)=0,MONTH((N$11+13))=N($F16))))),$C16,"")))) -> 0 | O16: =IF(OR($B16="",N($C16)=0),"",IF($E16="Every paycheck",$C16,IF(N($D16)=0,"",IF(OR(AND(DATE(YEAR(O$11),MONTH(O$11),MIN($D16,DAY(EOMONTH(O$11,0))))>=O$11,DATE(YEAR(O$11),MONTH(O$11),MIN($D16,DAY(EOMONTH(O$11,0))))<=(O$11+13),IF($E16="Monthly",TRUE,IF($E16="Quarterly",MOD(MONTH(O$11)-N($F16),3)=0,MONTH(O$11)=N($F16)))),AND(DATE(YEAR((O$11+13)),MONTH((O$11+13)),MIN($D16,DAY(EOMONTH((O$11+13),0))))>=O$11,DATE(YEAR((O$11+13)),MONTH((O$11+13)),MIN($D16,DAY(EOMONTH((O$11+13),0))))<=(O$11+13),IF($E16="Monthly",TRUE,IF($E16="Quarterly",MOD(MONTH((O$11+13))-N($F16),3)=0,MONTH((O$11+13))=N($F16))))),$C16,"")))) -> 0 | P16: =IF(OR($B16="",N($C16)=0),"",IF($E16="Every paycheck",$C16,IF(N($D16)=0,"",IF(OR(AND(DATE(YEAR(P$11),MONTH(P$11),MIN($D16,DAY(EOMONTH(P$11,0))))>=P$11,DATE(YEAR(P$11),MONTH(P$11),MIN($D16,DAY(EOMONTH(P$11,0))))<=(P$11+13),IF($E16="Monthly",TRUE,IF($E16="Quarterly",MOD(MONTH(P$11)-N($F16),3)=0,MONTH(P$11)=N($F16)))),AND(DATE(YEAR((P$11+13)),MONTH((P$11+13)),MIN($D16,DAY(EOMONTH((P$11+13),0))))>=P$11,DATE(YEAR((P$11+13)),MONTH((P$11+13)),MIN($D16,DAY(EOMONTH((P$11+13),0))))<=(P$11+13),IF($E16="Monthly",TRUE,IF($E16="Quarterly",MOD(MONTH((P$11+13))-N($F16),3)=0,MONTH((P$11+13))=N($F16))))),$C16,"")))) -> 0 | ... AH16: =IF(OR($B16="",N($C16)=0),"",IF($E16="Every paycheck",$C16,IF(N($D16)=0,"",IF(OR(AND(DATE(YEAR(AH$11),MONTH(AH$11),MIN($D16,DAY(EOMONTH(AH$11,0))))>=AH$11,DATE(YEAR(AH$11),MONTH(AH$11),MIN($D16,DAY(EOMONTH(AH$11,0))))<=(AH$11+13),IF($E16="Monthly",TRUE,IF($E16="Quarterly",MOD(MONTH(AH$11)-N($F16),3)=0,MONTH(AH$11)=N($F16)))),AND(DATE(YEAR((AH$11+13)),MONTH((AH$11+13)),MIN($D16,DAY(EOMONTH((AH$11+13),0))))>=AH$11,DATE(YEAR((AH$11+13)),MONTH((AH$11+13)),MIN($D16,DAY(EOMONTH((AH$11+13),0))))<=(AH$11+13),IF($E16="Monthly",TRUE,IF($E16="Quarterly",MOD(MONTH((AH$11+13))-N($F16),3)=0,MONTH((AH$11+13))=N($F16))))),$C16,"")))) -> 0
B17: Phone | C17: 55 | D17: 12 | E17: Monthly | I17: =IF(OR($B17="",N($C17)=0),"",IF($E17="Every paycheck",$C17,IF(N($D17)=0,"",IF(OR(AND(DATE(YEAR(I$11),MONTH(I$11),MIN($D17,DAY(EOMONTH(I$11,0))))>=I$11,DATE(YEAR(I$11),MONTH(I$11),MIN($D17,DAY(EOMONTH(I$11,0))))<=(I$11+13),IF($E17="Monthly",TRUE,IF($E17="Quarterly",MOD(MONTH(I$11)-N($F17),3)=0,MONTH(I$11)=N($F17)))),AND(DATE(YEAR((I$11+13)),MONTH((I$11+13)),MIN($D17,DAY(EOMONTH((I$11+13),0))))>=I$11,DATE(YEAR((I$11+13)),MONTH((I$11+13)),MIN($D17,DAY(EOMONTH((I$11+13),0))))<=(I$11+13),IF($E17="Monthly",TRUE,IF($E17="Quarterly",MOD(MONTH((I$11+13))-N($F17),3)=0,MONTH((I$11+13))=N($F17))))),$C17,"")))) -> 0 | J17: =IF(OR($B17="",N($C17)=0),"",IF($E17="Every paycheck",$C17,IF(N($D17)=0,"",IF(OR(AND(DATE(YEAR(J$11),MONTH(J$11),MIN($D17,DAY(EOMONTH(J$11,0))))>=J$11,DATE(YEAR(J$11),MONTH(J$11),MIN($D17,DAY(EOMONTH(J$11,0))))<=(J$11+13),IF($E17="Monthly",TRUE,IF($E17="Quarterly",MOD(MONTH(J$11)-N($F17),3)=0,MONTH(J$11)=N($F17)))),AND(DATE(YEAR((J$11+13)),MONTH((J$11+13)),MIN($D17,DAY(EOMONTH((J$11+13),0))))>=J$11,DATE(YEAR((J$11+13)),MONTH((J$11+13)),MIN($D17,DAY(EOMONTH((J$11+13),0))))<=(J$11+13),IF($E17="Monthly",TRUE,IF($E17="Quarterly",MOD(MONTH((J$11+13))-N($F17),3)=0,MONTH((J$11+13))=N($F17))))),$C17,"")))) -> 0 | K17: =IF(OR($B17="",N($C17)=0),"",IF($E17="Every paycheck",$C17,IF(N($D17)=0,"",IF(OR(AND(DATE(YEAR(K$11),MONTH(K$11),MIN($D17,DAY(EOMONTH(K$11,0))))>=K$11,DATE(YEAR(K$11),MONTH(K$11),MIN($D17,DAY(EOMONTH(K$11,0))))<=(K$11+13),IF($E17="Monthly",TRUE,IF($E17="Quarterly",MOD(MONTH(K$11)-N($F17),3)=0,MONTH(K$11)=N($F17)))),AND(DATE(YEAR((K$11+13)),MONTH((K$11+13)),MIN($D17,DAY(EOMONTH((K$11+13),0))))>=K$11,DATE(YEAR((K$11+13)),MONTH((K$11+13)),MIN($D17,DAY(EOMONTH((K$11+13),0))))<=(K$11+13),IF($E17="Monthly",TRUE,IF($E17="Quarterly",MOD(MONTH((K$11+13))-N($F17),3)=0,MONTH((K$11+13))=N($F17))))),$C17,"")))) -> 0 | L17: =IF(OR($B17="",N($C17)=0),"",IF($E17="Every paycheck",$C17,IF(N($D17)=0,"",IF(OR(AND(DATE(YEAR(L$11),MONTH(L$11),MIN($D17,DAY(EOMONTH(L$11,0))))>=L$11,DATE(YEAR(L$11),MONTH(L$11),MIN($D17,DAY(EOMONTH(L$11,0))))<=(L$11+13),IF($E17="Monthly",TRUE,IF($E17="Quarterly",MOD(MONTH(L$11)-N($F17),3)=0,MONTH(L$11)=N($F17)))),AND(DATE(YEAR((L$11+13)),MONTH((L$11+13)),MIN($D17,DAY(EOMONTH((L$11+13),0))))>=L$11,DATE(YEAR((L$11+13)),MONTH((L$11+13)),MIN($D17,DAY(EOMONTH((L$11+13),0))))<=(L$11+13),IF($E17="Monthly",TRUE,IF($E17="Quarterly",MOD(MONTH((L$11+13))-N($F17),3)=0,MONTH((L$11+13))=N($F17))))),$C17,"")))) -> 0 | M17: =IF(OR($B17="",N($C17)=0),"",IF($E17="Every paycheck",$C17,IF(N($D17)=0,"",IF(OR(AND(DATE(YEAR(M$11),MONTH(M$11),MIN($D17,DAY(EOMONTH(M$11,0))))>=M$11,DATE(YEAR(M$11),MONTH(M$11),MIN($D17,DAY(EOMONTH(M$11,0))))<=(M$11+13),IF($E17="Monthly",TRUE,IF($E17="Quarterly",MOD(MONTH(M$11)-N($F17),3)=0,MONTH(M$11)=N($F17)))),AND(DATE(YEAR((M$11+13)),MONTH((M$11+13)),MIN($D17,DAY(EOMONTH((M$11+13),0))))>=M$11,DATE(YEAR((M$11+13)),MONTH((M$11+13)),MIN($D17,DAY(EOMONTH((M$11+13),0))))<=(M$11+13),IF($E17="Monthly",TRUE,IF($E17="Quarterly",MOD(MONTH((M$11+13))-N($F17),3)=0,MONTH((M$11+13))=N($F17))))),$C17,"")))) -> 0 | N17: =IF(OR($B17="",N($C17)=0),"",IF($E17="Every paycheck",$C17,IF(N($D17)=0,"",IF(OR(AND(DATE(YEAR(N$11),MONTH(N$11),MIN($D17,DAY(EOMONTH(N$11,0))))>=N$11,DATE(YEAR(N$11),MONTH(N$11),MIN($D17,DAY(EOMONTH(N$11,0))))<=(N$11+13),IF($E17="Monthly",TRUE,IF($E17="Quarterly",MOD(MONTH(N$11)-N($F17),3)=0,MONTH(N$11)=N($F17)))),AND(DATE(YEAR((N$11+13)),MONTH((N$11+13)),MIN($D17,DAY(EOMONTH((N$11+13),0))))>=N$11,DATE(YEAR((N$11+13)),MONTH((N$11+13)),MIN($D17,DAY(EOMONTH((N$11+13),0))))<=(N$11+13),IF($E17="Monthly",TRUE,IF($E17="Quarterly",MOD(MONTH((N$11+13))-N($F17),3)=0,MONTH((N$11+13))=N($F17))))),$C17,"")))) -> 0 | O17: =IF(OR($B17="",N($C17)=0),"",IF($E17="Every paycheck",$C17,IF(N($D17)=0,"",IF(OR(AND(DATE(YEAR(O$11),MONTH(O$11),MIN($D17,DAY(EOMONTH(O$11,0))))>=O$11,DATE(YEAR(O$11),MONTH(O$11),MIN($D17,DAY(EOMONTH(O$11,0))))<=(O$11+13),IF($E17="Monthly",TRUE,IF($E17="Quarterly",MOD(MONTH(O$11)-N($F17),3)=0,MONTH(O$11)=N($F17)))),AND(DATE(YEAR((O$11+13)),MONTH((O$11+13)),MIN($D17,DAY(EOMONTH((O$11+13),0))))>=O$11,DATE(YEAR((O$11+13)),MONTH((O$11+13)),MIN($D17,DAY(EOMONTH((O$11+13),0))))<=(O$11+13),IF($E17="Monthly",TRUE,IF($E17="Quarterly",MOD(MONTH((O$11+13))-N($F17),3)=0,MONTH((O$11+13))=N($F17))))),$C17,"")))) -> 0 | P17: =IF(OR($B17="",N($C17)=0),"",IF($E17="Every paycheck",$C17,IF(N($D17)=0,"",IF(OR(AND(DATE(YEAR(P$11),MONTH(P$11),MIN($D17,DAY(EOMONTH(P$11,0))))>=P$11,DATE(YEAR(P$11),MONTH(P$11),MIN($D17,DAY(EOMONTH(P$11,0))))<=(P$11+13),IF($E17="Monthly",TRUE,IF($E17="Quarterly",MOD(MONTH(P$11)-N($F17),3)=0,MONTH(P$11)=N($F17)))),AND(DATE(YEAR((P$11+13)),MONTH((P$11+13)),MIN($D17,DAY(EOMONTH((P$11+13),0))))>=P$11,DATE(YEAR((P$11+13)),MONTH((P$11+13)),MIN($D17,DAY(EOMONTH((P$11+13),0))))<=(P$11+13),IF($E17="Monthly",TRUE,IF($E17="Quarterly",MOD(MONTH((P$11+13))-N($F17),3)=0,MONTH((P$11+13))=N($F17))))),$C17,"")))) -> 0 | ... AH17: =IF(OR($B17="",N($C17)=0),"",IF($E17="Every paycheck",$C17,IF(N($D17)=0,"",IF(OR(AND(DATE(YEAR(AH$11),MONTH(AH$11),MIN($D17,DAY(EOMONTH(AH$11,0))))>=AH$11,DATE(YEAR(AH$11),MONTH(AH$11),MIN($D17,DAY(EOMONTH(AH$11,0))))<=(AH$11+13),IF($E17="Monthly",TRUE,IF($E17="Quarterly",MOD(MONTH(AH$11)-N($F17),3)=0,MONTH(AH$11)=N($F17)))),AND(DATE(YEAR((AH$11+13)),MONTH((AH$11+13)),MIN($D17,DAY(EOMONTH((AH$11+13),0))))>=AH$11,DATE(YEAR((AH$11+13)),MONTH((AH$11+13)),MIN($D17,DAY(EOMONTH((AH$11+13),0))))<=(AH$11+13),IF($E17="Monthly",TRUE,IF($E17="Quarterly",MOD(MONTH((AH$11+13))-N($F17),3)=0,MONTH((AH$11+13))=N($F17))))),$C17,"")))) -> 0
B18: Student loan | C18: 230 | D18: 15 | E18: Monthly | I18: =IF(OR($B18="",N($C18)=0),"",IF($E18="Every paycheck",$C18,IF(N($D18)=0,"",IF(OR(AND(DATE(YEAR(I$11),MONTH(I$11),MIN($D18,DAY(EOMONTH(I$11,0))))>=I$11,DATE(YEAR(I$11),MONTH(I$11),MIN($D18,DAY(EOMONTH(I$11,0))))<=(I$11+13),IF($E18="Monthly",TRUE,IF($E18="Quarterly",MOD(MONTH(I$11)-N($F18),3)=0,MONTH(I$11)=N($F18)))),AND(DATE(YEAR((I$11+13)),MONTH((I$11+13)),MIN($D18,DAY(EOMONTH((I$11+13),0))))>=I$11,DATE(YEAR((I$11+13)),MONTH((I$11+13)),MIN($D18,DAY(EOMONTH((I$11+13),0))))<=(I$11+13),IF($E18="Monthly",TRUE,IF($E18="Quarterly",MOD(MONTH((I$11+13))-N($F18),3)=0,MONTH((I$11+13))=N($F18))))),$C18,"")))) -> 0 | J18: =IF(OR($B18="",N($C18)=0),"",IF($E18="Every paycheck",$C18,IF(N($D18)=0,"",IF(OR(AND(DATE(YEAR(J$11),MONTH(J$11),MIN($D18,DAY(EOMONTH(J$11,0))))>=J$11,DATE(YEAR(J$11),MONTH(J$11),MIN($D18,DAY(EOMONTH(J$11,0))))<=(J$11+13),IF($E18="Monthly",TRUE,IF($E18="Quarterly",MOD(MONTH(J$11)-N($F18),3)=0,MONTH(J$11)=N($F18)))),AND(DATE(YEAR((J$11+13)),MONTH((J$11+13)),MIN($D18,DAY(EOMONTH((J$11+13),0))))>=J$11,DATE(YEAR((J$11+13)),MONTH((J$11+13)),MIN($D18,DAY(EOMONTH((J$11+13),0))))<=(J$11+13),IF($E18="Monthly",TRUE,IF($E18="Quarterly",MOD(MONTH((J$11+13))-N($F18),3)=0,MONTH((J$11+13))=N($F18))))),$C18,"")))) -> 0 | K18: =IF(OR($B18="",N($C18)=0),"",IF($E18="Every paycheck",$C18,IF(N($D18)=0,"",IF(OR(AND(DATE(YEAR(K$11),MONTH(K$11),MIN($D18,DAY(EOMONTH(K$11,0))))>=K$11,DATE(YEAR(K$11),MONTH(K$11),MIN($D18,DAY(EOMONTH(K$11,0))))<=(K$11+13),IF($E18="Monthly",TRUE,IF($E18="Quarterly",MOD(MONTH(K$11)-N($F18),3)=0,MONTH(K$11)=N($F18)))),AND(DATE(YEAR((K$11+13)),MONTH((K$11+13)),MIN($D18,DAY(EOMONTH((K$11+13),0))))>=K$11,DATE(YEAR((K$11+13)),MONTH((K$11+13)),MIN($D18,DAY(EOMONTH((K$11+13),0))))<=(K$11+13),IF($E18="Monthly",TRUE,IF($E18="Quarterly",MOD(MONTH((K$11+13))-N($F18),3)=0,MONTH((K$11+13))=N($F18))))),$C18,"")))) -> 0 | L18: =IF(OR($B18="",N($C18)=0),"",IF($E18="Every paycheck",$C18,IF(N($D18)=0,"",IF(OR(AND(DATE(YEAR(L$11),MONTH(L$11),MIN($D18,DAY(EOMONTH(L$11,0))))>=L$11,DATE(YEAR(L$11),MONTH(L$11),MIN($D18,DAY(EOMONTH(L$11,0))))<=(L$11+13),IF($E18="Monthly",TRUE,IF($E18="Quarterly",MOD(MONTH(L$11)-N($F18),3)=0,MONTH(L$11)=N($F18)))),AND(DATE(YEAR((L$11+13)),MONTH((L$11+13)),MIN($D18,DAY(EOMONTH((L$11+13),0))))>=L$11,DATE(YEAR((L$11+13)),MONTH((L$11+13)),MIN($D18,DAY(EOMONTH((L$11+13),0))))<=(L$11+13),IF($E18="Monthly",TRUE,IF($E18="Quarterly",MOD(MONTH((L$11+13))-N($F18),3)=0,MONTH((L$11+13))=N($F18))))),$C18,"")))) -> 0 | M18: =IF(OR($B18="",N($C18)=0),"",IF($E18="Every paycheck",$C18,IF(N($D18)=0,"",IF(OR(AND(DATE(YEAR(M$11),MONTH(M$11),MIN($D18,DAY(EOMONTH(M$11,0))))>=M$11,DATE(YEAR(M$11),MONTH(M$11),MIN($D18,DAY(EOMONTH(M$11,0))))<=(M$11+13),IF($E18="Monthly",TRUE,IF($E18="Quarterly",MOD(MONTH(M$11)-N($F18),3)=0,MONTH(M$11)=N($F18)))),AND(DATE(YEAR((M$11+13)),MONTH((M$11+13)),MIN($D18,DAY(EOMONTH((M$11+13),0))))>=M$11,DATE(YEAR((M$11+13)),MONTH((M$11+13)),MIN($D18,DAY(EOMONTH((M$11+13),0))))<=(M$11+13),IF($E18="Monthly",TRUE,IF($E18="Quarterly",MOD(MONTH((M$11+13))-N($F18),3)=0,MONTH((M$11+13))=N($F18))))),$C18,"")))) -> 0 | N18: =IF(OR($B18="",N($C18)=0),"",IF($E18="Every paycheck",$C18,IF(N($D18)=0,"",IF(OR(AND(DATE(YEAR(N$11),MONTH(N$11),MIN($D18,DAY(EOMONTH(N$11,0))))>=N$11,DATE(YEAR(N$11),MONTH(N$11),MIN($D18,DAY(EOMONTH(N$11,0))))<=(N$11+13),IF($E18="Monthly",TRUE,IF($E18="Quarterly",MOD(MONTH(N$11)-N($F18),3)=0,MONTH(N$11)=N($F18)))),AND(DATE(YEAR((N$11+13)),MONTH((N$11+13)),MIN($D18,DAY(EOMONTH((N$11+13),0))))>=N$11,DATE(YEAR((N$11+13)),MONTH((N$11+13)),MIN($D18,DAY(EOMONTH((N$11+13),0))))<=(N$11+13),IF($E18="Monthly",TRUE,IF($E18="Quarterly",MOD(MONTH((N$11+13))-N($F18),3)=0,MONTH((N$11+13))=N($F18))))),$C18,"")))) -> 0 | O18: =IF(OR($B18="",N($C18)=0),"",IF($E18="Every paycheck",$C18,IF(N($D18)=0,"",IF(OR(AND(DATE(YEAR(O$11),MONTH(O$11),MIN($D18,DAY(EOMONTH(O$11,0))))>=O$11,DATE(YEAR(O$11),MONTH(O$11),MIN($D18,DAY(EOMONTH(O$11,0))))<=(O$11+13),IF($E18="Monthly",TRUE,IF($E18="Quarterly",MOD(MONTH(O$11)-N($F18),3)=0,MONTH(O$11)=N($F18)))),AND(DATE(YEAR((O$11+13)),MONTH((O$11+13)),MIN($D18,DAY(EOMONTH((O$11+13),0))))>=O$11,DATE(YEAR((O$11+13)),MONTH((O$11+13)),MIN($D18,DAY(EOMONTH((O$11+13),0))))<=(O$11+13),IF($E18="Monthly",TRUE,IF($E18="Quarterly",MOD(MONTH((O$11+13))-N($F18),3)=0,MONTH((O$11+13))=N($F18))))),$C18,"")))) -> 0 | P18: =IF(OR($B18="",N($C18)=0),"",IF($E18="Every paycheck",$C18,IF(N($D18)=0,"",IF(OR(AND(DATE(YEAR(P$11),MONTH(P$11),MIN($D18,DAY(EOMONTH(P$11,0))))>=P$11,DATE(YEAR(P$11),MONTH(P$11),MIN($D18,DAY(EOMONTH(P$11,0))))<=(P$11+13),IF($E18="Monthly",TRUE,IF($E18="Quarterly",MOD(MONTH(P$11)-N($F18),3)=0,MONTH(P$11)=N($F18)))),AND(DATE(YEAR((P$11+13)),MONTH((P$11+13)),MIN($D18,DAY(EOMONTH((P$11+13),0))))>=P$11,DATE(YEAR((P$11+13)),MONTH((P$11+13)),MIN($D18,DAY(EOMONTH((P$11+13),0))))<=(P$11+13),IF($E18="Monthly",TRUE,IF($E18="Quarterly",MOD(MONTH((P$11+13))-N($F18),3)=0,MONTH((P$11+13))=N($F18))))),$C18,"")))) -> 0 | ... AH18: =IF(OR($B18="",N($C18)=0),"",IF($E18="Every paycheck",$C18,IF(N($D18)=0,"",IF(OR(AND(DATE(YEAR(AH$11),MONTH(AH$11),MIN($D18,DAY(EOMONTH(AH$11,0))))>=AH$11,DATE(YEAR(AH$11),MONTH(AH$11),MIN($D18,DAY(EOMONTH(AH$11,0))))<=(AH$11+13),IF($E18="Monthly",TRUE,IF($E18="Quarterly",MOD(MONTH(AH$11)-N($F18),3)=0,MONTH(AH$11)=N($F18)))),AND(DATE(YEAR((AH$11+13)),MONTH((AH$11+13)),MIN($D18,DAY(EOMONTH((AH$11+13),0))))>=AH$11,DATE(YEAR((AH$11+13)),MONTH((AH$11+13)),MIN($D18,DAY(EOMONTH((AH$11+13),0))))<=(AH$11+13),IF($E18="Monthly",TRUE,IF($E18="Quarterly",MOD(MONTH((AH$11+13))-N($F18),3)=0,MONTH((AH$11+13))=N($F18))))),$C18,"")))) -> 0
B19: Internet | C19: 60 | D19: 18 | E19: Monthly | I19: =IF(OR($B19="",N($C19)=0),"",IF($E19="Every paycheck",$C19,IF(N($D19)=0,"",IF(OR(AND(DATE(YEAR(I$11),MONTH(I$11),MIN($D19,DAY(EOMONTH(I$11,0))))>=I$11,DATE(YEAR(I$11),MONTH(I$11),MIN($D19,DAY(EOMONTH(I$11,0))))<=(I$11+13),IF($E19="Monthly",TRUE,IF($E19="Quarterly",MOD(MONTH(I$11)-N($F19),3)=0,MONTH(I$11)=N($F19)))),AND(DATE(YEAR((I$11+13)),MONTH((I$11+13)),MIN($D19,DAY(EOMONTH((I$11+13),0))))>=I$11,DATE(YEAR((I$11+13)),MONTH((I$11+13)),MIN($D19,DAY(EOMONTH((I$11+13),0))))<=(I$11+13),IF($E19="Monthly",TRUE,IF($E19="Quarterly",MOD(MONTH((I$11+13))-N($F19),3)=0,MONTH((I$11+13))=N($F19))))),$C19,"")))) -> 0 | J19: =IF(OR($B19="",N($C19)=0),"",IF($E19="Every paycheck",$C19,IF(N($D19)=0,"",IF(OR(AND(DATE(YEAR(J$11),MONTH(J$11),MIN($D19,DAY(EOMONTH(J$11,0))))>=J$11,DATE(YEAR(J$11),MONTH(J$11),MIN($D19,DAY(EOMONTH(J$11,0))))<=(J$11+13),IF($E19="Monthly",TRUE,IF($E19="Quarterly",MOD(MONTH(J$11)-N($F19),3)=0,MONTH(J$11)=N($F19)))),AND(DATE(YEAR((J$11+13)),MONTH((J$11+13)),MIN($D19,DAY(EOMONTH((J$11+13),0))))>=J$11,DATE(YEAR((J$11+13)),MONTH((J$11+13)),MIN($D19,DAY(EOMONTH((J$11+13),0))))<=(J$11+13),IF($E19="Monthly",TRUE,IF($E19="Quarterly",MOD(MONTH((J$11+13))-N($F19),3)=0,MONTH((J$11+13))=N($F19))))),$C19,"")))) -> 0 | K19: =IF(OR($B19="",N($C19)=0),"",IF($E19="Every paycheck",$C19,IF(N($D19)=0,"",IF(OR(AND(DATE(YEAR(K$11),MONTH(K$11),MIN($D19,DAY(EOMONTH(K$11,0))))>=K$11,DATE(YEAR(K$11),MONTH(K$11),MIN($D19,DAY(EOMONTH(K$11,0))))<=(K$11+13),IF($E19="Monthly",TRUE,IF($E19="Quarterly",MOD(MONTH(K$11)-N($F19),3)=0,MONTH(K$11)=N($F19)))),AND(DATE(YEAR((K$11+13)),MONTH((K$11+13)),MIN($D19,DAY(EOMONTH((K$11+13),0))))>=K$11,DATE(YEAR((K$11+13)),MONTH((K$11+13)),MIN($D19,DAY(EOMONTH((K$11+13),0))))<=(K$11+13),IF($E19="Monthly",TRUE,IF($E19="Quarterly",MOD(MONTH((K$11+13))-N($F19),3)=0,MONTH((K$11+13))=N($F19))))),$C19,"")))) -> 0 | L19: =IF(OR($B19="",N($C19)=0),"",IF($E19="Every paycheck",$C19,IF(N($D19)=0,"",IF(OR(AND(DATE(YEAR(L$11),MONTH(L$11),MIN($D19,DAY(EOMONTH(L$11,0))))>=L$11,DATE(YEAR(L$11),MONTH(L$11),MIN($D19,DAY(EOMONTH(L$11,0))))<=(L$11+13),IF($E19="Monthly",TRUE,IF($E19="Quarterly",MOD(MONTH(L$11)-N($F19),3)=0,MONTH(L$11)=N($F19)))),AND(DATE(YEAR((L$11+13)),MONTH((L$11+13)),MIN($D19,DAY(EOMONTH((L$11+13),0))))>=L$11,DATE(YEAR((L$11+13)),MONTH((L$11+13)),MIN($D19,DAY(EOMONTH((L$11+13),0))))<=(L$11+13),IF($E19="Monthly",TRUE,IF($E19="Quarterly",MOD(MONTH((L$11+13))-N($F19),3)=0,MONTH((L$11+13))=N($F19))))),$C19,"")))) -> 0 | M19: =IF(OR($B19="",N($C19)=0),"",IF($E19="Every paycheck",$C19,IF(N($D19)=0,"",IF(OR(AND(DATE(YEAR(M$11),MONTH(M$11),MIN($D19,DAY(EOMONTH(M$11,0))))>=M$11,DATE(YEAR(M$11),MONTH(M$11),MIN($D19,DAY(EOMONTH(M$11,0))))<=(M$11+13),IF($E19="Monthly",TRUE,IF($E19="Quarterly",MOD(MONTH(M$11)-N($F19),3)=0,MONTH(M$11)=N($F19)))),AND(DATE(YEAR((M$11+13)),MONTH((M$11+13)),MIN($D19,DAY(EOMONTH((M$11+13),0))))>=M$11,DATE(YEAR((M$11+13)),MONTH((M$11+13)),MIN($D19,DAY(EOMONTH((M$11+13),0))))<=(M$11+13),IF($E19="Monthly",TRUE,IF($E19="Quarterly",MOD(MONTH((M$11+13))-N($F19),3)=0,MONTH((M$11+13))=N($F19))))),$C19,"")))) -> 0 | N19: =IF(OR($B19="",N($C19)=0),"",IF($E19="Every paycheck",$C19,IF(N($D19)=0,"",IF(OR(AND(DATE(YEAR(N$11),MONTH(N$11),MIN($D19,DAY(EOMONTH(N$11,0))))>=N$11,DATE(YEAR(N$11),MONTH(N$11),MIN($D19,DAY(EOMONTH(N$11,0))))<=(N$11+13),IF($E19="Monthly",TRUE,IF($E19="Quarterly",MOD(MONTH(N$11)-N($F19),3)=0,MONTH(N$11)=N($F19)))),AND(DATE(YEAR((N$11+13)),MONTH((N$11+13)),MIN($D19,DAY(EOMONTH((N$11+13),0))))>=N$11,DATE(YEAR((N$11+13)),MONTH((N$11+13)),MIN($D19,DAY(EOMONTH((N$11+13),0))))<=(N$11+13),IF($E19="Monthly",TRUE,IF($E19="Quarterly",MOD(MONTH((N$11+13))-N($F19),3)=0,MONTH((N$11+13))=N($F19))))),$C19,"")))) -> 0 | O19: =IF(OR($B19="",N($C19)=0),"",IF($E19="Every paycheck",$C19,IF(N($D19)=0,"",IF(OR(AND(DATE(YEAR(O$11),MONTH(O$11),MIN($D19,DAY(EOMONTH(O$11,0))))>=O$11,DATE(YEAR(O$11),MONTH(O$11),MIN($D19,DAY(EOMONTH(O$11,0))))<=(O$11+13),IF($E19="Monthly",TRUE,IF($E19="Quarterly",MOD(MONTH(O$11)-N($F19),3)=0,MONTH(O$11)=N($F19)))),AND(DATE(YEAR((O$11+13)),MONTH((O$11+13)),MIN($D19,DAY(EOMONTH((O$11+13),0))))>=O$11,DATE(YEAR((O$11+13)),MONTH((O$11+13)),MIN($D19,DAY(EOMONTH((O$11+13),0))))<=(O$11+13),IF($E19="Monthly",TRUE,IF($E19="Quarterly",MOD(MONTH((O$11+13))-N($F19),3)=0,MONTH((O$11+13))=N($F19))))),$C19,"")))) -> 0 | P19: =IF(OR($B19="",N($C19)=0),"",IF($E19="Every paycheck",$C19,IF(N($D19)=0,"",IF(OR(AND(DATE(YEAR(P$11),MONTH(P$11),MIN($D19,DAY(EOMONTH(P$11,0))))>=P$11,DATE(YEAR(P$11),MONTH(P$11),MIN($D19,DAY(EOMONTH(P$11,0))))<=(P$11+13),IF($E19="Monthly",TRUE,IF($E19="Quarterly",MOD(MONTH(P$11)-N($F19),3)=0,MONTH(P$11)=N($F19)))),AND(DATE(YEAR((P$11+13)),MONTH((P$11+13)),MIN($D19,DAY(EOMONTH((P$11+13),0))))>=P$11,DATE(YEAR((P$11+13)),MONTH((P$11+13)),MIN($D19,DAY(EOMONTH((P$11+13),0))))<=(P$11+13),IF($E19="Monthly",TRUE,IF($E19="Quarterly",MOD(MONTH((P$11+13))-N($F19),3)=0,MONTH((P$11+13))=N($F19))))),$C19,"")))) -> 0 | ... AH19: =IF(OR($B19="",N($C19)=0),"",IF($E19="Every paycheck",$C19,IF(N($D19)=0,"",IF(OR(AND(DATE(YEAR(AH$11),MONTH(AH$11),MIN($D19,DAY(EOMONTH(AH$11,0))))>=AH$11,DATE(YEAR(AH$11),MONTH(AH$11),MIN($D19,DAY(EOMONTH(AH$11,0))))<=(AH$11+13),IF($E19="Monthly",TRUE,IF($E19="Quarterly",MOD(MONTH(AH$11)-N($F19),3)=0,MONTH(AH$11)=N($F19)))),AND(DATE(YEAR((AH$11+13)),MONTH((AH$11+13)),MIN($D19,DAY(EOMONTH((AH$11+13),0))))>=AH$11,DATE(YEAR((AH$11+13)),MONTH((AH$11+13)),MIN($D19,DAY(EOMONTH((AH$11+13),0))))<=(AH$11+13),IF($E19="Monthly",TRUE,IF($E19="Quarterly",MOD(MONTH((AH$11+13))-N($F19),3)=0,MONTH((AH$11+13))=N($F19))))),$C19,"")))) -> 0
B20: Electric | C20: 95 | D20: 22 | E20: Monthly | I20: =IF(OR($B20="",N($C20)=0),"",IF($E20="Every paycheck",$C20,IF(N($D20)=0,"",IF(OR(AND(DATE(YEAR(I$11),MONTH(I$11),MIN($D20,DAY(EOMONTH(I$11,0))))>=I$11,DATE(YEAR(I$11),MONTH(I$11),MIN($D20,DAY(EOMONTH(I$11,0))))<=(I$11+13),IF($E20="Monthly",TRUE,IF($E20="Quarterly",MOD(MONTH(I$11)-N($F20),3)=0,MONTH(I$11)=N($F20)))),AND(DATE(YEAR((I$11+13)),MONTH((I$11+13)),MIN($D20,DAY(EOMONTH((I$11+13),0))))>=I$11,DATE(YEAR((I$11+13)),MONTH((I$11+13)),MIN($D20,DAY(EOMONTH((I$11+13),0))))<=(I$11+13),IF($E20="Monthly",TRUE,IF($E20="Quarterly",MOD(MONTH((I$11+13))-N($F20),3)=0,MONTH((I$11+13))=N($F20))))),$C20,"")))) -> 0 | J20: =IF(OR($B20="",N($C20)=0),"",IF($E20="Every paycheck",$C20,IF(N($D20)=0,"",IF(OR(AND(DATE(YEAR(J$11),MONTH(J$11),MIN($D20,DAY(EOMONTH(J$11,0))))>=J$11,DATE(YEAR(J$11),MONTH(J$11),MIN($D20,DAY(EOMONTH(J$11,0))))<=(J$11+13),IF($E20="Monthly",TRUE,IF($E20="Quarterly",MOD(MONTH(J$11)-N($F20),3)=0,MONTH(J$11)=N($F20)))),AND(DATE(YEAR((J$11+13)),MONTH((J$11+13)),MIN($D20,DAY(EOMONTH((J$11+13),0))))>=J$11,DATE(YEAR((J$11+13)),MONTH((J$11+13)),MIN($D20,DAY(EOMONTH((J$11+13),0))))<=(J$11+13),IF($E20="Monthly",TRUE,IF($E20="Quarterly",MOD(MONTH((J$11+13))-N($F20),3)=0,MONTH((J$11+13))=N($F20))))),$C20,"")))) -> 0 | K20: =IF(OR($B20="",N($C20)=0),"",IF($E20="Every paycheck",$C20,IF(N($D20)=0,"",IF(OR(AND(DATE(YEAR(K$11),MONTH(K$11),MIN($D20,DAY(EOMONTH(K$11,0))))>=K$11,DATE(YEAR(K$11),MONTH(K$11),MIN($D20,DAY(EOMONTH(K$11,0))))<=(K$11+13),IF($E20="Monthly",TRUE,IF($E20="Quarterly",MOD(MONTH(K$11)-N($F20),3)=0,MONTH(K$11)=N($F20)))),AND(DATE(YEAR((K$11+13)),MONTH((K$11+13)),MIN($D20,DAY(EOMONTH((K$11+13),0))))>=K$11,DATE(YEAR((K$11+13)),MONTH((K$11+13)),MIN($D20,DAY(EOMONTH((K$11+13),0))))<=(K$11+13),IF($E20="Monthly",TRUE,IF($E20="Quarterly",MOD(MONTH((K$11+13))-N($F20),3)=0,MONTH((K$11+13))=N($F20))))),$C20,"")))) -> 0 | L20: =IF(OR($B20="",N($C20)=0),"",IF($E20="Every paycheck",$C20,IF(N($D20)=0,"",IF(OR(AND(DATE(YEAR(L$11),MONTH(L$11),MIN($D20,DAY(EOMONTH(L$11,0))))>=L$11,DATE(YEAR(L$11),MONTH(L$11),MIN($D20,DAY(EOMONTH(L$11,0))))<=(L$11+13),IF($E20="Monthly",TRUE,IF($E20="Quarterly",MOD(MONTH(L$11)-N($F20),3)=0,MONTH(L$11)=N($F20)))),AND(DATE(YEAR((L$11+13)),MONTH((L$11+13)),MIN($D20,DAY(EOMONTH((L$11+13),0))))>=L$11,DATE(YEAR((L$11+13)),MONTH((L$11+13)),MIN($D20,DAY(EOMONTH((L$11+13),0))))<=(L$11+13),IF($E20="Monthly",TRUE,IF($E20="Quarterly",MOD(MONTH((L$11+13))-N($F20),3)=0,MONTH((L$11+13))=N($F20))))),$C20,"")))) -> 0 | M20: =IF(OR($B20="",N($C20)=0),"",IF($E20="Every paycheck",$C20,IF(N($D20)=0,"",IF(OR(AND(DATE(YEAR(M$11),MONTH(M$11),MIN($D20,DAY(EOMONTH(M$11,0))))>=M$11,DATE(YEAR(M$11),MONTH(M$11),MIN($D20,DAY(EOMONTH(M$11,0))))<=(M$11+13),IF($E20="Monthly",TRUE,IF($E20="Quarterly",MOD(MONTH(M$11)-N($F20),3)=0,MONTH(M$11)=N($F20)))),AND(DATE(YEAR((M$11+13)),MONTH((M$11+13)),MIN($D20,DAY(EOMONTH((M$11+13),0))))>=M$11,DATE(YEAR((M$11+13)),MONTH((M$11+13)),MIN($D20,DAY(EOMONTH((M$11+13),0))))<=(M$11+13),IF($E20="Monthly",TRUE,IF($E20="Quarterly",MOD(MONTH((M$11+13))-N($F20),3)=0,MONTH((M$11+13))=N($F20))))),$C20,"")))) -> 0 | N20: =IF(OR($B20="",N($C20)=0),"",IF($E20="Every paycheck",$C20,IF(N($D20)=0,"",IF(OR(AND(DATE(YEAR(N$11),MONTH(N$11),MIN($D20,DAY(EOMONTH(N$11,0))))>=N$11,DATE(YEAR(N$11),MONTH(N$11),MIN($D20,DAY(EOMONTH(N$11,0))))<=(N$11+13),IF($E20="Monthly",TRUE,IF($E20="Quarterly",MOD(MONTH(N$11)-N($F20),3)=0,MONTH(N$11)=N($F20)))),AND(DATE(YEAR((N$11+13)),MONTH((N$11+13)),MIN($D20,DAY(EOMONTH((N$11+13),0))))>=N$11,DATE(YEAR((N$11+13)),MONTH((N$11+13)),MIN($D20,DAY(EOMONTH((N$11+13),0))))<=(N$11+13),IF($E20="Monthly",TRUE,IF($E20="Quarterly",MOD(MONTH((N$11+13))-N($F20),3)=0,MONTH((N$11+13))=N($F20))))),$C20,"")))) -> 0 | O20: =IF(OR($B20="",N($C20)=0),"",IF($E20="Every paycheck",$C20,IF(N($D20)=0,"",IF(OR(AND(DATE(YEAR(O$11),MONTH(O$11),MIN($D20,DAY(EOMONTH(O$11,0))))>=O$11,DATE(YEAR(O$11),MONTH(O$11),MIN($D20,DAY(EOMONTH(O$11,0))))<=(O$11+13),IF($E20="Monthly",TRUE,IF($E20="Quarterly",MOD(MONTH(O$11)-N($F20),3)=0,MONTH(O$11)=N($F20)))),AND(DATE(YEAR((O$11+13)),MONTH((O$11+13)),MIN($D20,DAY(EOMONTH((O$11+13),0))))>=O$11,DATE(YEAR((O$11+13)),MONTH((O$11+13)),MIN($D20,DAY(EOMONTH((O$11+13),0))))<=(O$11+13),IF($E20="Monthly",TRUE,IF($E20="Quarterly",MOD(MONTH((O$11+13))-N($F20),3)=0,MONTH((O$11+13))=N($F20))))),$C20,"")))) -> 0 | P20: =IF(OR($B20="",N($C20)=0),"",IF($E20="Every paycheck",$C20,IF(N($D20)=0,"",IF(OR(AND(DATE(YEAR(P$11),MONTH(P$11),MIN($D20,DAY(EOMONTH(P$11,0))))>=P$11,DATE(YEAR(P$11),MONTH(P$11),MIN($D20,DAY(EOMONTH(P$11,0))))<=(P$11+13),IF($E20="Monthly",TRUE,IF($E20="Quarterly",MOD(MONTH(P$11)-N($F20),3)=0,MONTH(P$11)=N($F20)))),AND(DATE(YEAR((P$11+13)),MONTH((P$11+13)),MIN($D20,DAY(EOMONTH((P$11+13),0))))>=P$11,DATE(YEAR((P$11+13)),MONTH((P$11+13)),MIN($D20,DAY(EOMONTH((P$11+13),0))))<=(P$11+13),IF($E20="Monthly",TRUE,IF($E20="Quarterly",MOD(MONTH((P$11+13))-N($F20),3)=0,MONTH((P$11+13))=N($F20))))),$C20,"")))) -> 0 | ... AH20: =IF(OR($B20="",N($C20)=0),"",IF($E20="Every paycheck",$C20,IF(N($D20)=0,"",IF(OR(AND(DATE(YEAR(AH$11),MONTH(AH$11),MIN($D20,DAY(EOMONTH(AH$11,0))))>=AH$11,DATE(YEAR(AH$11),MONTH(AH$11),MIN($D20,DAY(EOMONTH(AH$11,0))))<=(AH$11+13),IF($E20="Monthly",TRUE,IF($E20="Quarterly",MOD(MONTH(AH$11)-N($F20),3)=0,MONTH(AH$11)=N($F20)))),AND(DATE(YEAR((AH$11+13)),MONTH((AH$11+13)),MIN($D20,DAY(EOMONTH((AH$11+13),0))))>=AH$11,DATE(YEAR((AH$11+13)),MONTH((AH$11+13)),MIN($D20,DAY(EOMONTH((AH$11+13),0))))<=(AH$11+13),IF($E20="Monthly",TRUE,IF($E20="Quarterly",MOD(MONTH((AH$11+13))-N($F20),3)=0,MONTH((AH$11+13))=N($F20))))),$C20,"")))) -> 0
B21: Credit card | C21: 150 | D21: 25 | E21: Monthly | I21: =IF(OR($B21="",N($C21)=0),"",IF($E21="Every paycheck",$C21,IF(N($D21)=0,"",IF(OR(AND(DATE(YEAR(I$11),MONTH(I$11),MIN($D21,DAY(EOMONTH(I$11,0))))>=I$11,DATE(YEAR(I$11),MONTH(I$11),MIN($D21,DAY(EOMONTH(I$11,0))))<=(I$11+13),IF($E21="Monthly",TRUE,IF($E21="Quarterly",MOD(MONTH(I$11)-N($F21),3)=0,MONTH(I$11)=N($F21)))),AND(DATE(YEAR((I$11+13)),MONTH((I$11+13)),MIN($D21,DAY(EOMONTH((I$11+13),0))))>=I$11,DATE(YEAR((I$11+13)),MONTH((I$11+13)),MIN($D21,DAY(EOMONTH((I$11+13),0))))<=(I$11+13),IF($E21="Monthly",TRUE,IF($E21="Quarterly",MOD(MONTH((I$11+13))-N($F21),3)=0,MONTH((I$11+13))=N($F21))))),$C21,"")))) -> 0 | J21: =IF(OR($B21="",N($C21)=0),"",IF($E21="Every paycheck",$C21,IF(N($D21)=0,"",IF(OR(AND(DATE(YEAR(J$11),MONTH(J$11),MIN($D21,DAY(EOMONTH(J$11,0))))>=J$11,DATE(YEAR(J$11),MONTH(J$11),MIN($D21,DAY(EOMONTH(J$11,0))))<=(J$11+13),IF($E21="Monthly",TRUE,IF($E21="Quarterly",MOD(MONTH(J$11)-N($F21),3)=0,MONTH(J$11)=N($F21)))),AND(DATE(YEAR((J$11+13)),MONTH((J$11+13)),MIN($D21,DAY(EOMONTH((J$11+13),0))))>=J$11,DATE(YEAR((J$11+13)),MONTH((J$11+13)),MIN($D21,DAY(EOMONTH((J$11+13),0))))<=(J$11+13),IF($E21="Monthly",TRUE,IF($E21="Quarterly",MOD(MONTH((J$11+13))-N($F21),3)=0,MONTH((J$11+13))=N($F21))))),$C21,"")))) -> 0 | K21: =IF(OR($B21="",N($C21)=0),"",IF($E21="Every paycheck",$C21,IF(N($D21)=0,"",IF(OR(AND(DATE(YEAR(K$11),MONTH(K$11),MIN($D21,DAY(EOMONTH(K$11,0))))>=K$11,DATE(YEAR(K$11),MONTH(K$11),MIN($D21,DAY(EOMONTH(K$11,0))))<=(K$11+13),IF($E21="Monthly",TRUE,IF($E21="Quarterly",MOD(MONTH(K$11)-N($F21),3)=0,MONTH(K$11)=N($F21)))),AND(DATE(YEAR((K$11+13)),MONTH((K$11+13)),MIN($D21,DAY(EOMONTH((K$11+13),0))))>=K$11,DATE(YEAR((K$11+13)),MONTH((K$11+13)),MIN($D21,DAY(EOMONTH((K$11+13),0))))<=(K$11+13),IF($E21="Monthly",TRUE,IF($E21="Quarterly",MOD(MONTH((K$11+13))-N($F21),3)=0,MONTH((K$11+13))=N($F21))))),$C21,"")))) -> 0 | L21: =IF(OR($B21="",N($C21)=0),"",IF($E21="Every paycheck",$C21,IF(N($D21)=0,"",IF(OR(AND(DATE(YEAR(L$11),MONTH(L$11),MIN($D21,DAY(EOMONTH(L$11,0))))>=L$11,DATE(YEAR(L$11),MONTH(L$11),MIN($D21,DAY(EOMONTH(L$11,0))))<=(L$11+13),IF($E21="Monthly",TRUE,IF($E21="Quarterly",MOD(MONTH(L$11)-N($F21),3)=0,MONTH(L$11)=N($F21)))),AND(DATE(YEAR((L$11+13)),MONTH((L$11+13)),MIN($D21,DAY(EOMONTH((L$11+13),0))))>=L$11,DATE(YEAR((L$11+13)),MONTH((L$11+13)),MIN($D21,DAY(EOMONTH((L$11+13),0))))<=(L$11+13),IF($E21="Monthly",TRUE,IF($E21="Quarterly",MOD(MONTH((L$11+13))-N($F21),3)=0,MONTH((L$11+13))=N($F21))))),$C21,"")))) -> 0 | M21: =IF(OR($B21="",N($C21)=0),"",IF($E21="Every paycheck",$C21,IF(N($D21)=0,"",IF(OR(AND(DATE(YEAR(M$11),MONTH(M$11),MIN($D21,DAY(EOMONTH(M$11,0))))>=M$11,DATE(YEAR(M$11),MONTH(M$11),MIN($D21,DAY(EOMONTH(M$11,0))))<=(M$11+13),IF($E21="Monthly",TRUE,IF($E21="Quarterly",MOD(MONTH(M$11)-N($F21),3)=0,MONTH(M$11)=N($F21)))),AND(DATE(YEAR((M$11+13)),MONTH((M$11+13)),MIN($D21,DAY(EOMONTH((M$11+13),0))))>=M$11,DATE(YEAR((M$11+13)),MONTH((M$11+13)),MIN($D21,DAY(EOMONTH((M$11+13),0))))<=(M$11+13),IF($E21="Monthly",TRUE,IF($E21="Quarterly",MOD(MONTH((M$11+13))-N($F21),3)=0,MONTH((M$11+13))=N($F21))))),$C21,"")))) -> 0 | N21: =IF(OR($B21="",N($C21)=0),"",IF($E21="Every paycheck",$C21,IF(N($D21)=0,"",IF(OR(AND(DATE(YEAR(N$11),MONTH(N$11),MIN($D21,DAY(EOMONTH(N$11,0))))>=N$11,DATE(YEAR(N$11),MONTH(N$11),MIN($D21,DAY(EOMONTH(N$11,0))))<=(N$11+13),IF($E21="Monthly",TRUE,IF($E21="Quarterly",MOD(MONTH(N$11)-N($F21),3)=0,MONTH(N$11)=N($F21)))),AND(DATE(YEAR((N$11+13)),MONTH((N$11+13)),MIN($D21,DAY(EOMONTH((N$11+13),0))))>=N$11,DATE(YEAR((N$11+13)),MONTH((N$11+13)),MIN($D21,DAY(EOMONTH((N$11+13),0))))<=(N$11+13),IF($E21="Monthly",TRUE,IF($E21="Quarterly",MOD(MONTH((N$11+13))-N($F21),3)=0,MONTH((N$11+13))=N($F21))))),$C21,"")))) -> 0 | O21: =IF(OR($B21="",N($C21)=0),"",IF($E21="Every paycheck",$C21,IF(N($D21)=0,"",IF(OR(AND(DATE(YEAR(O$11),MONTH(O$11),MIN($D21,DAY(EOMONTH(O$11,0))))>=O$11,DATE(YEAR(O$11),MONTH(O$11),MIN($D21,DAY(EOMONTH(O$11,0))))<=(O$11+13),IF($E21="Monthly",TRUE,IF($E21="Quarterly",MOD(MONTH(O$11)-N($F21),3)=0,MONTH(O$11)=N($F21)))),AND(DATE(YEAR((O$11+13)),MONTH((O$11+13)),MIN($D21,DAY(EOMONTH((O$11+13),0))))>=O$11,DATE(YEAR((O$11+13)),MONTH((O$11+13)),MIN($D21,DAY(EOMONTH((O$11+13),0))))<=(O$11+13),IF($E21="Monthly",TRUE,IF($E21="Quarterly",MOD(MONTH((O$11+13))-N($F21),3)=0,MONTH((O$11+13))=N($F21))))),$C21,"")))) -> 0 | P21: =IF(OR($B21="",N($C21)=0),"",IF($E21="Every paycheck",$C21,IF(N($D21)=0,"",IF(OR(AND(DATE(YEAR(P$11),MONTH(P$11),MIN($D21,DAY(EOMONTH(P$11,0))))>=P$11,DATE(YEAR(P$11),MONTH(P$11),MIN($D21,DAY(EOMONTH(P$11,0))))<=(P$11+13),IF($E21="Monthly",TRUE,IF($E21="Quarterly",MOD(MONTH(P$11)-N($F21),3)=0,MONTH(P$11)=N($F21)))),AND(DATE(YEAR((P$11+13)),MONTH((P$11+13)),MIN($D21,DAY(EOMONTH((P$11+13),0))))>=P$11,DATE(YEAR((P$11+13)),MONTH((P$11+13)),MIN($D21,DAY(EOMONTH((P$11+13),0))))<=(P$11+13),IF($E21="Monthly",TRUE,IF($E21="Quarterly",MOD(MONTH((P$11+13))-N($F21),3)=0,MONTH((P$11+13))=N($F21))))),$C21,"")))) -> 0 | ... AH21: =IF(OR($B21="",N($C21)=0),"",IF($E21="Every paycheck",$C21,IF(N($D21)=0,"",IF(OR(AND(DATE(YEAR(AH$11),MONTH(AH$11),MIN($D21,DAY(EOMONTH(AH$11,0))))>=AH$11,DATE(YEAR(AH$11),MONTH(AH$11),MIN($D21,DAY(EOMONTH(AH$11,0))))<=(AH$11+13),IF($E21="Monthly",TRUE,IF($E21="Quarterly",MOD(MONTH(AH$11)-N($F21),3)=0,MONTH(AH$11)=N($F21)))),AND(DATE(YEAR((AH$11+13)),MONTH((AH$11+13)),MIN($D21,DAY(EOMONTH((AH$11+13),0))))>=AH$11,DATE(YEAR((AH$11+13)),MONTH((AH$11+13)),MIN($D21,DAY(EOMONTH((AH$11+13),0))))<=(AH$11+13),IF($E21="Monthly",TRUE,IF($E21="Quarterly",MOD(MONTH((AH$11+13))-N($F21),3)=0,MONTH((AH$11+13))=N($F21))))),$C21,"")))) -> 0
B22: Streaming | C22: 18 | D22: 3 | E22: Monthly | I22: =IF(OR($B22="",N($C22)=0),"",IF($E22="Every paycheck",$C22,IF(N($D22)=0,"",IF(OR(AND(DATE(YEAR(I$11),MONTH(I$11),MIN($D22,DAY(EOMONTH(I$11,0))))>=I$11,DATE(YEAR(I$11),MONTH(I$11),MIN($D22,DAY(EOMONTH(I$11,0))))<=(I$11+13),IF($E22="Monthly",TRUE,IF($E22="Quarterly",MOD(MONTH(I$11)-N($F22),3)=0,MONTH(I$11)=N($F22)))),AND(DATE(YEAR((I$11+13)),MONTH((I$11+13)),MIN($D22,DAY(EOMONTH((I$11+13),0))))>=I$11,DATE(YEAR((I$11+13)),MONTH((I$11+13)),MIN($D22,DAY(EOMONTH((I$11+13),0))))<=(I$11+13),IF($E22="Monthly",TRUE,IF($E22="Quarterly",MOD(MONTH((I$11+13))-N($F22),3)=0,MONTH((I$11+13))=N($F22))))),$C22,"")))) -> 0 | J22: =IF(OR($B22="",N($C22)=0),"",IF($E22="Every paycheck",$C22,IF(N($D22)=0,"",IF(OR(AND(DATE(YEAR(J$11),MONTH(J$11),MIN($D22,DAY(EOMONTH(J$11,0))))>=J$11,DATE(YEAR(J$11),MONTH(J$11),MIN($D22,DAY(EOMONTH(J$11,0))))<=(J$11+13),IF($E22="Monthly",TRUE,IF($E22="Quarterly",MOD(MONTH(J$11)-N($F22),3)=0,MONTH(J$11)=N($F22)))),AND(DATE(YEAR((J$11+13)),MONTH((J$11+13)),MIN($D22,DAY(EOMONTH((J$11+13),0))))>=J$11,DATE(YEAR((J$11+13)),MONTH((J$11+13)),MIN($D22,DAY(EOMONTH((J$11+13),0))))<=(J$11+13),IF($E22="Monthly",TRUE,IF($E22="Quarterly",MOD(MONTH((J$11+13))-N($F22),3)=0,MONTH((J$11+13))=N($F22))))),$C22,"")))) -> 0 | K22: =IF(OR($B22="",N($C22)=0),"",IF($E22="Every paycheck",$C22,IF(N($D22)=0,"",IF(OR(AND(DATE(YEAR(K$11),MONTH(K$11),MIN($D22,DAY(EOMONTH(K$11,0))))>=K$11,DATE(YEAR(K$11),MONTH(K$11),MIN($D22,DAY(EOMONTH(K$11,0))))<=(K$11+13),IF($E22="Monthly",TRUE,IF($E22="Quarterly",MOD(MONTH(K$11)-N($F22),3)=0,MONTH(K$11)=N($F22)))),AND(DATE(YEAR((K$11+13)),MONTH((K$11+13)),MIN($D22,DAY(EOMONTH((K$11+13),0))))>=K$11,DATE(YEAR((K$11+13)),MONTH((K$11+13)),MIN($D22,DAY(EOMONTH((K$11+13),0))))<=(K$11+13),IF($E22="Monthly",TRUE,IF($E22="Quarterly",MOD(MONTH((K$11+13))-N($F22),3)=0,MONTH((K$11+13))=N($F22))))),$C22,"")))) -> 0 | L22: =IF(OR($B22="",N($C22)=0),"",IF($E22="Every paycheck",$C22,IF(N($D22)=0,"",IF(OR(AND(DATE(YEAR(L$11),MONTH(L$11),MIN($D22,DAY(EOMONTH(L$11,0))))>=L$11,DATE(YEAR(L$11),MONTH(L$11),MIN($D22,DAY(EOMONTH(L$11,0))))<=(L$11+13),IF($E22="Monthly",TRUE,IF($E22="Quarterly",MOD(MONTH(L$11)-N($F22),3)=0,MONTH(L$11)=N($F22)))),AND(DATE(YEAR((L$11+13)),MONTH((L$11+13)),MIN($D22,DAY(EOMONTH((L$11+13),0))))>=L$11,DATE(YEAR((L$11+13)),MONTH((L$11+13)),MIN($D22,DAY(EOMONTH((L$11+13),0))))<=(L$11+13),IF($E22="Monthly",TRUE,IF($E22="Quarterly",MOD(MONTH((L$11+13))-N($F22),3)=0,MONTH((L$11+13))=N($F22))))),$C22,"")))) -> 0 | M22: =IF(OR($B22="",N($C22)=0),"",IF($E22="Every paycheck",$C22,IF(N($D22)=0,"",IF(OR(AND(DATE(YEAR(M$11),MONTH(M$11),MIN($D22,DAY(EOMONTH(M$11,0))))>=M$11,DATE(YEAR(M$11),MONTH(M$11),MIN($D22,DAY(EOMONTH(M$11,0))))<=(M$11+13),IF($E22="Monthly",TRUE,IF($E22="Quarterly",MOD(MONTH(M$11)-N($F22),3)=0,MONTH(M$11)=N($F22)))),AND(DATE(YEAR((M$11+13)),MONTH((M$11+13)),MIN($D22,DAY(EOMONTH((M$11+13),0))))>=M$11,DATE(YEAR((M$11+13)),MONTH((M$11+13)),MIN($D22,DAY(EOMONTH((M$11+13),0))))<=(M$11+13),IF($E22="Monthly",TRUE,IF($E22="Quarterly",MOD(MONTH((M$11+13))-N($F22),3)=0,MONTH((M$11+13))=N($F22))))),$C22,"")))) -> 0 | N22: =IF(OR($B22="",N($C22)=0),"",IF($E22="Every paycheck",$C22,IF(N($D22)=0,"",IF(OR(AND(DATE(YEAR(N$11),MONTH(N$11),MIN($D22,DAY(EOMONTH(N$11,0))))>=N$11,DATE(YEAR(N$11),MONTH(N$11),MIN($D22,DAY(EOMONTH(N$11,0))))<=(N$11+13),IF($E22="Monthly",TRUE,IF($E22="Quarterly",MOD(MONTH(N$11)-N($F22),3)=0,MONTH(N$11)=N($F22)))),AND(DATE(YEAR((N$11+13)),MONTH((N$11+13)),MIN($D22,DAY(EOMONTH((N$11+13),0))))>=N$11,DATE(YEAR((N$11+13)),MONTH((N$11+13)),MIN($D22,DAY(EOMONTH((N$11+13),0))))<=(N$11+13),IF($E22="Monthly",TRUE,IF($E22="Quarterly",MOD(MONTH((N$11+13))-N($F22),3)=0,MONTH((N$11+13))=N($F22))))),$C22,"")))) -> 0 | O22: =IF(OR($B22="",N($C22)=0),"",IF($E22="Every paycheck",$C22,IF(N($D22)=0,"",IF(OR(AND(DATE(YEAR(O$11),MONTH(O$11),MIN($D22,DAY(EOMONTH(O$11,0))))>=O$11,DATE(YEAR(O$11),MONTH(O$11),MIN($D22,DAY(EOMONTH(O$11,0))))<=(O$11+13),IF($E22="Monthly",TRUE,IF($E22="Quarterly",MOD(MONTH(O$11)-N($F22),3)=0,MONTH(O$11)=N($F22)))),AND(DATE(YEAR((O$11+13)),MONTH((O$11+13)),MIN($D22,DAY(EOMONTH((O$11+13),0))))>=O$11,DATE(YEAR((O$11+13)),MONTH((O$11+13)),MIN($D22,DAY(EOMONTH((O$11+13),0))))<=(O$11+13),IF($E22="Monthly",TRUE,IF($E22="Quarterly",MOD(MONTH((O$11+13))-N($F22),3)=0,MONTH((O$11+13))=N($F22))))),$C22,"")))) -> 0 | P22: =IF(OR($B22="",N($C22)=0),"",IF($E22="Every paycheck",$C22,IF(N($D22)=0,"",IF(OR(AND(DATE(YEAR(P$11),MONTH(P$11),MIN($D22,DAY(EOMONTH(P$11,0))))>=P$11,DATE(YEAR(P$11),MONTH(P$11),MIN($D22,DAY(EOMONTH(P$11,0))))<=(P$11+13),IF($E22="Monthly",TRUE,IF($E22="Quarterly",MOD(MONTH(P$11)-N($F22),3)=0,MONTH(P$11)=N($F22)))),AND(DATE(YEAR((P$11+13)),MONTH((P$11+13)),MIN($D22,DAY(EOMONTH((P$11+13),0))))>=P$11,DATE(YEAR((P$11+13)),MONTH((P$11+13)),MIN($D22,DAY(EOMONTH((P$11+13),0))))<=(P$11+13),IF($E22="Monthly",TRUE,IF($E22="Quarterly",MOD(MONTH((P$11+13))-N($F22),3)=0,MONTH((P$11+13))=N($F22))))),$C22,"")))) -> 0 | ... AH22: =IF(OR($B22="",N($C22)=0),"",IF($E22="Every paycheck",$C22,IF(N($D22)=0,"",IF(OR(AND(DATE(YEAR(AH$11),MONTH(AH$11),MIN($D22,DAY(EOMONTH(AH$11,0))))>=AH$11,DATE(YEAR(AH$11),MONTH(AH$11),MIN($D22,DAY(EOMONTH(AH$11,0))))<=(AH$11+13),IF($E22="Monthly",TRUE,IF($E22="Quarterly",MOD(MONTH(AH$11)-N($F22),3)=0,MONTH(AH$11)=N($F22)))),AND(DATE(YEAR((AH$11+13)),MONTH((AH$11+13)),MIN($D22,DAY(EOMONTH((AH$11+13),0))))>=AH$11,DATE(YEAR((AH$11+13)),MONTH((AH$11+13)),MIN($D22,DAY(EOMONTH((AH$11+13),0))))<=(AH$11+13),IF($E22="Monthly",TRUE,IF($E22="Quarterly",MOD(MONTH((AH$11+13))-N($F22),3)=0,MONTH((AH$11+13))=N($F22))))),$C22,"")))) -> 0
B23: Water & sewer | C23: 90 | D23: 20 | E23: Quarterly | F23: 2 | I23: =IF(OR($B23="",N($C23)=0),"",IF($E23="Every paycheck",$C23,IF(N($D23)=0,"",IF(OR(AND(DATE(YEAR(I$11),MONTH(I$11),MIN($D23,DAY(EOMONTH(I$11,0))))>=I$11,DATE(YEAR(I$11),MONTH(I$11),MIN($D23,DAY(EOMONTH(I$11,0))))<=(I$11+13),IF($E23="Monthly",TRUE,IF($E23="Quarterly",MOD(MONTH(I$11)-N($F23),3)=0,MONTH(I$11)=N($F23)))),AND(DATE(YEAR((I$11+13)),MONTH((I$11+13)),MIN($D23,DAY(EOMONTH((I$11+13),0))))>=I$11,DATE(YEAR((I$11+13)),MONTH((I$11+13)),MIN($D23,DAY(EOMONTH((I$11+13),0))))<=(I$11+13),IF($E23="Monthly",TRUE,IF($E23="Quarterly",MOD(MONTH((I$11+13))-N($F23),3)=0,MONTH((I$11+13))=N($F23))))),$C23,"")))) -> 0 | J23: =IF(OR($B23="",N($C23)=0),"",IF($E23="Every paycheck",$C23,IF(N($D23)=0,"",IF(OR(AND(DATE(YEAR(J$11),MONTH(J$11),MIN($D23,DAY(EOMONTH(J$11,0))))>=J$11,DATE(YEAR(J$11),MONTH(J$11),MIN($D23,DAY(EOMONTH(J$11,0))))<=(J$11+13),IF($E23="Monthly",TRUE,IF($E23="Quarterly",MOD(MONTH(J$11)-N($F23),3)=0,MONTH(J$11)=N($F23)))),AND(DATE(YEAR((J$11+13)),MONTH((J$11+13)),MIN($D23,DAY(EOMONTH((J$11+13),0))))>=J$11,DATE(YEAR((J$11+13)),MONTH((J$11+13)),MIN($D23,DAY(EOMONTH((J$11+13),0))))<=(J$11+13),IF($E23="Monthly",TRUE,IF($E23="Quarterly",MOD(MONTH((J$11+13))-N($F23),3)=0,MONTH((J$11+13))=N($F23))))),$C23,"")))) -> 0 | K23: =IF(OR($B23="",N($C23)=0),"",IF($E23="Every paycheck",$C23,IF(N($D23)=0,"",IF(OR(AND(DATE(YEAR(K$11),MONTH(K$11),MIN($D23,DAY(EOMONTH(K$11,0))))>=K$11,DATE(YEAR(K$11),MONTH(K$11),MIN($D23,DAY(EOMONTH(K$11,0))))<=(K$11+13),IF($E23="Monthly",TRUE,IF($E23="Quarterly",MOD(MONTH(K$11)-N($F23),3)=0,MONTH(K$11)=N($F23)))),AND(DATE(YEAR((K$11+13)),MONTH((K$11+13)),MIN($D23,DAY(EOMONTH((K$11+13),0))))>=K$11,DATE(YEAR((K$11+13)),MONTH((K$11+13)),MIN($D23,DAY(EOMONTH((K$11+13),0))))<=(K$11+13),IF($E23="Monthly",TRUE,IF($E23="Quarterly",MOD(MONTH((K$11+13))-N($F23),3)=0,MONTH((K$11+13))=N($F23))))),$C23,"")))) -> 0 | L23: =IF(OR($B23="",N($C23)=0),"",IF($E23="Every paycheck",$C23,IF(N($D23)=0,"",IF(OR(AND(DATE(YEAR(L$11),MONTH(L$11),MIN($D23,DAY(EOMONTH(L$11,0))))>=L$11,DATE(YEAR(L$11),MONTH(L$11),MIN($D23,DAY(EOMONTH(L$11,0))))<=(L$11+13),IF($E23="Monthly",TRUE,IF($E23="Quarterly",MOD(MONTH(L$11)-N($F23),3)=0,MONTH(L$11)=N($F23)))),AND(DATE(YEAR((L$11+13)),MONTH((L$11+13)),MIN($D23,DAY(EOMONTH((L$11+13),0))))>=L$11,DATE(YEAR((L$11+13)),MONTH((L$11+13)),MIN($D23,DAY(EOMONTH((L$11+13),0))))<=(L$11+13),IF($E23="Monthly",TRUE,IF($E23="Quarterly",MOD(MONTH((L$11+13))-N($F23),3)=0,MONTH((L$11+13))=N($F23))))),$C23,"")))) -> 0 | M23: =IF(OR($B23="",N($C23)=0),"",IF($E23="Every paycheck",$C23,IF(N($D23)=0,"",IF(OR(AND(DATE(YEAR(M$11),MONTH(M$11),MIN($D23,DAY(EOMONTH(M$11,0))))>=M$11,DATE(YEAR(M$11),MONTH(M$11),MIN($D23,DAY(EOMONTH(M$11,0))))<=(M$11+13),IF($E23="Monthly",TRUE,IF($E23="Quarterly",MOD(MONTH(M$11)-N($F23),3)=0,MONTH(M$11)=N($F23)))),AND(DATE(YEAR((M$11+13)),MONTH((M$11+13)),MIN($D23,DAY(EOMONTH((M$11+13),0))))>=M$11,DATE(YEAR((M$11+13)),MONTH((M$11+13)),MIN($D23,DAY(EOMONTH((M$11+13),0))))<=(M$11+13),IF($E23="Monthly",TRUE,IF($E23="Quarterly",MOD(MONTH((M$11+13))-N($F23),3)=0,MONTH((M$11+13))=N($F23))))),$C23,"")))) -> 0 | N23: =IF(OR($B23="",N($C23)=0),"",IF($E23="Every paycheck",$C23,IF(N($D23)=0,"",IF(OR(AND(DATE(YEAR(N$11),MONTH(N$11),MIN($D23,DAY(EOMONTH(N$11,0))))>=N$11,DATE(YEAR(N$11),MONTH(N$11),MIN($D23,DAY(EOMONTH(N$11,0))))<=(N$11+13),IF($E23="Monthly",TRUE,IF($E23="Quarterly",MOD(MONTH(N$11)-N($F23),3)=0,MONTH(N$11)=N($F23)))),AND(DATE(YEAR((N$11+13)),MONTH((N$11+13)),MIN($D23,DAY(EOMONTH((N$11+13),0))))>=N$11,DATE(YEAR((N$11+13)),MONTH((N$11+13)),MIN($D23,DAY(EOMONTH((N$11+13),0))))<=(N$11+13),IF($E23="Monthly",TRUE,IF($E23="Quarterly",MOD(MONTH((N$11+13))-N($F23),3)=0,MONTH((N$11+13))=N($F23))))),$C23,"")))) -> 0 | O23: =IF(OR($B23="",N($C23)=0),"",IF($E23="Every paycheck",$C23,IF(N($D23)=0,"",IF(OR(AND(DATE(YEAR(O$11),MONTH(O$11),MIN($D23,DAY(EOMONTH(O$11,0))))>=O$11,DATE(YEAR(O$11),MONTH(O$11),MIN($D23,DAY(EOMONTH(O$11,0))))<=(O$11+13),IF($E23="Monthly",TRUE,IF($E23="Quarterly",MOD(MONTH(O$11)-N($F23),3)=0,MONTH(O$11)=N($F23)))),AND(DATE(YEAR((O$11+13)),MONTH((O$11+13)),MIN($D23,DAY(EOMONTH((O$11+13),0))))>=O$11,DATE(YEAR((O$11+13)),MONTH((O$11+13)),MIN($D23,DAY(EOMONTH((O$11+13),0))))<=(O$11+13),IF($E23="Monthly",TRUE,IF($E23="Quarterly",MOD(MONTH((O$11+13))-N($F23),3)=0,MONTH((O$11+13))=N($F23))))),$C23,"")))) -> 0 | P23: =IF(OR($B23="",N($C23)=0),"",IF($E23="Every paycheck",$C23,IF(N($D23)=0,"",IF(OR(AND(DATE(YEAR(P$11),MONTH(P$11),MIN($D23,DAY(EOMONTH(P$11,0))))>=P$11,DATE(YEAR(P$11),MONTH(P$11),MIN($D23,DAY(EOMONTH(P$11,0))))<=(P$11+13),IF($E23="Monthly",TRUE,IF($E23="Quarterly",MOD(MONTH(P$11)-N($F23),3)=0,MONTH(P$11)=N($F23)))),AND(DATE(YEAR((P$11+13)),MONTH((P$11+13)),MIN($D23,DAY(EOMONTH((P$11+13),0))))>=P$11,DATE(YEAR((P$11+13)),MONTH((P$11+13)),MIN($D23,DAY(EOMONTH((P$11+13),0))))<=(P$11+13),IF($E23="Monthly",TRUE,IF($E23="Quarterly",MOD(MONTH((P$11+13))-N($F23),3)=0,MONTH((P$11+13))=N($F23))))),$C23,"")))) -> 0 | ... AH23: =IF(OR($B23="",N($C23)=0),"",IF($E23="Every paycheck",$C23,IF(N($D23)=0,"",IF(OR(AND(DATE(YEAR(AH$11),MONTH(AH$11),MIN($D23,DAY(EOMONTH(AH$11,0))))>=AH$11,DATE(YEAR(AH$11),MONTH(AH$11),MIN($D23,DAY(EOMONTH(AH$11,0))))<=(AH$11+13),IF($E23="Monthly",TRUE,IF($E23="Quarterly",MOD(MONTH(AH$11)-N($F23),3)=0,MONTH(AH$11)=N($F23)))),AND(DATE(YEAR((AH$11+13)),MONTH((AH$11+13)),MIN($D23,DAY(EOMONTH((AH$11+13),0))))>=AH$11,DATE(YEAR((AH$11+13)),MONTH((AH$11+13)),MIN($D23,DAY(EOMONTH((AH$11+13),0))))<=(AH$11+13),IF($E23="Monthly",TRUE,IF($E23="Quarterly",MOD(MONTH((AH$11+13))-N($F23),3)=0,MONTH((AH$11+13))=N($F23))))),$C23,"")))) -> 0
B24: Renter's insurance | C24: 180 | D24: 15 | E24: Yearly | F24: 3 | I24: =IF(OR($B24="",N($C24)=0),"",IF($E24="Every paycheck",$C24,IF(N($D24)=0,"",IF(OR(AND(DATE(YEAR(I$11),MONTH(I$11),MIN($D24,DAY(EOMONTH(I$11,0))))>=I$11,DATE(YEAR(I$11),MONTH(I$11),MIN($D24,DAY(EOMONTH(I$11,0))))<=(I$11+13),IF($E24="Monthly",TRUE,IF($E24="Quarterly",MOD(MONTH(I$11)-N($F24),3)=0,MONTH(I$11)=N($F24)))),AND(DATE(YEAR((I$11+13)),MONTH((I$11+13)),MIN($D24,DAY(EOMONTH((I$11+13),0))))>=I$11,DATE(YEAR((I$11+13)),MONTH((I$11+13)),MIN($D24,DAY(EOMONTH((I$11+13),0))))<=(I$11+13),IF($E24="Monthly",TRUE,IF($E24="Quarterly",MOD(MONTH((I$11+13))-N($F24),3)=0,MONTH((I$11+13))=N($F24))))),$C24,"")))) -> 0 | J24: =IF(OR($B24="",N($C24)=0),"",IF($E24="Every paycheck",$C24,IF(N($D24)=0,"",IF(OR(AND(DATE(YEAR(J$11),MONTH(J$11),MIN($D24,DAY(EOMONTH(J$11,0))))>=J$11,DATE(YEAR(J$11),MONTH(J$11),MIN($D24,DAY(EOMONTH(J$11,0))))<=(J$11+13),IF($E24="Monthly",TRUE,IF($E24="Quarterly",MOD(MONTH(J$11)-N($F24),3)=0,MONTH(J$11)=N($F24)))),AND(DATE(YEAR((J$11+13)),MONTH((J$11+13)),MIN($D24,DAY(EOMONTH((J$11+13),0))))>=J$11,DATE(YEAR((J$11+13)),MONTH((J$11+13)),MIN($D24,DAY(EOMONTH((J$11+13),0))))<=(J$11+13),IF($E24="Monthly",TRUE,IF($E24="Quarterly",MOD(MONTH((J$11+13))-N($F24),3)=0,MONTH((J$11+13))=N($F24))))),$C24,"")))) -> 0 | K24: =IF(OR($B24="",N($C24)=0),"",IF($E24="Every paycheck",$C24,IF(N($D24)=0,"",IF(OR(AND(DATE(YEAR(K$11),MONTH(K$11),MIN($D24,DAY(EOMONTH(K$11,0))))>=K$11,DATE(YEAR(K$11),MONTH(K$11),MIN($D24,DAY(EOMONTH(K$11,0))))<=(K$11+13),IF($E24="Monthly",TRUE,IF($E24="Quarterly",MOD(MONTH(K$11)-N($F24),3)=0,MONTH(K$11)=N($F24)))),AND(DATE(YEAR((K$11+13)),MONTH((K$11+13)),MIN($D24,DAY(EOMONTH((K$11+13),0))))>=K$11,DATE(YEAR((K$11+13)),MONTH((K$11+13)),MIN($D24,DAY(EOMONTH((K$11+13),0))))<=(K$11+13),IF($E24="Monthly",TRUE,IF($E24="Quarterly",MOD(MONTH((K$11+13))-N($F24),3)=0,MONTH((K$11+13))=N($F24))))),$C24,"")))) -> 0 | L24: =IF(OR($B24="",N($C24)=0),"",IF($E24="Every paycheck",$C24,IF(N($D24)=0,"",IF(OR(AND(DATE(YEAR(L$11),MONTH(L$11),MIN($D24,DAY(EOMONTH(L$11,0))))>=L$11,DATE(YEAR(L$11),MONTH(L$11),MIN($D24,DAY(EOMONTH(L$11,0))))<=(L$11+13),IF($E24="Monthly",TRUE,IF($E24="Quarterly",MOD(MONTH(L$11)-N($F24),3)=0,MONTH(L$11)=N($F24)))),AND(DATE(YEAR((L$11+13)),MONTH((L$11+13)),MIN($D24,DAY(EOMONTH((L$11+13),0))))>=L$11,DATE(YEAR((L$11+13)),MONTH((L$11+13)),MIN($D24,DAY(EOMONTH((L$11+13),0))))<=(L$11+13),IF($E24="Monthly",TRUE,IF($E24="Quarterly",MOD(MONTH((L$11+13))-N($F24),3)=0,MONTH((L$11+13))=N($F24))))),$C24,"")))) -> 0 | M24: =IF(OR($B24="",N($C24)=0),"",IF($E24="Every paycheck",$C24,IF(N($D24)=0,"",IF(OR(AND(DATE(YEAR(M$11),MONTH(M$11),MIN($D24,DAY(EOMONTH(M$11,0))))>=M$11,DATE(YEAR(M$11),MONTH(M$11),MIN($D24,DAY(EOMONTH(M$11,0))))<=(M$11+13),IF($E24="Monthly",TRUE,IF($E24="Quarterly",MOD(MONTH(M$11)-N($F24),3)=0,MONTH(M$11)=N($F24)))),AND(DATE(YEAR((M$11+13)),MONTH((M$11+13)),MIN($D24,DAY(EOMONTH((M$11+13),0))))>=M$11,DATE(YEAR((M$11+13)),MONTH((M$11+13)),MIN($D24,DAY(EOMONTH((M$11+13),0))))<=(M$11+13),IF($E24="Monthly",TRUE,IF($E24="Quarterly",MOD(MONTH((M$11+13))-N($F24),3)=0,MONTH((M$11+13))=N($F24))))),$C24,"")))) -> 0 | N24: =IF(OR($B24="",N($C24)=0),"",IF($E24="Every paycheck",$C24,IF(N($D24)=0,"",IF(OR(AND(DATE(YEAR(N$11),MONTH(N$11),MIN($D24,DAY(EOMONTH(N$11,0))))>=N$11,DATE(YEAR(N$11),MONTH(N$11),MIN($D24,DAY(EOMONTH(N$11,0))))<=(N$11+13),IF($E24="Monthly",TRUE,IF($E24="Quarterly",MOD(MONTH(N$11)-N($F24),3)=0,MONTH(N$11)=N($F24)))),AND(DATE(YEAR((N$11+13)),MONTH((N$11+13)),MIN($D24,DAY(EOMONTH((N$11+13),0))))>=N$11,DATE(YEAR((N$11+13)),MONTH((N$11+13)),MIN($D24,DAY(EOMONTH((N$11+13),0))))<=(N$11+13),IF($E24="Monthly",TRUE,IF($E24="Quarterly",MOD(MONTH((N$11+13))-N($F24),3)=0,MONTH((N$11+13))=N($F24))))),$C24,"")))) -> 0 | O24: =IF(OR($B24="",N($C24)=0),"",IF($E24="Every paycheck",$C24,IF(N($D24)=0,"",IF(OR(AND(DATE(YEAR(O$11),MONTH(O$11),MIN($D24,DAY(EOMONTH(O$11,0))))>=O$11,DATE(YEAR(O$11),MONTH(O$11),MIN($D24,DAY(EOMONTH(O$11,0))))<=(O$11+13),IF($E24="Monthly",TRUE,IF($E24="Quarterly",MOD(MONTH(O$11)-N($F24),3)=0,MONTH(O$11)=N($F24)))),AND(DATE(YEAR((O$11+13)),MONTH((O$11+13)),MIN($D24,DAY(EOMONTH((O$11+13),0))))>=O$11,DATE(YEAR((O$11+13)),MONTH((O$11+13)),MIN($D24,DAY(EOMONTH((O$11+13),0))))<=(O$11+13),IF($E24="Monthly",TRUE,IF($E24="Quarterly",MOD(MONTH((O$11+13))-N($F24),3)=0,MONTH((O$11+13))=N($F24))))),$C24,"")))) -> 0 | P24: =IF(OR($B24="",N($C24)=0),"",IF($E24="Every paycheck",$C24,IF(N($D24)=0,"",IF(OR(AND(DATE(YEAR(P$11),MONTH(P$11),MIN($D24,DAY(EOMONTH(P$11,0))))>=P$11,DATE(YEAR(P$11),MONTH(P$11),MIN($D24,DAY(EOMONTH(P$11,0))))<=(P$11+13),IF($E24="Monthly",TRUE,IF($E24="Quarterly",MOD(MONTH(P$11)-N($F24),3)=0,MONTH(P$11)=N($F24)))),AND(DATE(YEAR((P$11+13)),MONTH((P$11+13)),MIN($D24,DAY(EOMONTH((P$11+13),0))))>=P$11,DATE(YEAR((P$11+13)),MONTH((P$11+13)),MIN($D24,DAY(EOMONTH((P$11+13),0))))<=(P$11+13),IF($E24="Monthly",TRUE,IF($E24="Quarterly",MOD(MONTH((P$11+13))-N($F24),3)=0,MONTH((P$11+13))=N($F24))))),$C24,"")))) -> 0 | ... AH24: =IF(OR($B24="",N($C24)=0),"",IF($E24="Every paycheck",$C24,IF(N($D24)=0,"",IF(OR(AND(DATE(YEAR(AH$11),MONTH(AH$11),MIN($D24,DAY(EOMONTH(AH$11,0))))>=AH$11,DATE(YEAR(AH$11),MONTH(AH$11),MIN($D24,DAY(EOMONTH(AH$11,0))))<=(AH$11+13),IF($E24="Monthly",TRUE,IF($E24="Quarterly",MOD(MONTH(AH$11)-N($F24),3)=0,MONTH(AH$11)=N($F24)))),AND(DATE(YEAR((AH$11+13)),MONTH((AH$11+13)),MIN($D24,DAY(EOMONTH((AH$11+13),0))))>=AH$11,DATE(YEAR((AH$11+13)),MONTH((AH$11+13)),MIN($D24,DAY(EOMONTH((AH$11+13),0))))<=(AH$11+13),IF($E24="Monthly",TRUE,IF($E24="Quarterly",MOD(MONTH((AH$11+13))-N($F24),3)=0,MONTH((AH$11+13))=N($F24))))),$C24,"")))) -> 0
B25: Membership renewal | C25: 139 | D25: 10 | E25: Yearly | F25: 6 | I25: =IF(OR($B25="",N($C25)=0),"",IF($E25="Every paycheck",$C25,IF(N($D25)=0,"",IF(OR(AND(DATE(YEAR(I$11),MONTH(I$11),MIN($D25,DAY(EOMONTH(I$11,0))))>=I$11,DATE(YEAR(I$11),MONTH(I$11),MIN($D25,DAY(EOMONTH(I$11,0))))<=(I$11+13),IF($E25="Monthly",TRUE,IF($E25="Quarterly",MOD(MONTH(I$11)-N($F25),3)=0,MONTH(I$11)=N($F25)))),AND(DATE(YEAR((I$11+13)),MONTH((I$11+13)),MIN($D25,DAY(EOMONTH((I$11+13),0))))>=I$11,DATE(YEAR((I$11+13)),MONTH((I$11+13)),MIN($D25,DAY(EOMONTH((I$11+13),0))))<=(I$11+13),IF($E25="Monthly",TRUE,IF($E25="Quarterly",MOD(MONTH((I$11+13))-N($F25),3)=0,MONTH((I$11+13))=N($F25))))),$C25,"")))) -> 0 | J25: =IF(OR($B25="",N($C25)=0),"",IF($E25="Every paycheck",$C25,IF(N($D25)=0,"",IF(OR(AND(DATE(YEAR(J$11),MONTH(J$11),MIN($D25,DAY(EOMONTH(J$11,0))))>=J$11,DATE(YEAR(J$11),MONTH(J$11),MIN($D25,DAY(EOMONTH(J$11,0))))<=(J$11+13),IF($E25="Monthly",TRUE,IF($E25="Quarterly",MOD(MONTH(J$11)-N($F25),3)=0,MONTH(J$11)=N($F25)))),AND(DATE(YEAR((J$11+13)),MONTH((J$11+13)),MIN($D25,DAY(EOMONTH((J$11+13),0))))>=J$11,DATE(YEAR((J$11+13)),MONTH((J$11+13)),MIN($D25,DAY(EOMONTH((J$11+13),0))))<=(J$11+13),IF($E25="Monthly",TRUE,IF($E25="Quarterly",MOD(MONTH((J$11+13))-N($F25),3)=0,MONTH((J$11+13))=N($F25))))),$C25,"")))) -> 0 | K25: =IF(OR($B25="",N($C25)=0),"",IF($E25="Every paycheck",$C25,IF(N($D25)=0,"",IF(OR(AND(DATE(YEAR(K$11),MONTH(K$11),MIN($D25,DAY(EOMONTH(K$11,0))))>=K$11,DATE(YEAR(K$11),MONTH(K$11),MIN($D25,DAY(EOMONTH(K$11,0))))<=(K$11+13),IF($E25="Monthly",TRUE,IF($E25="Quarterly",MOD(MONTH(K$11)-N($F25),3)=0,MONTH(K$11)=N($F25)))),AND(DATE(YEAR((K$11+13)),MONTH((K$11+13)),MIN($D25,DAY(EOMONTH((K$11+13),0))))>=K$11,DATE(YEAR((K$11+13)),MONTH((K$11+13)),MIN($D25,DAY(EOMONTH((K$11+13),0))))<=(K$11+13),IF($E25="Monthly",TRUE,IF($E25="Quarterly",MOD(MONTH((K$11+13))-N($F25),3)=0,MONTH((K$11+13))=N($F25))))),$C25,"")))) -> 0 | L25: =IF(OR($B25="",N($C25)=0),"",IF($E25="Every paycheck",$C25,IF(N($D25)=0,"",IF(OR(AND(DATE(YEAR(L$11),MONTH(L$11),MIN($D25,DAY(EOMONTH(L$11,0))))>=L$11,DATE(YEAR(L$11),MONTH(L$11),MIN($D25,DAY(EOMONTH(L$11,0))))<=(L$11+13),IF($E25="Monthly",TRUE,IF($E25="Quarterly",MOD(MONTH(L$11)-N($F25),3)=0,MONTH(L$11)=N($F25)))),AND(DATE(YEAR((L$11+13)),MONTH((L$11+13)),MIN($D25,DAY(EOMONTH((L$11+13),0))))>=L$11,DATE(YEAR((L$11+13)),MONTH((L$11+13)),MIN($D25,DAY(EOMONTH((L$11+13),0))))<=(L$11+13),IF($E25="Monthly",TRUE,IF($E25="Quarterly",MOD(MONTH((L$11+13))-N($F25),3)=0,MONTH((L$11+13))=N($F25))))),$C25,"")))) -> 0 | M25: =IF(OR($B25="",N($C25)=0),"",IF($E25="Every paycheck",$C25,IF(N($D25)=0,"",IF(OR(AND(DATE(YEAR(M$11),MONTH(M$11),MIN($D25,DAY(EOMONTH(M$11,0))))>=M$11,DATE(YEAR(M$11),MONTH(M$11),MIN($D25,DAY(EOMONTH(M$11,0))))<=(M$11+13),IF($E25="Monthly",TRUE,IF($E25="Quarterly",MOD(MONTH(M$11)-N($F25),3)=0,MONTH(M$11)=N($F25)))),AND(DATE(YEAR((M$11+13)),MONTH((M$11+13)),MIN($D25,DAY(EOMONTH((M$11+13),0))))>=M$11,DATE(YEAR((M$11+13)),MONTH((M$11+13)),MIN($D25,DAY(EOMONTH((M$11+13),0))))<=(M$11+13),IF($E25="Monthly",TRUE,IF($E25="Quarterly",MOD(MONTH((M$11+13))-N($F25),3)=0,MONTH((M$11+13))=N($F25))))),$C25,"")))) -> 0 | N25: =IF(OR($B25="",N($C25)=0),"",IF($E25="Every paycheck",$C25,IF(N($D25)=0,"",IF(OR(AND(DATE(YEAR(N$11),MONTH(N$11),MIN($D25,DAY(EOMONTH(N$11,0))))>=N$11,DATE(YEAR(N$11),MONTH(N$11),MIN($D25,DAY(EOMONTH(N$11,0))))<=(N$11+13),IF($E25="Monthly",TRUE,IF($E25="Quarterly",MOD(MONTH(N$11)-N($F25),3)=0,MONTH(N$11)=N($F25)))),AND(DATE(YEAR((N$11+13)),MONTH((N$11+13)),MIN($D25,DAY(EOMONTH((N$11+13),0))))>=N$11,DATE(YEAR((N$11+13)),MONTH((N$11+13)),MIN($D25,DAY(EOMONTH((N$11+13),0))))<=(N$11+13),IF($E25="Monthly",TRUE,IF($E25="Quarterly",MOD(MONTH((N$11+13))-N($F25),3)=0,MONTH((N$11+13))=N($F25))))),$C25,"")))) -> 0 | O25: =IF(OR($B25="",N($C25)=0),"",IF($E25="Every paycheck",$C25,IF(N($D25)=0,"",IF(OR(AND(DATE(YEAR(O$11),MONTH(O$11),MIN($D25,DAY(EOMONTH(O$11,0))))>=O$11,DATE(YEAR(O$11),MONTH(O$11),MIN($D25,DAY(EOMONTH(O$11,0))))<=(O$11+13),IF($E25="Monthly",TRUE,IF($E25="Quarterly",MOD(MONTH(O$11)-N($F25),3)=0,MONTH(O$11)=N($F25)))),AND(DATE(YEAR((O$11+13)),MONTH((O$11+13)),MIN($D25,DAY(EOMONTH((O$11+13),0))))>=O$11,DATE(YEAR((O$11+13)),MONTH((O$11+13)),MIN($D25,DAY(EOMONTH((O$11+13),0))))<=(O$11+13),IF($E25="Monthly",TRUE,IF($E25="Quarterly",MOD(MONTH((O$11+13))-N($F25),3)=0,MONTH((O$11+13))=N($F25))))),$C25,"")))) -> 0 | P25: =IF(OR($B25="",N($C25)=0),"",IF($E25="Every paycheck",$C25,IF(N($D25)=0,"",IF(OR(AND(DATE(YEAR(P$11),MONTH(P$11),MIN($D25,DAY(EOMONTH(P$11,0))))>=P$11,DATE(YEAR(P$11),MONTH(P$11),MIN($D25,DAY(EOMONTH(P$11,0))))<=(P$11+13),IF($E25="Monthly",TRUE,IF($E25="Quarterly",MOD(MONTH(P$11)-N($F25),3)=0,MONTH(P$11)=N($F25)))),AND(DATE(YEAR((P$11+13)),MONTH((P$11+13)),MIN($D25,DAY(EOMONTH((P$11+13),0))))>=P$11,DATE(YEAR((P$11+13)),MONTH((P$11+13)),MIN($D25,DAY(EOMONTH((P$11+13),0))))<=(P$11+13),IF($E25="Monthly",TRUE,IF($E25="Quarterly",MOD(MONTH((P$11+13))-N($F25),3)=0,MONTH((P$11+13))=N($F25))))),$C25,"")))) -> 0 | ... AH25: =IF(OR($B25="",N($C25)=0),"",IF($E25="Every paycheck",$C25,IF(N($D25)=0,"",IF(OR(AND(DATE(YEAR(AH$11),MONTH(AH$11),MIN($D25,DAY(EOMONTH(AH$11,0))))>=AH$11,DATE(YEAR(AH$11),MONTH(AH$11),MIN($D25,DAY(EOMONTH(AH$11,0))))<=(AH$11+13),IF($E25="Monthly",TRUE,IF($E25="Quarterly",MOD(MONTH(AH$11)-N($F25),3)=0,MONTH(AH$11)=N($F25)))),AND(DATE(YEAR((AH$11+13)),MONTH((AH$11+13)),MIN($D25,DAY(EOMONTH((AH$11+13),0))))>=AH$11,DATE(YEAR((AH$11+13)),MONTH((AH$11+13)),MIN($D25,DAY(EOMONTH((AH$11+13),0))))<=(AH$11+13),IF($E25="Monthly",TRUE,IF($E25="Quarterly",MOD(MONTH((AH$11+13))-N($F25),3)=0,MONTH((AH$11+13))=N($F25))))),$C25,"")))) -> 0
B26: Groceries | C26: 260 | E26: Every paycheck | I26: =IF(OR($B26="",N($C26)=0),"",IF($E26="Every paycheck",$C26,IF(N($D26)=0,"",IF(OR(AND(DATE(YEAR(I$11),MONTH(I$11),MIN($D26,DAY(EOMONTH(I$11,0))))>=I$11,DATE(YEAR(I$11),MONTH(I$11),MIN($D26,DAY(EOMONTH(I$11,0))))<=(I$11+13),IF($E26="Monthly",TRUE,IF($E26="Quarterly",MOD(MONTH(I$11)-N($F26),3)=0,MONTH(I$11)=N($F26)))),AND(DATE(YEAR((I$11+13)),MONTH((I$11+13)),MIN($D26,DAY(EOMONTH((I$11+13),0))))>=I$11,DATE(YEAR((I$11+13)),MONTH((I$11+13)),MIN($D26,DAY(EOMONTH((I$11+13),0))))<=(I$11+13),IF($E26="Monthly",TRUE,IF($E26="Quarterly",MOD(MONTH((I$11+13))-N($F26),3)=0,MONTH((I$11+13))=N($F26))))),$C26,"")))) -> 0 | J26: =IF(OR($B26="",N($C26)=0),"",IF($E26="Every paycheck",$C26,IF(N($D26)=0,"",IF(OR(AND(DATE(YEAR(J$11),MONTH(J$11),MIN($D26,DAY(EOMONTH(J$11,0))))>=J$11,DATE(YEAR(J$11),MONTH(J$11),MIN($D26,DAY(EOMONTH(J$11,0))))<=(J$11+13),IF($E26="Monthly",TRUE,IF($E26="Quarterly",MOD(MONTH(J$11)-N($F26),3)=0,MONTH(J$11)=N($F26)))),AND(DATE(YEAR((J$11+13)),MONTH((J$11+13)),MIN($D26,DAY(EOMONTH((J$11+13),0))))>=J$11,DATE(YEAR((J$11+13)),MONTH((J$11+13)),MIN($D26,DAY(EOMONTH((J$11+13),0))))<=(J$11+13),IF($E26="Monthly",TRUE,IF($E26="Quarterly",MOD(MONTH((J$11+13))-N($F26),3)=0,MONTH((J$11+13))=N($F26))))),$C26,"")))) -> 0 | K26: =IF(OR($B26="",N($C26)=0),"",IF($E26="Every paycheck",$C26,IF(N($D26)=0,"",IF(OR(AND(DATE(YEAR(K$11),MONTH(K$11),MIN($D26,DAY(EOMONTH(K$11,0))))>=K$11,DATE(YEAR(K$11),MONTH(K$11),MIN($D26,DAY(EOMONTH(K$11,0))))<=(K$11+13),IF($E26="Monthly",TRUE,IF($E26="Quarterly",MOD(MONTH(K$11)-N($F26),3)=0,MONTH(K$11)=N($F26)))),AND(DATE(YEAR((K$11+13)),MONTH((K$11+13)),MIN($D26,DAY(EOMONTH((K$11+13),0))))>=K$11,DATE(YEAR((K$11+13)),MONTH((K$11+13)),MIN($D26,DAY(EOMONTH((K$11+13),0))))<=(K$11+13),IF($E26="Monthly",TRUE,IF($E26="Quarterly",MOD(MONTH((K$11+13))-N($F26),3)=0,MONTH((K$11+13))=N($F26))))),$C26,"")))) -> 0 | L26: =IF(OR($B26="",N($C26)=0),"",IF($E26="Every paycheck",$C26,IF(N($D26)=0,"",IF(OR(AND(DATE(YEAR(L$11),MONTH(L$11),MIN($D26,DAY(EOMONTH(L$11,0))))>=L$11,DATE(YEAR(L$11),MONTH(L$11),MIN($D26,DAY(EOMONTH(L$11,0))))<=(L$11+13),IF($E26="Monthly",TRUE,IF($E26="Quarterly",MOD(MONTH(L$11)-N($F26),3)=0,MONTH(L$11)=N($F26)))),AND(DATE(YEAR((L$11+13)),MONTH((L$11+13)),MIN($D26,DAY(EOMONTH((L$11+13),0))))>=L$11,DATE(YEAR((L$11+13)),MONTH((L$11+13)),MIN($D26,DAY(EOMONTH((L$11+13),0))))<=(L$11+13),IF($E26="Monthly",TRUE,IF($E26="Quarterly",MOD(MONTH((L$11+13))-N($F26),3)=0,MONTH((L$11+13))=N($F26))))),$C26,"")))) -> 0 | M26: =IF(OR($B26="",N($C26)=0),"",IF($E26="Every paycheck",$C26,IF(N($D26)=0,"",IF(OR(AND(DATE(YEAR(M$11),MONTH(M$11),MIN($D26,DAY(EOMONTH(M$11,0))))>=M$11,DATE(YEAR(M$11),MONTH(M$11),MIN($D26,DAY(EOMONTH(M$11,0))))<=(M$11+13),IF($E26="Monthly",TRUE,IF($E26="Quarterly",MOD(MONTH(M$11)-N($F26),3)=0,MONTH(M$11)=N($F26)))),AND(DATE(YEAR((M$11+13)),MONTH((M$11+13)),MIN($D26,DAY(EOMONTH((M$11+13),0))))>=M$11,DATE(YEAR((M$11+13)),MONTH((M$11+13)),MIN($D26,DAY(EOMONTH((M$11+13),0))))<=(M$11+13),IF($E26="Monthly",TRUE,IF($E26="Quarterly",MOD(MONTH((M$11+13))-N($F26),3)=0,MONTH((M$11+13))=N($F26))))),$C26,"")))) -> 0 | N26: =IF(OR($B26="",N($C26)=0),"",IF($E26="Every paycheck",$C26,IF(N($D26)=0,"",IF(OR(AND(DATE(YEAR(N$11),MONTH(N$11),MIN($D26,DAY(EOMONTH(N$11,0))))>=N$11,DATE(YEAR(N$11),MONTH(N$11),MIN($D26,DAY(EOMONTH(N$11,0))))<=(N$11+13),IF($E26="Monthly",TRUE,IF($E26="Quarterly",MOD(MONTH(N$11)-N($F26),3)=0,MONTH(N$11)=N($F26)))),AND(DATE(YEAR((N$11+13)),MONTH((N$11+13)),MIN($D26,DAY(EOMONTH((N$11+13),0))))>=N$11,DATE(YEAR((N$11+13)),MONTH((N$11+13)),MIN($D26,DAY(EOMONTH((N$11+13),0))))<=(N$11+13),IF($E26="Monthly",TRUE,IF($E26="Quarterly",MOD(MONTH((N$11+13))-N($F26),3)=0,MONTH((N$11+13))=N($F26))))),$C26,"")))) -> 0 | O26: =IF(OR($B26="",N($C26)=0),"",IF($E26="Every paycheck",$C26,IF(N($D26)=0,"",IF(OR(AND(DATE(YEAR(O$11),MONTH(O$11),MIN($D26,DAY(EOMONTH(O$11,0))))>=O$11,DATE(YEAR(O$11),MONTH(O$11),MIN($D26,DAY(EOMONTH(O$11,0))))<=(O$11+13),IF($E26="Monthly",TRUE,IF($E26="Quarterly",MOD(MONTH(O$11)-N($F26),3)=0,MONTH(O$11)=N($F26)))),AND(DATE(YEAR((O$11+13)),MONTH((O$11+13)),MIN($D26,DAY(EOMONTH((O$11+13),0))))>=O$11,DATE(YEAR((O$11+13)),MONTH((O$11+13)),MIN($D26,DAY(EOMONTH((O$11+13),0))))<=(O$11+13),IF($E26="Monthly",TRUE,IF($E26="Quarterly",MOD(MONTH((O$11+13))-N($F26),3)=0,MONTH((O$11+13))=N($F26))))),$C26,"")))) -> 0 | P26: =IF(OR($B26="",N($C26)=0),"",IF($E26="Every paycheck",$C26,IF(N($D26)=0,"",IF(OR(AND(DATE(YEAR(P$11),MONTH(P$11),MIN($D26,DAY(EOMONTH(P$11,0))))>=P$11,DATE(YEAR(P$11),MONTH(P$11),MIN($D26,DAY(EOMONTH(P$11,0))))<=(P$11+13),IF($E26="Monthly",TRUE,IF($E26="Quarterly",MOD(MONTH(P$11)-N($F26),3)=0,MONTH(P$11)=N($F26)))),AND(DATE(YEAR((P$11+13)),MONTH((P$11+13)),MIN($D26,DAY(EOMONTH((P$11+13),0))))>=P$11,DATE(YEAR((P$11+13)),MONTH((P$11+13)),MIN($D26,DAY(EOMONTH((P$11+13),0))))<=(P$11+13),IF($E26="Monthly",TRUE,IF($E26="Quarterly",MOD(MONTH((P$11+13))-N($F26),3)=0,MONTH((P$11+13))=N($F26))))),$C26,"")))) -> 0 | ... AH26: =IF(OR($B26="",N($C26)=0),"",IF($E26="Every paycheck",$C26,IF(N($D26)=0,"",IF(OR(AND(DATE(YEAR(AH$11),MONTH(AH$11),MIN($D26,DAY(EOMONTH(AH$11,0))))>=AH$11,DATE(YEAR(AH$11),MONTH(AH$11),MIN($D26,DAY(EOMONTH(AH$11,0))))<=(AH$11+13),IF($E26="Monthly",TRUE,IF($E26="Quarterly",MOD(MONTH(AH$11)-N($F26),3)=0,MONTH(AH$11)=N($F26)))),AND(DATE(YEAR((AH$11+13)),MONTH((AH$11+13)),MIN($D26,DAY(EOMONTH((AH$11+13),0))))>=AH$11,DATE(YEAR((AH$11+13)),MONTH((AH$11+13)),MIN($D26,DAY(EOMONTH((AH$11+13),0))))<=(AH$11+13),IF($E26="Monthly",TRUE,IF($E26="Quarterly",MOD(MONTH((AH$11+13))-N($F26),3)=0,MONTH((AH$11+13))=N($F26))))),$C26,"")))) -> 0
B27: Gas | C27: 80 | E27: Every paycheck | I27: =IF(OR($B27="",N($C27)=0),"",IF($E27="Every paycheck",$C27,IF(N($D27)=0,"",IF(OR(AND(DATE(YEAR(I$11),MONTH(I$11),MIN($D27,DAY(EOMONTH(I$11,0))))>=I$11,DATE(YEAR(I$11),MONTH(I$11),MIN($D27,DAY(EOMONTH(I$11,0))))<=(I$11+13),IF($E27="Monthly",TRUE,IF($E27="Quarterly",MOD(MONTH(I$11)-N($F27),3)=0,MONTH(I$11)=N($F27)))),AND(DATE(YEAR((I$11+13)),MONTH((I$11+13)),MIN($D27,DAY(EOMONTH((I$11+13),0))))>=I$11,DATE(YEAR((I$11+13)),MONTH((I$11+13)),MIN($D27,DAY(EOMONTH((I$11+13),0))))<=(I$11+13),IF($E27="Monthly",TRUE,IF($E27="Quarterly",MOD(MONTH((I$11+13))-N($F27),3)=0,MONTH((I$11+13))=N($F27))))),$C27,"")))) -> 0 | J27: =IF(OR($B27="",N($C27)=0),"",IF($E27="Every paycheck",$C27,IF(N($D27)=0,"",IF(OR(AND(DATE(YEAR(J$11),MONTH(J$11),MIN($D27,DAY(EOMONTH(J$11,0))))>=J$11,DATE(YEAR(J$11),MONTH(J$11),MIN($D27,DAY(EOMONTH(J$11,0))))<=(J$11+13),IF($E27="Monthly",TRUE,IF($E27="Quarterly",MOD(MONTH(J$11)-N($F27),3)=0,MONTH(J$11)=N($F27)))),AND(DATE(YEAR((J$11+13)),MONTH((J$11+13)),MIN($D27,DAY(EOMONTH((J$11+13),0))))>=J$11,DATE(YEAR((J$11+13)),MONTH((J$11+13)),MIN($D27,DAY(EOMONTH((J$11+13),0))))<=(J$11+13),IF($E27="Monthly",TRUE,IF($E27="Quarterly",MOD(MONTH((J$11+13))-N($F27),3)=0,MONTH((J$11+13))=N($F27))))),$C27,"")))) -> 0 | K27: =IF(OR($B27="",N($C27)=0),"",IF($E27="Every paycheck",$C27,IF(N($D27)=0,"",IF(OR(AND(DATE(YEAR(K$11),MONTH(K$11),MIN($D27,DAY(EOMONTH(K$11,0))))>=K$11,DATE(YEAR(K$11),MONTH(K$11),MIN($D27,DAY(EOMONTH(K$11,0))))<=(K$11+13),IF($E27="Monthly",TRUE,IF($E27="Quarterly",MOD(MONTH(K$11)-N($F27),3)=0,MONTH(K$11)=N($F27)))),AND(DATE(YEAR((K$11+13)),MONTH((K$11+13)),MIN($D27,DAY(EOMONTH((K$11+13),0))))>=K$11,DATE(YEAR((K$11+13)),MONTH((K$11+13)),MIN($D27,DAY(EOMONTH((K$11+13),0))))<=(K$11+13),IF($E27="Monthly",TRUE,IF($E27="Quarterly",MOD(MONTH((K$11+13))-N($F27),3)=0,MONTH((K$11+13))=N($F27))))),$C27,"")))) -> 0 | L27: =IF(OR($B27="",N($C27)=0),"",IF($E27="Every paycheck",$C27,IF(N($D27)=0,"",IF(OR(AND(DATE(YEAR(L$11),MONTH(L$11),MIN($D27,DAY(EOMONTH(L$11,0))))>=L$11,DATE(YEAR(L$11),MONTH(L$11),MIN($D27,DAY(EOMONTH(L$11,0))))<=(L$11+13),IF($E27="Monthly",TRUE,IF($E27="Quarterly",MOD(MONTH(L$11)-N($F27),3)=0,MONTH(L$11)=N($F27)))),AND(DATE(YEAR((L$11+13)),MONTH((L$11+13)),MIN($D27,DAY(EOMONTH((L$11+13),0))))>=L$11,DATE(YEAR((L$11+13)),MONTH((L$11+13)),MIN($D27,DAY(EOMONTH((L$11+13),0))))<=(L$11+13),IF($E27="Monthly",TRUE,IF($E27="Quarterly",MOD(MONTH((L$11+13))-N($F27),3)=0,MONTH((L$11+13))=N($F27))))),$C27,"")))) -> 0 | M27: =IF(OR($B27="",N($C27)=0),"",IF($E27="Every paycheck",$C27,IF(N($D27)=0,"",IF(OR(AND(DATE(YEAR(M$11),MONTH(M$11),MIN($D27,DAY(EOMONTH(M$11,0))))>=M$11,DATE(YEAR(M$11),MONTH(M$11),MIN($D27,DAY(EOMONTH(M$11,0))))<=(M$11+13),IF($E27="Monthly",TRUE,IF($E27="Quarterly",MOD(MONTH(M$11)-N($F27),3)=0,MONTH(M$11)=N($F27)))),AND(DATE(YEAR((M$11+13)),MONTH((M$11+13)),MIN($D27,DAY(EOMONTH((M$11+13),0))))>=M$11,DATE(YEAR((M$11+13)),MONTH((M$11+13)),MIN($D27,DAY(EOMONTH((M$11+13),0))))<=(M$11+13),IF($E27="Monthly",TRUE,IF($E27="Quarterly",MOD(MONTH((M$11+13))-N($F27),3)=0,MONTH((M$11+13))=N($F27))))),$C27,"")))) -> 0 | N27: =IF(OR($B27="",N($C27)=0),"",IF($E27="Every paycheck",$C27,IF(N($D27)=0,"",IF(OR(AND(DATE(YEAR(N$11),MONTH(N$11),MIN($D27,DAY(EOMONTH(N$11,0))))>=N$11,DATE(YEAR(N$11),MONTH(N$11),MIN($D27,DAY(EOMONTH(N$11,0))))<=(N$11+13),IF($E27="Monthly",TRUE,IF($E27="Quarterly",MOD(MONTH(N$11)-N($F27),3)=0,MONTH(N$11)=N($F27)))),AND(DATE(YEAR((N$11+13)),MONTH((N$11+13)),MIN($D27,DAY(EOMONTH((N$11+13),0))))>=N$11,DATE(YEAR((N$11+13)),MONTH((N$11+13)),MIN($D27,DAY(EOMONTH((N$11+13),0))))<=(N$11+13),IF($E27="Monthly",TRUE,IF($E27="Quarterly",MOD(MONTH((N$11+13))-N($F27),3)=0,MONTH((N$11+13))=N($F27))))),$C27,"")))) -> 0 | O27: =IF(OR($B27="",N($C27)=0),"",IF($E27="Every paycheck",$C27,IF(N($D27)=0,"",IF(OR(AND(DATE(YEAR(O$11),MONTH(O$11),MIN($D27,DAY(EOMONTH(O$11,0))))>=O$11,DATE(YEAR(O$11),MONTH(O$11),MIN($D27,DAY(EOMONTH(O$11,0))))<=(O$11+13),IF($E27="Monthly",TRUE,IF($E27="Quarterly",MOD(MONTH(O$11)-N($F27),3)=0,MONTH(O$11)=N($F27)))),AND(DATE(YEAR((O$11+13)),MONTH((O$11+13)),MIN($D27,DAY(EOMONTH((O$11+13),0))))>=O$11,DATE(YEAR((O$11+13)),MONTH((O$11+13)),MIN($D27,DAY(EOMONTH((O$11+13),0))))<=(O$11+13),IF($E27="Monthly",TRUE,IF($E27="Quarterly",MOD(MONTH((O$11+13))-N($F27),3)=0,MONTH((O$11+13))=N($F27))))),$C27,"")))) -> 0 | P27: =IF(OR($B27="",N($C27)=0),"",IF($E27="Every paycheck",$C27,IF(N($D27)=0,"",IF(OR(AND(DATE(YEAR(P$11),MONTH(P$11),MIN($D27,DAY(EOMONTH(P$11,0))))>=P$11,DATE(YEAR(P$11),MONTH(P$11),MIN($D27,DAY(EOMONTH(P$11,0))))<=(P$11+13),IF($E27="Monthly",TRUE,IF($E27="Quarterly",MOD(MONTH(P$11)-N($F27),3)=0,MONTH(P$11)=N($F27)))),AND(DATE(YEAR((P$11+13)),MONTH((P$11+13)),MIN($D27,DAY(EOMONTH((P$11+13),0))))>=P$11,DATE(YEAR((P$11+13)),MONTH((P$11+13)),MIN($D27,DAY(EOMONTH((P$11+13),0))))<=(P$11+13),IF($E27="Monthly",TRUE,IF($E27="Quarterly",MOD(MONTH((P$11+13))-N($F27),3)=0,MONTH((P$11+13))=N($F27))))),$C27,"")))) -> 0 | ... AH27: =IF(OR($B27="",N($C27)=0),"",IF($E27="Every paycheck",$C27,IF(N($D27)=0,"",IF(OR(AND(DATE(YEAR(AH$11),MONTH(AH$11),MIN($D27,DAY(EOMONTH(AH$11,0))))>=AH$11,DATE(YEAR(AH$11),MONTH(AH$11),MIN($D27,DAY(EOMONTH(AH$11,0))))<=(AH$11+13),IF($E27="Monthly",TRUE,IF($E27="Quarterly",MOD(MONTH(AH$11)-N($F27),3)=0,MONTH(AH$11)=N($F27)))),AND(DATE(YEAR((AH$11+13)),MONTH((AH$11+13)),MIN($D27,DAY(EOMONTH((AH$11+13),0))))>=AH$11,DATE(YEAR((AH$11+13)),MONTH((AH$11+13)),MIN($D27,DAY(EOMONTH((AH$11+13),0))))<=(AH$11+13),IF($E27="Monthly",TRUE,IF($E27="Quarterly",MOD(MONTH((AH$11+13))-N($F27),3)=0,MONTH((AH$11+13))=N($F27))))),$C27,"")))) -> 0
I28: =IF(OR($B28="",N($C28)=0),"",IF($E28="Every paycheck",$C28,IF(N($D28)=0,"",IF(OR(AND(DATE(YEAR(I$11),MONTH(I$11),MIN($D28,DAY(EOMONTH(I$11,0))))>=I$11,DATE(YEAR(I$11),MONTH(I$11),MIN($D28,DAY(EOMONTH(I$11,0))))<=(I$11+13),IF($E28="Monthly",TRUE,IF($E28="Quarterly",MOD(MONTH(I$11)-N($F28),3)=0,MONTH(I$11)=N($F28)))),AND(DATE(YEAR((I$11+13)),MONTH((I$11+13)),MIN($D28,DAY(EOMONTH((I$11+13),0))))>=I$11,DATE(YEAR((I$11+13)),MONTH((I$11+13)),MIN($D28,DAY(EOMONTH((I$11+13),0))))<=(I$11+13),IF($E28="Monthly",TRUE,IF($E28="Quarterly",MOD(MONTH((I$11+13))-N($F28),3)=0,MONTH((I$11+13))=N($F28))))),$C28,"")))) -> 0 | J28: =IF(OR($B28="",N($C28)=0),"",IF($E28="Every paycheck",$C28,IF(N($D28)=0,"",IF(OR(AND(DATE(YEAR(J$11),MONTH(J$11),MIN($D28,DAY(EOMONTH(J$11,0))))>=J$11,DATE(YEAR(J$11),MONTH(J$11),MIN($D28,DAY(EOMONTH(J$11,0))))<=(J$11+13),IF($E28="Monthly",TRUE,IF($E28="Quarterly",MOD(MONTH(J$11)-N($F28),3)=0,MONTH(J$11)=N($F28)))),AND(DATE(YEAR((J$11+13)),MONTH((J$11+13)),MIN($D28,DAY(EOMONTH((J$11+13),0))))>=J$11,DATE(YEAR((J$11+13)),MONTH((J$11+13)),MIN($D28,DAY(EOMONTH((J$11+13),0))))<=(J$11+13),IF($E28="Monthly",TRUE,IF($E28="Quarterly",MOD(MONTH((J$11+13))-N($F28),3)=0,MONTH((J$11+13))=N($F28))))),$C28,"")))) -> 0 | K28: =IF(OR($B28="",N($C28)=0),"",IF($E28="Every paycheck",$C28,IF(N($D28)=0,"",IF(OR(AND(DATE(YEAR(K$11),MONTH(K$11),MIN($D28,DAY(EOMONTH(K$11,0))))>=K$11,DATE(YEAR(K$11),MONTH(K$11),MIN($D28,DAY(EOMONTH(K$11,0))))<=(K$11+13),IF($E28="Monthly",TRUE,IF($E28="Quarterly",MOD(MONTH(K$11)-N($F28),3)=0,MONTH(K$11)=N($F28)))),AND(DATE(YEAR((K$11+13)),MONTH((K$11+13)),MIN($D28,DAY(EOMONTH((K$11+13),0))))>=K$11,DATE(YEAR((K$11+13)),MONTH((K$11+13)),MIN($D28,DAY(EOMONTH((K$11+13),0))))<=(K$11+13),IF($E28="Monthly",TRUE,IF($E28="Quarterly",MOD(MONTH((K$11+13))-N($F28),3)=0,MONTH((K$11+13))=N($F28))))),$C28,"")))) -> 0 | L28: =IF(OR($B28="",N($C28)=0),"",IF($E28="Every paycheck",$C28,IF(N($D28)=0,"",IF(OR(AND(DATE(YEAR(L$11),MONTH(L$11),MIN($D28,DAY(EOMONTH(L$11,0))))>=L$11,DATE(YEAR(L$11),MONTH(L$11),MIN($D28,DAY(EOMONTH(L$11,0))))<=(L$11+13),IF($E28="Monthly",TRUE,IF($E28="Quarterly",MOD(MONTH(L$11)-N($F28),3)=0,MONTH(L$11)=N($F28)))),AND(DATE(YEAR((L$11+13)),MONTH((L$11+13)),MIN($D28,DAY(EOMONTH((L$11+13),0))))>=L$11,DATE(YEAR((L$11+13)),MONTH((L$11+13)),MIN($D28,DAY(EOMONTH((L$11+13),0))))<=(L$11+13),IF($E28="Monthly",TRUE,IF($E28="Quarterly",MOD(MONTH((L$11+13))-N($F28),3)=0,MONTH((L$11+13))=N($F28))))),$C28,"")))) -> 0 | M28: =IF(OR($B28="",N($C28)=0),"",IF($E28="Every paycheck",$C28,IF(N($D28)=0,"",IF(OR(AND(DATE(YEAR(M$11),MONTH(M$11),MIN($D28,DAY(EOMONTH(M$11,0))))>=M$11,DATE(YEAR(M$11),MONTH(M$11),MIN($D28,DAY(EOMONTH(M$11,0))))<=(M$11+13),IF($E28="Monthly",TRUE,IF($E28="Quarterly",MOD(MONTH(M$11)-N($F28),3)=0,MONTH(M$11)=N($F28)))),AND(DATE(YEAR((M$11+13)),MONTH((M$11+13)),MIN($D28,DAY(EOMONTH((M$11+13),0))))>=M$11,DATE(YEAR((M$11+13)),MONTH((M$11+13)),MIN($D28,DAY(EOMONTH((M$11+13),0))))<=(M$11+13),IF($E28="Monthly",TRUE,IF($E28="Quarterly",MOD(MONTH((M$11+13))-N($F28),3)=0,MONTH((M$11+13))=N($F28))))),$C28,"")))) -> 0 | N28: =IF(OR($B28="",N($C28)=0),"",IF($E28="Every paycheck",$C28,IF(N($D28)=0,"",IF(OR(AND(DATE(YEAR(N$11),MONTH(N$11),MIN($D28,DAY(EOMONTH(N$11,0))))>=N$11,DATE(YEAR(N$11),MONTH(N$11),MIN($D28,DAY(EOMONTH(N$11,0))))<=(N$11+13),IF($E28="Monthly",TRUE,IF($E28="Quarterly",MOD(MONTH(N$11)-N($F28),3)=0,MONTH(N$11)=N($F28)))),AND(DATE(YEAR((N$11+13)),MONTH((N$11+13)),MIN($D28,DAY(EOMONTH((N$11+13),0))))>=N$11,DATE(YEAR((N$11+13)),MONTH((N$11+13)),MIN($D28,DAY(EOMONTH((N$11+13),0))))<=(N$11+13),IF($E28="Monthly",TRUE,IF($E28="Quarterly",MOD(MONTH((N$11+13))-N($F28),3)=0,MONTH((N$11+13))=N($F28))))),$C28,"")))) -> 0 | O28: =IF(OR($B28="",N($C28)=0),"",IF($E28="Every paycheck",$C28,IF(N($D28)=0,"",IF(OR(AND(DATE(YEAR(O$11),MONTH(O$11),MIN($D28,DAY(EOMONTH(O$11,0))))>=O$11,DATE(YEAR(O$11),MONTH(O$11),MIN($D28,DAY(EOMONTH(O$11,0))))<=(O$11+13),IF($E28="Monthly",TRUE,IF($E28="Quarterly",MOD(MONTH(O$11)-N($F28),3)=0,MONTH(O$11)=N($F28)))),AND(DATE(YEAR((O$11+13)),MONTH((O$11+13)),MIN($D28,DAY(EOMONTH((O$11+13),0))))>=O$11,DATE(YEAR((O$11+13)),MONTH((O$11+13)),MIN($D28,DAY(EOMONTH((O$11+13),0))))<=(O$11+13),IF($E28="Monthly",TRUE,IF($E28="Quarterly",MOD(MONTH((O$11+13))-N($F28),3)=0,MONTH((O$11+13))=N($F28))))),$C28,"")))) -> 0 | P28: =IF(OR($B28="",N($C28)=0),"",IF($E28="Every paycheck",$C28,IF(N($D28)=0,"",IF(OR(AND(DATE(YEAR(P$11),MONTH(P$11),MIN($D28,DAY(EOMONTH(P$11,0))))>=P$11,DATE(YEAR(P$11),MONTH(P$11),MIN($D28,DAY(EOMONTH(P$11,0))))<=(P$11+13),IF($E28="Monthly",TRUE,IF($E28="Quarterly",MOD(MONTH(P$11)-N($F28),3)=0,MONTH(P$11)=N($F28)))),AND(DATE(YEAR((P$11+13)),MONTH((P$11+13)),MIN($D28,DAY(EOMONTH((P$11+13),0))))>=P$11,DATE(YEAR((P$11+13)),MONTH((P$11+13)),MIN($D28,DAY(EOMONTH((P$11+13),0))))<=(P$11+13),IF($E28="Monthly",TRUE,IF($E28="Quarterly",MOD(MONTH((P$11+13))-N($F28),3)=0,MONTH((P$11+13))=N($F28))))),$C28,"")))) -> 0 | ... AH28: =IF(OR($B28="",N($C28)=0),"",IF($E28="Every paycheck",$C28,IF(N($D28)=0,"",IF(OR(AND(DATE(YEAR(AH$11),MONTH(AH$11),MIN($D28,DAY(EOMONTH(AH$11,0))))>=AH$11,DATE(YEAR(AH$11),MONTH(AH$11),MIN($D28,DAY(EOMONTH(AH$11,0))))<=(AH$11+13),IF($E28="Monthly",TRUE,IF($E28="Quarterly",MOD(MONTH(AH$11)-N($F28),3)=0,MONTH(AH$11)=N($F28)))),AND(DATE(YEAR((AH$11+13)),MONTH((AH$11+13)),MIN($D28,DAY(EOMONTH((AH$11+13),0))))>=AH$11,DATE(YEAR((AH$11+13)),MONTH((AH$11+13)),MIN($D28,DAY(EOMONTH((AH$11+13),0))))<=(AH$11+13),IF($E28="Monthly",TRUE,IF($E28="Quarterly",MOD(MONTH((AH$11+13))-N($F28),3)=0,MONTH((AH$11+13))=N($F28))))),$C28,"")))) -> 0
I29: =IF(OR($B29="",N($C29)=0),"",IF($E29="Every paycheck",$C29,IF(N($D29)=0,"",IF(OR(AND(DATE(YEAR(I$11),MONTH(I$11),MIN($D29,DAY(EOMONTH(I$11,0))))>=I$11,DATE(YEAR(I$11),MONTH(I$11),MIN($D29,DAY(EOMONTH(I$11,0))))<=(I$11+13),IF($E29="Monthly",TRUE,IF($E29="Quarterly",MOD(MONTH(I$11)-N($F29),3)=0,MONTH(I$11)=N($F29)))),AND(DATE(YEAR((I$11+13)),MONTH((I$11+13)),MIN($D29,DAY(EOMONTH((I$11+13),0))))>=I$11,DATE(YEAR((I$11+13)),MONTH((I$11+13)),MIN($D29,DAY(EOMONTH((I$11+13),0))))<=(I$11+13),IF($E29="Monthly",TRUE,IF($E29="Quarterly",MOD(MONTH((I$11+13))-N($F29),3)=0,MONTH((I$11+13))=N($F29))))),$C29,"")))) -> 0 | J29: =IF(OR($B29="",N($C29)=0),"",IF($E29="Every paycheck",$C29,IF(N($D29)=0,"",IF(OR(AND(DATE(YEAR(J$11),MONTH(J$11),MIN($D29,DAY(EOMONTH(J$11,0))))>=J$11,DATE(YEAR(J$11),MONTH(J$11),MIN($D29,DAY(EOMONTH(J$11,0))))<=(J$11+13),IF($E29="Monthly",TRUE,IF($E29="Quarterly",MOD(MONTH(J$11)-N($F29),3)=0,MONTH(J$11)=N($F29)))),AND(DATE(YEAR((J$11+13)),MONTH((J$11+13)),MIN($D29,DAY(EOMONTH((J$11+13),0))))>=J$11,DATE(YEAR((J$11+13)),MONTH((J$11+13)),MIN($D29,DAY(EOMONTH((J$11+13),0))))<=(J$11+13),IF($E29="Monthly",TRUE,IF($E29="Quarterly",MOD(MONTH((J$11+13))-N($F29),3)=0,MONTH((J$11+13))=N($F29))))),$C29,"")))) -> 0 | K29: =IF(OR($B29="",N($C29)=0),"",IF($E29="Every paycheck",$C29,IF(N($D29)=0,"",IF(OR(AND(DATE(YEAR(K$11),MONTH(K$11),MIN($D29,DAY(EOMONTH(K$11,0))))>=K$11,DATE(YEAR(K$11),MONTH(K$11),MIN($D29,DAY(EOMONTH(K$11,0))))<=(K$11+13),IF($E29="Monthly",TRUE,IF($E29="Quarterly",MOD(MONTH(K$11)-N($F29),3)=0,MONTH(K$11)=N($F29)))),AND(DATE(YEAR((K$11+13)),MONTH((K$11+13)),MIN($D29,DAY(EOMONTH((K$11+13),0))))>=K$11,DATE(YEAR((K$11+13)),MONTH((K$11+13)),MIN($D29,DAY(EOMONTH((K$11+13),0))))<=(K$11+13),IF($E29="Monthly",TRUE,IF($E29="Quarterly",MOD(MONTH((K$11+13))-N($F29),3)=0,MONTH((K$11+13))=N($F29))))),$C29,"")))) -> 0 | L29: =IF(OR($B29="",N($C29)=0),"",IF($E29="Every paycheck",$C29,IF(N($D29)=0,"",IF(OR(AND(DATE(YEAR(L$11),MONTH(L$11),MIN($D29,DAY(EOMONTH(L$11,0))))>=L$11,DATE(YEAR(L$11),MONTH(L$11),MIN($D29,DAY(EOMONTH(L$11,0))))<=(L$11+13),IF($E29="Monthly",TRUE,IF($E29="Quarterly",MOD(MONTH(L$11)-N($F29),3)=0,MONTH(L$11)=N($F29)))),AND(DATE(YEAR((L$11+13)),MONTH((L$11+13)),MIN($D29,DAY(EOMONTH((L$11+13),0))))>=L$11,DATE(YEAR((L$11+13)),MONTH((L$11+13)),MIN($D29,DAY(EOMONTH((L$11+13),0))))<=(L$11+13),IF($E29="Monthly",TRUE,IF($E29="Quarterly",MOD(MONTH((L$11+13))-N($F29),3)=0,MONTH((L$11+13))=N($F29))))),$C29,"")))) -> 0 | M29: =IF(OR($B29="",N($C29)=0),"",IF($E29="Every paycheck",$C29,IF(N($D29)=0,"",IF(OR(AND(DATE(YEAR(M$11),MONTH(M$11),MIN($D29,DAY(EOMONTH(M$11,0))))>=M$11,DATE(YEAR(M$11),MONTH(M$11),MIN($D29,DAY(EOMONTH(M$11,0))))<=(M$11+13),IF($E29="Monthly",TRUE,IF($E29="Quarterly",MOD(MONTH(M$11)-N($F29),3)=0,MONTH(M$11)=N($F29)))),AND(DATE(YEAR((M$11+13)),MONTH((M$11+13)),MIN($D29,DAY(EOMONTH((M$11+13),0))))>=M$11,DATE(YEAR((M$11+13)),MONTH((M$11+13)),MIN($D29,DAY(EOMONTH((M$11+13),0))))<=(M$11+13),IF($E29="Monthly",TRUE,IF($E29="Quarterly",MOD(MONTH((M$11+13))-N($F29),3)=0,MONTH((M$11+13))=N($F29))))),$C29,"")))) -> 0 | N29: =IF(OR($B29="",N($C29)=0),"",IF($E29="Every paycheck",$C29,IF(N($D29)=0,"",IF(OR(AND(DATE(YEAR(N$11),MONTH(N$11),MIN($D29,DAY(EOMONTH(N$11,0))))>=N$11,DATE(YEAR(N$11),MONTH(N$11),MIN($D29,DAY(EOMONTH(N$11,0))))<=(N$11+13),IF($E29="Monthly",TRUE,IF($E29="Quarterly",MOD(MONTH(N$11)-N($F29),3)=0,MONTH(N$11)=N($F29)))),AND(DATE(YEAR((N$11+13)),MONTH((N$11+13)),MIN($D29,DAY(EOMONTH((N$11+13),0))))>=N$11,DATE(YEAR((N$11+13)),MONTH((N$11+13)),MIN($D29,DAY(EOMONTH((N$11+13),0))))<=(N$11+13),IF($E29="Monthly",TRUE,IF($E29="Quarterly",MOD(MONTH((N$11+13))-N($F29),3)=0,MONTH((N$11+13))=N($F29))))),$C29,"")))) -> 0 | O29: =IF(OR($B29="",N($C29)=0),"",IF($E29="Every paycheck",$C29,IF(N($D29)=0,"",IF(OR(AND(DATE(YEAR(O$11),MONTH(O$11),MIN($D29,DAY(EOMONTH(O$11,0))))>=O$11,DATE(YEAR(O$11),MONTH(O$11),MIN($D29,DAY(EOMONTH(O$11,0))))<=(O$11+13),IF($E29="Monthly",TRUE,IF($E29="Quarterly",MOD(MONTH(O$11)-N($F29),3)=0,MONTH(O$11)=N($F29)))),AND(DATE(YEAR((O$11+13)),MONTH((O$11+13)),MIN($D29,DAY(EOMONTH((O$11+13),0))))>=O$11,DATE(YEAR((O$11+13)),MONTH((O$11+13)),MIN($D29,DAY(EOMONTH((O$11+13),0))))<=(O$11+13),IF($E29="Monthly",TRUE,IF($E29="Quarterly",MOD(MONTH((O$11+13))-N($F29),3)=0,MONTH((O$11+13))=N($F29))))),$C29,"")))) -> 0 | P29: =IF(OR($B29="",N($C29)=0),"",IF($E29="Every paycheck",$C29,IF(N($D29)=0,"",IF(OR(AND(DATE(YEAR(P$11),MONTH(P$11),MIN($D29,DAY(EOMONTH(P$11,0))))>=P$11,DATE(YEAR(P$11),MONTH(P$11),MIN($D29,DAY(EOMONTH(P$11,0))))<=(P$11+13),IF($E29="Monthly",TRUE,IF($E29="Quarterly",MOD(MONTH(P$11)-N($F29),3)=0,MONTH(P$11)=N($F29)))),AND(DATE(YEAR((P$11+13)),MONTH((P$11+13)),MIN($D29,DAY(EOMONTH((P$11+13),0))))>=P$11,DATE(YEAR((P$11+13)),MONTH((P$11+13)),MIN($D29,DAY(EOMONTH((P$11+13),0))))<=(P$11+13),IF($E29="Monthly",TRUE,IF($E29="Quarterly",MOD(MONTH((P$11+13))-N($F29),3)=0,MONTH((P$11+13))=N($F29))))),$C29,"")))) -> 0 | ... AH29: =IF(OR($B29="",N($C29)=0),"",IF($E29="Every paycheck",$C29,IF(N($D29)=0,"",IF(OR(AND(DATE(YEAR(AH$11),MONTH(AH$11),MIN($D29,DAY(EOMONTH(AH$11,0))))>=AH$11,DATE(YEAR(AH$11),MONTH(AH$11),MIN($D29,DAY(EOMONTH(AH$11,0))))<=(AH$11+13),IF($E29="Monthly",TRUE,IF($E29="Quarterly",MOD(MONTH(AH$11)-N($F29),3)=0,MONTH(AH$11)=N($F29)))),AND(DATE(YEAR((AH$11+13)),MONTH((AH$11+13)),MIN($D29,DAY(EOMONTH((AH$11+13),0))))>=AH$11,DATE(YEAR((AH$11+13)),MONTH((AH$11+13)),MIN($D29,DAY(EOMONTH((AH$11+13),0))))<=(AH$11+13),IF($E29="Monthly",TRUE,IF($E29="Quarterly",MOD(MONTH((AH$11+13))-N($F29),3)=0,MONTH((AH$11+13))=N($F29))))),$C29,"")))) -> 0
I30: =IF(OR($B30="",N($C30)=0),"",IF($E30="Every paycheck",$C30,IF(N($D30)=0,"",IF(OR(AND(DATE(YEAR(I$11),MONTH(I$11),MIN($D30,DAY(EOMONTH(I$11,0))))>=I$11,DATE(YEAR(I$11),MONTH(I$11),MIN($D30,DAY(EOMONTH(I$11,0))))<=(I$11+13),IF($E30="Monthly",TRUE,IF($E30="Quarterly",MOD(MONTH(I$11)-N($F30),3)=0,MONTH(I$11)=N($F30)))),AND(DATE(YEAR((I$11+13)),MONTH((I$11+13)),MIN($D30,DAY(EOMONTH((I$11+13),0))))>=I$11,DATE(YEAR((I$11+13)),MONTH((I$11+13)),MIN($D30,DAY(EOMONTH((I$11+13),0))))<=(I$11+13),IF($E30="Monthly",TRUE,IF($E30="Quarterly",MOD(MONTH((I$11+13))-N($F30),3)=0,MONTH((I$11+13))=N($F30))))),$C30,"")))) -> 0 | J30: =IF(OR($B30="",N($C30)=0),"",IF($E30="Every paycheck",$C30,IF(N($D30)=0,"",IF(OR(AND(DATE(YEAR(J$11),MONTH(J$11),MIN($D30,DAY(EOMONTH(J$11,0))))>=J$11,DATE(YEAR(J$11),MONTH(J$11),MIN($D30,DAY(EOMONTH(J$11,0))))<=(J$11+13),IF($E30="Monthly",TRUE,IF($E30="Quarterly",MOD(MONTH(J$11)-N($F30),3)=0,MONTH(J$11)=N($F30)))),AND(DATE(YEAR((J$11+13)),MONTH((J$11+13)),MIN($D30,DAY(EOMONTH((J$11+13),0))))>=J$11,DATE(YEAR((J$11+13)),MONTH((J$11+13)),MIN($D30,DAY(EOMONTH((J$11+13),0))))<=(J$11+13),IF($E30="Monthly",TRUE,IF($E30="Quarterly",MOD(MONTH((J$11+13))-N($F30),3)=0,MONTH((J$11+13))=N($F30))))),$C30,"")))) -> 0 | K30: =IF(OR($B30="",N($C30)=0),"",IF($E30="Every paycheck",$C30,IF(N($D30)=0,"",IF(OR(AND(DATE(YEAR(K$11),MONTH(K$11),MIN($D30,DAY(EOMONTH(K$11,0))))>=K$11,DATE(YEAR(K$11),MONTH(K$11),MIN($D30,DAY(EOMONTH(K$11,0))))<=(K$11+13),IF($E30="Monthly",TRUE,IF($E30="Quarterly",MOD(MONTH(K$11)-N($F30),3)=0,MONTH(K$11)=N($F30)))),AND(DATE(YEAR((K$11+13)),MONTH((K$11+13)),MIN($D30,DAY(EOMONTH((K$11+13),0))))>=K$11,DATE(YEAR((K$11+13)),MONTH((K$11+13)),MIN($D30,DAY(EOMONTH((K$11+13),0))))<=(K$11+13),IF($E30="Monthly",TRUE,IF($E30="Quarterly",MOD(MONTH((K$11+13))-N($F30),3)=0,MONTH((K$11+13))=N($F30))))),$C30,"")))) -> 0 | L30: =IF(OR($B30="",N($C30)=0),"",IF($E30="Every paycheck",$C30,IF(N($D30)=0,"",IF(OR(AND(DATE(YEAR(L$11),MONTH(L$11),MIN($D30,DAY(EOMONTH(L$11,0))))>=L$11,DATE(YEAR(L$11),MONTH(L$11),MIN($D30,DAY(EOMONTH(L$11,0))))<=(L$11+13),IF($E30="Monthly",TRUE,IF($E30="Quarterly",MOD(MONTH(L$11)-N($F30),3)=0,MONTH(L$11)=N($F30)))),AND(DATE(YEAR((L$11+13)),MONTH((L$11+13)),MIN($D30,DAY(EOMONTH((L$11+13),0))))>=L$11,DATE(YEAR((L$11+13)),MONTH((L$11+13)),MIN($D30,DAY(EOMONTH((L$11+13),0))))<=(L$11+13),IF($E30="Monthly",TRUE,IF($E30="Quarterly",MOD(MONTH((L$11+13))-N($F30),3)=0,MONTH((L$11+13))=N($F30))))),$C30,"")))) -> 0 | M30: =IF(OR($B30="",N($C30)=0),"",IF($E30="Every paycheck",$C30,IF(N($D30)=0,"",IF(OR(AND(DATE(YEAR(M$11),MONTH(M$11),MIN($D30,DAY(EOMONTH(M$11,0))))>=M$11,DATE(YEAR(M$11),MONTH(M$11),MIN($D30,DAY(EOMONTH(M$11,0))))<=(M$11+13),IF($E30="Monthly",TRUE,IF($E30="Quarterly",MOD(MONTH(M$11)-N($F30),3)=0,MONTH(M$11)=N($F30)))),AND(DATE(YEAR((M$11+13)),MONTH((M$11+13)),MIN($D30,DAY(EOMONTH((M$11+13),0))))>=M$11,DATE(YEAR((M$11+13)),MONTH((M$11+13)),MIN($D30,DAY(EOMONTH((M$11+13),0))))<=(M$11+13),IF($E30="Monthly",TRUE,IF($E30="Quarterly",MOD(MONTH((M$11+13))-N($F30),3)=0,MONTH((M$11+13))=N($F30))))),$C30,"")))) -> 0 | N30: =IF(OR($B30="",N($C30)=0),"",IF($E30="Every paycheck",$C30,IF(N($D30)=0,"",IF(OR(AND(DATE(YEAR(N$11),MONTH(N$11),MIN($D30,DAY(EOMONTH(N$11,0))))>=N$11,DATE(YEAR(N$11),MONTH(N$11),MIN($D30,DAY(EOMONTH(N$11,0))))<=(N$11+13),IF($E30="Monthly",TRUE,IF($E30="Quarterly",MOD(MONTH(N$11)-N($F30),3)=0,MONTH(N$11)=N($F30)))),AND(DATE(YEAR((N$11+13)),MONTH((N$11+13)),MIN($D30,DAY(EOMONTH((N$11+13),0))))>=N$11,DATE(YEAR((N$11+13)),MONTH((N$11+13)),MIN($D30,DAY(EOMONTH((N$11+13),0))))<=(N$11+13),IF($E30="Monthly",TRUE,IF($E30="Quarterly",MOD(MONTH((N$11+13))-N($F30),3)=0,MONTH((N$11+13))=N($F30))))),$C30,"")))) -> 0 | O30: =IF(OR($B30="",N($C30)=0),"",IF($E30="Every paycheck",$C30,IF(N($D30)=0,"",IF(OR(AND(DATE(YEAR(O$11),MONTH(O$11),MIN($D30,DAY(EOMONTH(O$11,0))))>=O$11,DATE(YEAR(O$11),MONTH(O$11),MIN($D30,DAY(EOMONTH(O$11,0))))<=(O$11+13),IF($E30="Monthly",TRUE,IF($E30="Quarterly",MOD(MONTH(O$11)-N($F30),3)=0,MONTH(O$11)=N($F30)))),AND(DATE(YEAR((O$11+13)),MONTH((O$11+13)),MIN($D30,DAY(EOMONTH((O$11+13),0))))>=O$11,DATE(YEAR((O$11+13)),MONTH((O$11+13)),MIN($D30,DAY(EOMONTH((O$11+13),0))))<=(O$11+13),IF($E30="Monthly",TRUE,IF($E30="Quarterly",MOD(MONTH((O$11+13))-N($F30),3)=0,MONTH((O$11+13))=N($F30))))),$C30,"")))) -> 0 | P30: =IF(OR($B30="",N($C30)=0),"",IF($E30="Every paycheck",$C30,IF(N($D30)=0,"",IF(OR(AND(DATE(YEAR(P$11),MONTH(P$11),MIN($D30,DAY(EOMONTH(P$11,0))))>=P$11,DATE(YEAR(P$11),MONTH(P$11),MIN($D30,DAY(EOMONTH(P$11,0))))<=(P$11+13),IF($E30="Monthly",TRUE,IF($E30="Quarterly",MOD(MONTH(P$11)-N($F30),3)=0,MONTH(P$11)=N($F30)))),AND(DATE(YEAR((P$11+13)),MONTH((P$11+13)),MIN($D30,DAY(EOMONTH((P$11+13),0))))>=P$11,DATE(YEAR((P$11+13)),MONTH((P$11+13)),MIN($D30,DAY(EOMONTH((P$11+13),0))))<=(P$11+13),IF($E30="Monthly",TRUE,IF($E30="Quarterly",MOD(MONTH((P$11+13))-N($F30),3)=0,MONTH((P$11+13))=N($F30))))),$C30,"")))) -> 0 | ... AH30: =IF(OR($B30="",N($C30)=0),"",IF($E30="Every paycheck",$C30,IF(N($D30)=0,"",IF(OR(AND(DATE(YEAR(AH$11),MONTH(AH$11),MIN($D30,DAY(EOMONTH(AH$11,0))))>=AH$11,DATE(YEAR(AH$11),MONTH(AH$11),MIN($D30,DAY(EOMONTH(AH$11,0))))<=(AH$11+13),IF($E30="Monthly",TRUE,IF($E30="Quarterly",MOD(MONTH(AH$11)-N($F30),3)=0,MONTH(AH$11)=N($F30)))),AND(DATE(YEAR((AH$11+13)),MONTH((AH$11+13)),MIN($D30,DAY(EOMONTH((AH$11+13),0))))>=AH$11,DATE(YEAR((AH$11+13)),MONTH((AH$11+13)),MIN($D30,DAY(EOMONTH((AH$11+13),0))))<=(AH$11+13),IF($E30="Monthly",TRUE,IF($E30="Quarterly",MOD(MONTH((AH$11+13))-N($F30),3)=0,MONTH((AH$11+13))=N($F30))))),$C30,"")))) -> 0
I31: =IF(OR($B31="",N($C31)=0),"",IF($E31="Every paycheck",$C31,IF(N($D31)=0,"",IF(OR(AND(DATE(YEAR(I$11),MONTH(I$11),MIN($D31,DAY(EOMONTH(I$11,0))))>=I$11,DATE(YEAR(I$11),MONTH(I$11),MIN($D31,DAY(EOMONTH(I$11,0))))<=(I$11+13),IF($E31="Monthly",TRUE,IF($E31="Quarterly",MOD(MONTH(I$11)-N($F31),3)=0,MONTH(I$11)=N($F31)))),AND(DATE(YEAR((I$11+13)),MONTH((I$11+13)),MIN($D31,DAY(EOMONTH((I$11+13),0))))>=I$11,DATE(YEAR((I$11+13)),MONTH((I$11+13)),MIN($D31,DAY(EOMONTH((I$11+13),0))))<=(I$11+13),IF($E31="Monthly",TRUE,IF($E31="Quarterly",MOD(MONTH((I$11+13))-N($F31),3)=0,MONTH((I$11+13))=N($F31))))),$C31,"")))) -> 0 | J31: =IF(OR($B31="",N($C31)=0),"",IF($E31="Every paycheck",$C31,IF(N($D31)=0,"",IF(OR(AND(DATE(YEAR(J$11),MONTH(J$11),MIN($D31,DAY(EOMONTH(J$11,0))))>=J$11,DATE(YEAR(J$11),MONTH(J$11),MIN($D31,DAY(EOMONTH(J$11,0))))<=(J$11+13),IF($E31="Monthly",TRUE,IF($E31="Quarterly",MOD(MONTH(J$11)-N($F31),3)=0,MONTH(J$11)=N($F31)))),AND(DATE(YEAR((J$11+13)),MONTH((J$11+13)),MIN($D31,DAY(EOMONTH((J$11+13),0))))>=J$11,DATE(YEAR((J$11+13)),MONTH((J$11+13)),MIN($D31,DAY(EOMONTH((J$11+13),0))))<=(J$11+13),IF($E31="Monthly",TRUE,IF($E31="Quarterly",MOD(MONTH((J$11+13))-N($F31),3)=0,MONTH((J$11+13))=N($F31))))),$C31,"")))) -> 0 | K31: =IF(OR($B31="",N($C31)=0),"",IF($E31="Every paycheck",$C31,IF(N($D31)=0,"",IF(OR(AND(DATE(YEAR(K$11),MONTH(K$11),MIN($D31,DAY(EOMONTH(K$11,0))))>=K$11,DATE(YEAR(K$11),MONTH(K$11),MIN($D31,DAY(EOMONTH(K$11,0))))<=(K$11+13),IF($E31="Monthly",TRUE,IF($E31="Quarterly",MOD(MONTH(K$11)-N($F31),3)=0,MONTH(K$11)=N($F31)))),AND(DATE(YEAR((K$11+13)),MONTH((K$11+13)),MIN($D31,DAY(EOMONTH((K$11+13),0))))>=K$11,DATE(YEAR((K$11+13)),MONTH((K$11+13)),MIN($D31,DAY(EOMONTH((K$11+13),0))))<=(K$11+13),IF($E31="Monthly",TRUE,IF($E31="Quarterly",MOD(MONTH((K$11+13))-N($F31),3)=0,MONTH((K$11+13))=N($F31))))),$C31,"")))) -> 0 | L31: =IF(OR($B31="",N($C31)=0),"",IF($E31="Every paycheck",$C31,IF(N($D31)=0,"",IF(OR(AND(DATE(YEAR(L$11),MONTH(L$11),MIN($D31,DAY(EOMONTH(L$11,0))))>=L$11,DATE(YEAR(L$11),MONTH(L$11),MIN($D31,DAY(EOMONTH(L$11,0))))<=(L$11+13),IF($E31="Monthly",TRUE,IF($E31="Quarterly",MOD(MONTH(L$11)-N($F31),3)=0,MONTH(L$11)=N($F31)))),AND(DATE(YEAR((L$11+13)),MONTH((L$11+13)),MIN($D31,DAY(EOMONTH((L$11+13),0))))>=L$11,DATE(YEAR((L$11+13)),MONTH((L$11+13)),MIN($D31,DAY(EOMONTH((L$11+13),0))))<=(L$11+13),IF($E31="Monthly",TRUE,IF($E31="Quarterly",MOD(MONTH((L$11+13))-N($F31),3)=0,MONTH((L$11+13))=N($F31))))),$C31,"")))) -> 0 | M31: =IF(OR($B31="",N($C31)=0),"",IF($E31="Every paycheck",$C31,IF(N($D31)=0,"",IF(OR(AND(DATE(YEAR(M$11),MONTH(M$11),MIN($D31,DAY(EOMONTH(M$11,0))))>=M$11,DATE(YEAR(M$11),MONTH(M$11),MIN($D31,DAY(EOMONTH(M$11,0))))<=(M$11+13),IF($E31="Monthly",TRUE,IF($E31="Quarterly",MOD(MONTH(M$11)-N($F31),3)=0,MONTH(M$11)=N($F31)))),AND(DATE(YEAR((M$11+13)),MONTH((M$11+13)),MIN($D31,DAY(EOMONTH((M$11+13),0))))>=M$11,DATE(YEAR((M$11+13)),MONTH((M$11+13)),MIN($D31,DAY(EOMONTH((M$11+13),0))))<=(M$11+13),IF($E31="Monthly",TRUE,IF($E31="Quarterly",MOD(MONTH((M$11+13))-N($F31),3)=0,MONTH((M$11+13))=N($F31))))),$C31,"")))) -> 0 | N31: =IF(OR($B31="",N($C31)=0),"",IF($E31="Every paycheck",$C31,IF(N($D31)=0,"",IF(OR(AND(DATE(YEAR(N$11),MONTH(N$11),MIN($D31,DAY(EOMONTH(N$11,0))))>=N$11,DATE(YEAR(N$11),MONTH(N$11),MIN($D31,DAY(EOMONTH(N$11,0))))<=(N$11+13),IF($E31="Monthly",TRUE,IF($E31="Quarterly",MOD(MONTH(N$11)-N($F31),3)=0,MONTH(N$11)=N($F31)))),AND(DATE(YEAR((N$11+13)),MONTH((N$11+13)),MIN($D31,DAY(EOMONTH((N$11+13),0))))>=N$11,DATE(YEAR((N$11+13)),MONTH((N$11+13)),MIN($D31,DAY(EOMONTH((N$11+13),0))))<=(N$11+13),IF($E31="Monthly",TRUE,IF($E31="Quarterly",MOD(MONTH((N$11+13))-N($F31),3)=0,MONTH((N$11+13))=N($F31))))),$C31,"")))) -> 0 | O31: =IF(OR($B31="",N($C31)=0),"",IF($E31="Every paycheck",$C31,IF(N($D31)=0,"",IF(OR(AND(DATE(YEAR(O$11),MONTH(O$11),MIN($D31,DAY(EOMONTH(O$11,0))))>=O$11,DATE(YEAR(O$11),MONTH(O$11),MIN($D31,DAY(EOMONTH(O$11,0))))<=(O$11+13),IF($E31="Monthly",TRUE,IF($E31="Quarterly",MOD(MONTH(O$11)-N($F31),3)=0,MONTH(O$11)=N($F31)))),AND(DATE(YEAR((O$11+13)),MONTH((O$11+13)),MIN($D31,DAY(EOMONTH((O$11+13),0))))>=O$11,DATE(YEAR((O$11+13)),MONTH((O$11+13)),MIN($D31,DAY(EOMONTH((O$11+13),0))))<=(O$11+13),IF($E31="Monthly",TRUE,IF($E31="Quarterly",MOD(MONTH((O$11+13))-N($F31),3)=0,MONTH((O$11+13))=N($F31))))),$C31,"")))) -> 0 | P31: =IF(OR($B31="",N($C31)=0),"",IF($E31="Every paycheck",$C31,IF(N($D31)=0,"",IF(OR(AND(DATE(YEAR(P$11),MONTH(P$11),MIN($D31,DAY(EOMONTH(P$11,0))))>=P$11,DATE(YEAR(P$11),MONTH(P$11),MIN($D31,DAY(EOMONTH(P$11,0))))<=(P$11+13),IF($E31="Monthly",TRUE,IF($E31="Quarterly",MOD(MONTH(P$11)-N($F31),3)=0,MONTH(P$11)=N($F31)))),AND(DATE(YEAR((P$11+13)),MONTH((P$11+13)),MIN($D31,DAY(EOMONTH((P$11+13),0))))>=P$11,DATE(YEAR((P$11+13)),MONTH((P$11+13)),MIN($D31,DAY(EOMONTH((P$11+13),0))))<=(P$11+13),IF($E31="Monthly",TRUE,IF($E31="Quarterly",MOD(MONTH((P$11+13))-N($F31),3)=0,MONTH((P$11+13))=N($F31))))),$C31,"")))) -> 0 | ... AH31: =IF(OR($B31="",N($C31)=0),"",IF($E31="Every paycheck",$C31,IF(N($D31)=0,"",IF(OR(AND(DATE(YEAR(AH$11),MONTH(AH$11),MIN($D31,DAY(EOMONTH(AH$11,0))))>=AH$11,DATE(YEAR(AH$11),MONTH(AH$11),MIN($D31,DAY(EOMONTH(AH$11,0))))<=(AH$11+13),IF($E31="Monthly",TRUE,IF($E31="Quarterly",MOD(MONTH(AH$11)-N($F31),3)=0,MONTH(AH$11)=N($F31)))),AND(DATE(YEAR((AH$11+13)),MONTH((AH$11+13)),MIN($D31,DAY(EOMONTH((AH$11+13),0))))>=AH$11,DATE(YEAR((AH$11+13)),MONTH((AH$11+13)),MIN($D31,DAY(EOMONTH((AH$11+13),0))))<=(AH$11+13),IF($E31="Monthly",TRUE,IF($E31="Quarterly",MOD(MONTH((AH$11+13))-N($F31),3)=0,MONTH((AH$11+13))=N($F31))))),$C31,"")))) -> 0
I32: =IF(OR($B32="",N($C32)=0),"",IF($E32="Every paycheck",$C32,IF(N($D32)=0,"",IF(OR(AND(DATE(YEAR(I$11),MONTH(I$11),MIN($D32,DAY(EOMONTH(I$11,0))))>=I$11,DATE(YEAR(I$11),MONTH(I$11),MIN($D32,DAY(EOMONTH(I$11,0))))<=(I$11+13),IF($E32="Monthly",TRUE,IF($E32="Quarterly",MOD(MONTH(I$11)-N($F32),3)=0,MONTH(I$11)=N($F32)))),AND(DATE(YEAR((I$11+13)),MONTH((I$11+13)),MIN($D32,DAY(EOMONTH((I$11+13),0))))>=I$11,DATE(YEAR((I$11+13)),MONTH((I$11+13)),MIN($D32,DAY(EOMONTH((I$11+13),0))))<=(I$11+13),IF($E32="Monthly",TRUE,IF($E32="Quarterly",MOD(MONTH((I$11+13))-N($F32),3)=0,MONTH((I$11+13))=N($F32))))),$C32,"")))) -> 0 | J32: =IF(OR($B32="",N($C32)=0),"",IF($E32="Every paycheck",$C32,IF(N($D32)=0,"",IF(OR(AND(DATE(YEAR(J$11),MONTH(J$11),MIN($D32,DAY(EOMONTH(J$11,0))))>=J$11,DATE(YEAR(J$11),MONTH(J$11),MIN($D32,DAY(EOMONTH(J$11,0))))<=(J$11+13),IF($E32="Monthly",TRUE,IF($E32="Quarterly",MOD(MONTH(J$11)-N($F32),3)=0,MONTH(J$11)=N($F32)))),AND(DATE(YEAR((J$11+13)),MONTH((J$11+13)),MIN($D32,DAY(EOMONTH((J$11+13),0))))>=J$11,DATE(YEAR((J$11+13)),MONTH((J$11+13)),MIN($D32,DAY(EOMONTH((J$11+13),0))))<=(J$11+13),IF($E32="Monthly",TRUE,IF($E32="Quarterly",MOD(MONTH((J$11+13))-N($F32),3)=0,MONTH((J$11+13))=N($F32))))),$C32,"")))) -> 0 | K32: =IF(OR($B32="",N($C32)=0),"",IF($E32="Every paycheck",$C32,IF(N($D32)=0,"",IF(OR(AND(DATE(YEAR(K$11),MONTH(K$11),MIN($D32,DAY(EOMONTH(K$11,0))))>=K$11,DATE(YEAR(K$11),MONTH(K$11),MIN($D32,DAY(EOMONTH(K$11,0))))<=(K$11+13),IF($E32="Monthly",TRUE,IF($E32="Quarterly",MOD(MONTH(K$11)-N($F32),3)=0,MONTH(K$11)=N($F32)))),AND(DATE(YEAR((K$11+13)),MONTH((K$11+13)),MIN($D32,DAY(EOMONTH((K$11+13),0))))>=K$11,DATE(YEAR((K$11+13)),MONTH((K$11+13)),MIN($D32,DAY(EOMONTH((K$11+13),0))))<=(K$11+13),IF($E32="Monthly",TRUE,IF($E32="Quarterly",MOD(MONTH((K$11+13))-N($F32),3)=0,MONTH((K$11+13))=N($F32))))),$C32,"")))) -> 0 | L32: =IF(OR($B32="",N($C32)=0),"",IF($E32="Every paycheck",$C32,IF(N($D32)=0,"",IF(OR(AND(DATE(YEAR(L$11),MONTH(L$11),MIN($D32,DAY(EOMONTH(L$11,0))))>=L$11,DATE(YEAR(L$11),MONTH(L$11),MIN($D32,DAY(EOMONTH(L$11,0))))<=(L$11+13),IF($E32="Monthly",TRUE,IF($E32="Quarterly",MOD(MONTH(L$11)-N($F32),3)=0,MONTH(L$11)=N($F32)))),AND(DATE(YEAR((L$11+13)),MONTH((L$11+13)),MIN($D32,DAY(EOMONTH((L$11+13),0))))>=L$11,DATE(YEAR((L$11+13)),MONTH((L$11+13)),MIN($D32,DAY(EOMONTH((L$11+13),0))))<=(L$11+13),IF($E32="Monthly",TRUE,IF($E32="Quarterly",MOD(MONTH((L$11+13))-N($F32),3)=0,MONTH((L$11+13))=N($F32))))),$C32,"")))) -> 0 | M32: =IF(OR($B32="",N($C32)=0),"",IF($E32="Every paycheck",$C32,IF(N($D32)=0,"",IF(OR(AND(DATE(YEAR(M$11),MONTH(M$11),MIN($D32,DAY(EOMONTH(M$11,0))))>=M$11,DATE(YEAR(M$11),MONTH(M$11),MIN($D32,DAY(EOMONTH(M$11,0))))<=(M$11+13),IF($E32="Monthly",TRUE,IF($E32="Quarterly",MOD(MONTH(M$11)-N($F32),3)=0,MONTH(M$11)=N($F32)))),AND(DATE(YEAR((M$11+13)),MONTH((M$11+13)),MIN($D32,DAY(EOMONTH((M$11+13),0))))>=M$11,DATE(YEAR((M$11+13)),MONTH((M$11+13)),MIN($D32,DAY(EOMONTH((M$11+13),0))))<=(M$11+13),IF($E32="Monthly",TRUE,IF($E32="Quarterly",MOD(MONTH((M$11+13))-N($F32),3)=0,MONTH((M$11+13))=N($F32))))),$C32,"")))) -> 0 | N32: =IF(OR($B32="",N($C32)=0),"",IF($E32="Every paycheck",$C32,IF(N($D32)=0,"",IF(OR(AND(DATE(YEAR(N$11),MONTH(N$11),MIN($D32,DAY(EOMONTH(N$11,0))))>=N$11,DATE(YEAR(N$11),MONTH(N$11),MIN($D32,DAY(EOMONTH(N$11,0))))<=(N$11+13),IF($E32="Monthly",TRUE,IF($E32="Quarterly",MOD(MONTH(N$11)-N($F32),3)=0,MONTH(N$11)=N($F32)))),AND(DATE(YEAR((N$11+13)),MONTH((N$11+13)),MIN($D32,DAY(EOMONTH((N$11+13),0))))>=N$11,DATE(YEAR((N$11+13)),MONTH((N$11+13)),MIN($D32,DAY(EOMONTH((N$11+13),0))))<=(N$11+13),IF($E32="Monthly",TRUE,IF($E32="Quarterly",MOD(MONTH((N$11+13))-N($F32),3)=0,MONTH((N$11+13))=N($F32))))),$C32,"")))) -> 0 | O32: =IF(OR($B32="",N($C32)=0),"",IF($E32="Every paycheck",$C32,IF(N($D32)=0,"",IF(OR(AND(DATE(YEAR(O$11),MONTH(O$11),MIN($D32,DAY(EOMONTH(O$11,0))))>=O$11,DATE(YEAR(O$11),MONTH(O$11),MIN($D32,DAY(EOMONTH(O$11,0))))<=(O$11+13),IF($E32="Monthly",TRUE,IF($E32="Quarterly",MOD(MONTH(O$11)-N($F32),3)=0,MONTH(O$11)=N($F32)))),AND(DATE(YEAR((O$11+13)),MONTH((O$11+13)),MIN($D32,DAY(EOMONTH((O$11+13),0))))>=O$11,DATE(YEAR((O$11+13)),MONTH((O$11+13)),MIN($D32,DAY(EOMONTH((O$11+13),0))))<=(O$11+13),IF($E32="Monthly",TRUE,IF($E32="Quarterly",MOD(MONTH((O$11+13))-N($F32),3)=0,MONTH((O$11+13))=N($F32))))),$C32,"")))) -> 0 | P32: =IF(OR($B32="",N($C32)=0),"",IF($E32="Every paycheck",$C32,IF(N($D32)=0,"",IF(OR(AND(DATE(YEAR(P$11),MONTH(P$11),MIN($D32,DAY(EOMONTH(P$11,0))))>=P$11,DATE(YEAR(P$11),MONTH(P$11),MIN($D32,DAY(EOMONTH(P$11,0))))<=(P$11+13),IF($E32="Monthly",TRUE,IF($E32="Quarterly",MOD(MONTH(P$11)-N($F32),3)=0,MONTH(P$11)=N($F32)))),AND(DATE(YEAR((P$11+13)),MONTH((P$11+13)),MIN($D32,DAY(EOMONTH((P$11+13),0))))>=P$11,DATE(YEAR((P$11+13)),MONTH((P$11+13)),MIN($D32,DAY(EOMONTH((P$11+13),0))))<=(P$11+13),IF($E32="Monthly",TRUE,IF($E32="Quarterly",MOD(MONTH((P$11+13))-N($F32),3)=0,MONTH((P$11+13))=N($F32))))),$C32,"")))) -> 0 | ... AH32: =IF(OR($B32="",N($C32)=0),"",IF($E32="Every paycheck",$C32,IF(N($D32)=0,"",IF(OR(AND(DATE(YEAR(AH$11),MONTH(AH$11),MIN($D32,DAY(EOMONTH(AH$11,0))))>=AH$11,DATE(YEAR(AH$11),MONTH(AH$11),MIN($D32,DAY(EOMONTH(AH$11,0))))<=(AH$11+13),IF($E32="Monthly",TRUE,IF($E32="Quarterly",MOD(MONTH(AH$11)-N($F32),3)=0,MONTH(AH$11)=N($F32)))),AND(DATE(YEAR((AH$11+13)),MONTH((AH$11+13)),MIN($D32,DAY(EOMONTH((AH$11+13),0))))>=AH$11,DATE(YEAR((AH$11+13)),MONTH((AH$11+13)),MIN($D32,DAY(EOMONTH((AH$11+13),0))))<=(AH$11+13),IF($E32="Monthly",TRUE,IF($E32="Quarterly",MOD(MONTH((AH$11+13))-N($F32),3)=0,MONTH((AH$11+13))=N($F32))))),$C32,"")))) -> 0
I33: =IF(OR($B33="",N($C33)=0),"",IF($E33="Every paycheck",$C33,IF(N($D33)=0,"",IF(OR(AND(DATE(YEAR(I$11),MONTH(I$11),MIN($D33,DAY(EOMONTH(I$11,0))))>=I$11,DATE(YEAR(I$11),MONTH(I$11),MIN($D33,DAY(EOMONTH(I$11,0))))<=(I$11+13),IF($E33="Monthly",TRUE,IF($E33="Quarterly",MOD(MONTH(I$11)-N($F33),3)=0,MONTH(I$11)=N($F33)))),AND(DATE(YEAR((I$11+13)),MONTH((I$11+13)),MIN($D33,DAY(EOMONTH((I$11+13),0))))>=I$11,DATE(YEAR((I$11+13)),MONTH((I$11+13)),MIN($D33,DAY(EOMONTH((I$11+13),0))))<=(I$11+13),IF($E33="Monthly",TRUE,IF($E33="Quarterly",MOD(MONTH((I$11+13))-N($F33),3)=0,MONTH((I$11+13))=N($F33))))),$C33,"")))) -> 0 | J33: =IF(OR($B33="",N($C33)=0),"",IF($E33="Every paycheck",$C33,IF(N($D33)=0,"",IF(OR(AND(DATE(YEAR(J$11),MONTH(J$11),MIN($D33,DAY(EOMONTH(J$11,0))))>=J$11,DATE(YEAR(J$11),MONTH(J$11),MIN($D33,DAY(EOMONTH(J$11,0))))<=(J$11+13),IF($E33="Monthly",TRUE,IF($E33="Quarterly",MOD(MONTH(J$11)-N($F33),3)=0,MONTH(J$11)=N($F33)))),AND(DATE(YEAR((J$11+13)),MONTH((J$11+13)),MIN($D33,DAY(EOMONTH((J$11+13),0))))>=J$11,DATE(YEAR((J$11+13)),MONTH((J$11+13)),MIN($D33,DAY(EOMONTH((J$11+13),0))))<=(J$11+13),IF($E33="Monthly",TRUE,IF($E33="Quarterly",MOD(MONTH((J$11+13))-N($F33),3)=0,MONTH((J$11+13))=N($F33))))),$C33,"")))) -> 0 | K33: =IF(OR($B33="",N($C33)=0),"",IF($E33="Every paycheck",$C33,IF(N($D33)=0,"",IF(OR(AND(DATE(YEAR(K$11),MONTH(K$11),MIN($D33,DAY(EOMONTH(K$11,0))))>=K$11,DATE(YEAR(K$11),MONTH(K$11),MIN($D33,DAY(EOMONTH(K$11,0))))<=(K$11+13),IF($E33="Monthly",TRUE,IF($E33="Quarterly",MOD(MONTH(K$11)-N($F33),3)=0,MONTH(K$11)=N($F33)))),AND(DATE(YEAR((K$11+13)),MONTH((K$11+13)),MIN($D33,DAY(EOMONTH((K$11+13),0))))>=K$11,DATE(YEAR((K$11+13)),MONTH((K$11+13)),MIN($D33,DAY(EOMONTH((K$11+13),0))))<=(K$11+13),IF($E33="Monthly",TRUE,IF($E33="Quarterly",MOD(MONTH((K$11+13))-N($F33),3)=0,MONTH((K$11+13))=N($F33))))),$C33,"")))) -> 0 | L33: =IF(OR($B33="",N($C33)=0),"",IF($E33="Every paycheck",$C33,IF(N($D33)=0,"",IF(OR(AND(DATE(YEAR(L$11),MONTH(L$11),MIN($D33,DAY(EOMONTH(L$11,0))))>=L$11,DATE(YEAR(L$11),MONTH(L$11),MIN($D33,DAY(EOMONTH(L$11,0))))<=(L$11+13),IF($E33="Monthly",TRUE,IF($E33="Quarterly",MOD(MONTH(L$11)-N($F33),3)=0,MONTH(L$11)=N($F33)))),AND(DATE(YEAR((L$11+13)),MONTH((L$11+13)),MIN($D33,DAY(EOMONTH((L$11+13),0))))>=L$11,DATE(YEAR((L$11+13)),MONTH((L$11+13)),MIN($D33,DAY(EOMONTH((L$11+13),0))))<=(L$11+13),IF($E33="Monthly",TRUE,IF($E33="Quarterly",MOD(MONTH((L$11+13))-N($F33),3)=0,MONTH((L$11+13))=N($F33))))),$C33,"")))) -> 0 | M33: =IF(OR($B33="",N($C33)=0),"",IF($E33="Every paycheck",$C33,IF(N($D33)=0,"",IF(OR(AND(DATE(YEAR(M$11),MONTH(M$11),MIN($D33,DAY(EOMONTH(M$11,0))))>=M$11,DATE(YEAR(M$11),MONTH(M$11),MIN($D33,DAY(EOMONTH(M$11,0))))<=(M$11+13),IF($E33="Monthly",TRUE,IF($E33="Quarterly",MOD(MONTH(M$11)-N($F33),3)=0,MONTH(M$11)=N($F33)))),AND(DATE(YEAR((M$11+13)),MONTH((M$11+13)),MIN($D33,DAY(EOMONTH((M$11+13),0))))>=M$11,DATE(YEAR((M$11+13)),MONTH((M$11+13)),MIN($D33,DAY(EOMONTH((M$11+13),0))))<=(M$11+13),IF($E33="Monthly",TRUE,IF($E33="Quarterly",MOD(MONTH((M$11+13))-N($F33),3)=0,MONTH((M$11+13))=N($F33))))),$C33,"")))) -> 0 | N33: =IF(OR($B33="",N($C33)=0),"",IF($E33="Every paycheck",$C33,IF(N($D33)=0,"",IF(OR(AND(DATE(YEAR(N$11),MONTH(N$11),MIN($D33,DAY(EOMONTH(N$11,0))))>=N$11,DATE(YEAR(N$11),MONTH(N$11),MIN($D33,DAY(EOMONTH(N$11,0))))<=(N$11+13),IF($E33="Monthly",TRUE,IF($E33="Quarterly",MOD(MONTH(N$11)-N($F33),3)=0,MONTH(N$11)=N($F33)))),AND(DATE(YEAR((N$11+13)),MONTH((N$11+13)),MIN($D33,DAY(EOMONTH((N$11+13),0))))>=N$11,DATE(YEAR((N$11+13)),MONTH((N$11+13)),MIN($D33,DAY(EOMONTH((N$11+13),0))))<=(N$11+13),IF($E33="Monthly",TRUE,IF($E33="Quarterly",MOD(MONTH((N$11+13))-N($F33),3)=0,MONTH((N$11+13))=N($F33))))),$C33,"")))) -> 0 | O33: =IF(OR($B33="",N($C33)=0),"",IF($E33="Every paycheck",$C33,IF(N($D33)=0,"",IF(OR(AND(DATE(YEAR(O$11),MONTH(O$11),MIN($D33,DAY(EOMONTH(O$11,0))))>=O$11,DATE(YEAR(O$11),MONTH(O$11),MIN($D33,DAY(EOMONTH(O$11,0))))<=(O$11+13),IF($E33="Monthly",TRUE,IF($E33="Quarterly",MOD(MONTH(O$11)-N($F33),3)=0,MONTH(O$11)=N($F33)))),AND(DATE(YEAR((O$11+13)),MONTH((O$11+13)),MIN($D33,DAY(EOMONTH((O$11+13),0))))>=O$11,DATE(YEAR((O$11+13)),MONTH((O$11+13)),MIN($D33,DAY(EOMONTH((O$11+13),0))))<=(O$11+13),IF($E33="Monthly",TRUE,IF($E33="Quarterly",MOD(MONTH((O$11+13))-N($F33),3)=0,MONTH((O$11+13))=N($F33))))),$C33,"")))) -> 0 | P33: =IF(OR($B33="",N($C33)=0),"",IF($E33="Every paycheck",$C33,IF(N($D33)=0,"",IF(OR(AND(DATE(YEAR(P$11),MONTH(P$11),MIN($D33,DAY(EOMONTH(P$11,0))))>=P$11,DATE(YEAR(P$11),MONTH(P$11),MIN($D33,DAY(EOMONTH(P$11,0))))<=(P$11+13),IF($E33="Monthly",TRUE,IF($E33="Quarterly",MOD(MONTH(P$11)-N($F33),3)=0,MONTH(P$11)=N($F33)))),AND(DATE(YEAR((P$11+13)),MONTH((P$11+13)),MIN($D33,DAY(EOMONTH((P$11+13),0))))>=P$11,DATE(YEAR((P$11+13)),MONTH((P$11+13)),MIN($D33,DAY(EOMONTH((P$11+13),0))))<=(P$11+13),IF($E33="Monthly",TRUE,IF($E33="Quarterly",MOD(MONTH((P$11+13))-N($F33),3)=0,MONTH((P$11+13))=N($F33))))),$C33,"")))) -> 0 | ... AH33: =IF(OR($B33="",N($C33)=0),"",IF($E33="Every paycheck",$C33,IF(N($D33)=0,"",IF(OR(AND(DATE(YEAR(AH$11),MONTH(AH$11),MIN($D33,DAY(EOMONTH(AH$11,0))))>=AH$11,DATE(YEAR(AH$11),MONTH(AH$11),MIN($D33,DAY(EOMONTH(AH$11,0))))<=(AH$11+13),IF($E33="Monthly",TRUE,IF($E33="Quarterly",MOD(MONTH(AH$11)-N($F33),3)=0,MONTH(AH$11)=N($F33)))),AND(DATE(YEAR((AH$11+13)),MONTH((AH$11+13)),MIN($D33,DAY(EOMONTH((AH$11+13),0))))>=AH$11,DATE(YEAR((AH$11+13)),MONTH((AH$11+13)),MIN($D33,DAY(EOMONTH((AH$11+13),0))))<=(AH$11+13),IF($E33="Monthly",TRUE,IF($E33="Quarterly",MOD(MONTH((AH$11+13))-N($F33),3)=0,MONTH((AH$11+13))=N($F33))))),$C33,"")))) -> 0
I34: =IF(OR($B34="",N($C34)=0),"",IF($E34="Every paycheck",$C34,IF(N($D34)=0,"",IF(OR(AND(DATE(YEAR(I$11),MONTH(I$11),MIN($D34,DAY(EOMONTH(I$11,0))))>=I$11,DATE(YEAR(I$11),MONTH(I$11),MIN($D34,DAY(EOMONTH(I$11,0))))<=(I$11+13),IF($E34="Monthly",TRUE,IF($E34="Quarterly",MOD(MONTH(I$11)-N($F34),3)=0,MONTH(I$11)=N($F34)))),AND(DATE(YEAR((I$11+13)),MONTH((I$11+13)),MIN($D34,DAY(EOMONTH((I$11+13),0))))>=I$11,DATE(YEAR((I$11+13)),MONTH((I$11+13)),MIN($D34,DAY(EOMONTH((I$11+13),0))))<=(I$11+13),IF($E34="Monthly",TRUE,IF($E34="Quarterly",MOD(MONTH((I$11+13))-N($F34),3)=0,MONTH((I$11+13))=N($F34))))),$C34,"")))) -> 0 | J34: =IF(OR($B34="",N($C34)=0),"",IF($E34="Every paycheck",$C34,IF(N($D34)=0,"",IF(OR(AND(DATE(YEAR(J$11),MONTH(J$11),MIN($D34,DAY(EOMONTH(J$11,0))))>=J$11,DATE(YEAR(J$11),MONTH(J$11),MIN($D34,DAY(EOMONTH(J$11,0))))<=(J$11+13),IF($E34="Monthly",TRUE,IF($E34="Quarterly",MOD(MONTH(J$11)-N($F34),3)=0,MONTH(J$11)=N($F34)))),AND(DATE(YEAR((J$11+13)),MONTH((J$11+13)),MIN($D34,DAY(EOMONTH((J$11+13),0))))>=J$11,DATE(YEAR((J$11+13)),MONTH((J$11+13)),MIN($D34,DAY(EOMONTH((J$11+13),0))))<=(J$11+13),IF($E34="Monthly",TRUE,IF($E34="Quarterly",MOD(MONTH((J$11+13))-N($F34),3)=0,MONTH((J$11+13))=N($F34))))),$C34,"")))) -> 0 | K34: =IF(OR($B34="",N($C34)=0),"",IF($E34="Every paycheck",$C34,IF(N($D34)=0,"",IF(OR(AND(DATE(YEAR(K$11),MONTH(K$11),MIN($D34,DAY(EOMONTH(K$11,0))))>=K$11,DATE(YEAR(K$11),MONTH(K$11),MIN($D34,DAY(EOMONTH(K$11,0))))<=(K$11+13),IF($E34="Monthly",TRUE,IF($E34="Quarterly",MOD(MONTH(K$11)-N($F34),3)=0,MONTH(K$11)=N($F34)))),AND(DATE(YEAR((K$11+13)),MONTH((K$11+13)),MIN($D34,DAY(EOMONTH((K$11+13),0))))>=K$11,DATE(YEAR((K$11+13)),MONTH((K$11+13)),MIN($D34,DAY(EOMONTH((K$11+13),0))))<=(K$11+13),IF($E34="Monthly",TRUE,IF($E34="Quarterly",MOD(MONTH((K$11+13))-N($F34),3)=0,MONTH((K$11+13))=N($F34))))),$C34,"")))) -> 0 | L34: =IF(OR($B34="",N($C34)=0),"",IF($E34="Every paycheck",$C34,IF(N($D34)=0,"",IF(OR(AND(DATE(YEAR(L$11),MONTH(L$11),MIN($D34,DAY(EOMONTH(L$11,0))))>=L$11,DATE(YEAR(L$11),MONTH(L$11),MIN($D34,DAY(EOMONTH(L$11,0))))<=(L$11+13),IF($E34="Monthly",TRUE,IF($E34="Quarterly",MOD(MONTH(L$11)-N($F34),3)=0,MONTH(L$11)=N($F34)))),AND(DATE(YEAR((L$11+13)),MONTH((L$11+13)),MIN($D34,DAY(EOMONTH((L$11+13),0))))>=L$11,DATE(YEAR((L$11+13)),MONTH((L$11+13)),MIN($D34,DAY(EOMONTH((L$11+13),0))))<=(L$11+13),IF($E34="Monthly",TRUE,IF($E34="Quarterly",MOD(MONTH((L$11+13))-N($F34),3)=0,MONTH((L$11+13))=N($F34))))),$C34,"")))) -> 0 | M34: =IF(OR($B34="",N($C34)=0),"",IF($E34="Every paycheck",$C34,IF(N($D34)=0,"",IF(OR(AND(DATE(YEAR(M$11),MONTH(M$11),MIN($D34,DAY(EOMONTH(M$11,0))))>=M$11,DATE(YEAR(M$11),MONTH(M$11),MIN($D34,DAY(EOMONTH(M$11,0))))<=(M$11+13),IF($E34="Monthly",TRUE,IF($E34="Quarterly",MOD(MONTH(M$11)-N($F34),3)=0,MONTH(M$11)=N($F34)))),AND(DATE(YEAR((M$11+13)),MONTH((M$11+13)),MIN($D34,DAY(EOMONTH((M$11+13),0))))>=M$11,DATE(YEAR((M$11+13)),MONTH((M$11+13)),MIN($D34,DAY(EOMONTH((M$11+13),0))))<=(M$11+13),IF($E34="Monthly",TRUE,IF($E34="Quarterly",MOD(MONTH((M$11+13))-N($F34),3)=0,MONTH((M$11+13))=N($F34))))),$C34,"")))) -> 0 | N34: =IF(OR($B34="",N($C34)=0),"",IF($E34="Every paycheck",$C34,IF(N($D34)=0,"",IF(OR(AND(DATE(YEAR(N$11),MONTH(N$11),MIN($D34,DAY(EOMONTH(N$11,0))))>=N$11,DATE(YEAR(N$11),MONTH(N$11),MIN($D34,DAY(EOMONTH(N$11,0))))<=(N$11+13),IF($E34="Monthly",TRUE,IF($E34="Quarterly",MOD(MONTH(N$11)-N($F34),3)=0,MONTH(N$11)=N($F34)))),AND(DATE(YEAR((N$11+13)),MONTH((N$11+13)),MIN($D34,DAY(EOMONTH((N$11+13),0))))>=N$11,DATE(YEAR((N$11+13)),MONTH((N$11+13)),MIN($D34,DAY(EOMONTH((N$11+13),0))))<=(N$11+13),IF($E34="Monthly",TRUE,IF($E34="Quarterly",MOD(MONTH((N$11+13))-N($F34),3)=0,MONTH((N$11+13))=N($F34))))),$C34,"")))) -> 0 | O34: =IF(OR($B34="",N($C34)=0),"",IF($E34="Every paycheck",$C34,IF(N($D34)=0,"",IF(OR(AND(DATE(YEAR(O$11),MONTH(O$11),MIN($D34,DAY(EOMONTH(O$11,0))))>=O$11,DATE(YEAR(O$11),MONTH(O$11),MIN($D34,DAY(EOMONTH(O$11,0))))<=(O$11+13),IF($E34="Monthly",TRUE,IF($E34="Quarterly",MOD(MONTH(O$11)-N($F34),3)=0,MONTH(O$11)=N($F34)))),AND(DATE(YEAR((O$11+13)),MONTH((O$11+13)),MIN($D34,DAY(EOMONTH((O$11+13),0))))>=O$11,DATE(YEAR((O$11+13)),MONTH((O$11+13)),MIN($D34,DAY(EOMONTH((O$11+13),0))))<=(O$11+13),IF($E34="Monthly",TRUE,IF($E34="Quarterly",MOD(MONTH((O$11+13))-N($F34),3)=0,MONTH((O$11+13))=N($F34))))),$C34,"")))) -> 0 | P34: =IF(OR($B34="",N($C34)=0),"",IF($E34="Every paycheck",$C34,IF(N($D34)=0,"",IF(OR(AND(DATE(YEAR(P$11),MONTH(P$11),MIN($D34,DAY(EOMONTH(P$11,0))))>=P$11,DATE(YEAR(P$11),MONTH(P$11),MIN($D34,DAY(EOMONTH(P$11,0))))<=(P$11+13),IF($E34="Monthly",TRUE,IF($E34="Quarterly",MOD(MONTH(P$11)-N($F34),3)=0,MONTH(P$11)=N($F34)))),AND(DATE(YEAR((P$11+13)),MONTH((P$11+13)),MIN($D34,DAY(EOMONTH((P$11+13),0))))>=P$11,DATE(YEAR((P$11+13)),MONTH((P$11+13)),MIN($D34,DAY(EOMONTH((P$11+13),0))))<=(P$11+13),IF($E34="Monthly",TRUE,IF($E34="Quarterly",MOD(MONTH((P$11+13))-N($F34),3)=0,MONTH((P$11+13))=N($F34))))),$C34,"")))) -> 0 | ... AH34: =IF(OR($B34="",N($C34)=0),"",IF($E34="Every paycheck",$C34,IF(N($D34)=0,"",IF(OR(AND(DATE(YEAR(AH$11),MONTH(AH$11),MIN($D34,DAY(EOMONTH(AH$11,0))))>=AH$11,DATE(YEAR(AH$11),MONTH(AH$11),MIN($D34,DAY(EOMONTH(AH$11,0))))<=(AH$11+13),IF($E34="Monthly",TRUE,IF($E34="Quarterly",MOD(MONTH(AH$11)-N($F34),3)=0,MONTH(AH$11)=N($F34)))),AND(DATE(YEAR((AH$11+13)),MONTH((AH$11+13)),MIN($D34,DAY(EOMONTH((AH$11+13),0))))>=AH$11,DATE(YEAR((AH$11+13)),MONTH((AH$11+13)),MIN($D34,DAY(EOMONTH((AH$11+13),0))))<=(AH$11+13),IF($E34="Monthly",TRUE,IF($E34="Quarterly",MOD(MONTH((AH$11+13))-N($F34),3)=0,MONTH((AH$11+13))=N($F34))))),$C34,"")))) -> 0
I35: =IF(OR($B35="",N($C35)=0),"",IF($E35="Every paycheck",$C35,IF(N($D35)=0,"",IF(OR(AND(DATE(YEAR(I$11),MONTH(I$11),MIN($D35,DAY(EOMONTH(I$11,0))))>=I$11,DATE(YEAR(I$11),MONTH(I$11),MIN($D35,DAY(EOMONTH(I$11,0))))<=(I$11+13),IF($E35="Monthly",TRUE,IF($E35="Quarterly",MOD(MONTH(I$11)-N($F35),3)=0,MONTH(I$11)=N($F35)))),AND(DATE(YEAR((I$11+13)),MONTH((I$11+13)),MIN($D35,DAY(EOMONTH((I$11+13),0))))>=I$11,DATE(YEAR((I$11+13)),MONTH((I$11+13)),MIN($D35,DAY(EOMONTH((I$11+13),0))))<=(I$11+13),IF($E35="Monthly",TRUE,IF($E35="Quarterly",MOD(MONTH((I$11+13))-N($F35),3)=0,MONTH((I$11+13))=N($F35))))),$C35,"")))) -> 0 | J35: =IF(OR($B35="",N($C35)=0),"",IF($E35="Every paycheck",$C35,IF(N($D35)=0,"",IF(OR(AND(DATE(YEAR(J$11),MONTH(J$11),MIN($D35,DAY(EOMONTH(J$11,0))))>=J$11,DATE(YEAR(J$11),MONTH(J$11),MIN($D35,DAY(EOMONTH(J$11,0))))<=(J$11+13),IF($E35="Monthly",TRUE,IF($E35="Quarterly",MOD(MONTH(J$11)-N($F35),3)=0,MONTH(J$11)=N($F35)))),AND(DATE(YEAR((J$11+13)),MONTH((J$11+13)),MIN($D35,DAY(EOMONTH((J$11+13),0))))>=J$11,DATE(YEAR((J$11+13)),MONTH((J$11+13)),MIN($D35,DAY(EOMONTH((J$11+13),0))))<=(J$11+13),IF($E35="Monthly",TRUE,IF($E35="Quarterly",MOD(MONTH((J$11+13))-N($F35),3)=0,MONTH((J$11+13))=N($F35))))),$C35,"")))) -> 0 | K35: =IF(OR($B35="",N($C35)=0),"",IF($E35="Every paycheck",$C35,IF(N($D35)=0,"",IF(OR(AND(DATE(YEAR(K$11),MONTH(K$11),MIN($D35,DAY(EOMONTH(K$11,0))))>=K$11,DATE(YEAR(K$11),MONTH(K$11),MIN($D35,DAY(EOMONTH(K$11,0))))<=(K$11+13),IF($E35="Monthly",TRUE,IF($E35="Quarterly",MOD(MONTH(K$11)-N($F35),3)=0,MONTH(K$11)=N($F35)))),AND(DATE(YEAR((K$11+13)),MONTH((K$11+13)),MIN($D35,DAY(EOMONTH((K$11+13),0))))>=K$11,DATE(YEAR((K$11+13)),MONTH((K$11+13)),MIN($D35,DAY(EOMONTH((K$11+13),0))))<=(K$11+13),IF($E35="Monthly",TRUE,IF($E35="Quarterly",MOD(MONTH((K$11+13))-N($F35),3)=0,MONTH((K$11+13))=N($F35))))),$C35,"")))) -> 0 | L35: =IF(OR($B35="",N($C35)=0),"",IF($E35="Every paycheck",$C35,IF(N($D35)=0,"",IF(OR(AND(DATE(YEAR(L$11),MONTH(L$11),MIN($D35,DAY(EOMONTH(L$11,0))))>=L$11,DATE(YEAR(L$11),MONTH(L$11),MIN($D35,DAY(EOMONTH(L$11,0))))<=(L$11+13),IF($E35="Monthly",TRUE,IF($E35="Quarterly",MOD(MONTH(L$11)-N($F35),3)=0,MONTH(L$11)=N($F35)))),AND(DATE(YEAR((L$11+13)),MONTH((L$11+13)),MIN($D35,DAY(EOMONTH((L$11+13),0))))>=L$11,DATE(YEAR((L$11+13)),MONTH((L$11+13)),MIN($D35,DAY(EOMONTH((L$11+13),0))))<=(L$11+13),IF($E35="Monthly",TRUE,IF($E35="Quarterly",MOD(MONTH((L$11+13))-N($F35),3)=0,MONTH((L$11+13))=N($F35))))),$C35,"")))) -> 0 | M35: =IF(OR($B35="",N($C35)=0),"",IF($E35="Every paycheck",$C35,IF(N($D35)=0,"",IF(OR(AND(DATE(YEAR(M$11),MONTH(M$11),MIN($D35,DAY(EOMONTH(M$11,0))))>=M$11,DATE(YEAR(M$11),MONTH(M$11),MIN($D35,DAY(EOMONTH(M$11,0))))<=(M$11+13),IF($E35="Monthly",TRUE,IF($E35="Quarterly",MOD(MONTH(M$11)-N($F35),3)=0,MONTH(M$11)=N($F35)))),AND(DATE(YEAR((M$11+13)),MONTH((M$11+13)),MIN($D35,DAY(EOMONTH((M$11+13),0))))>=M$11,DATE(YEAR((M$11+13)),MONTH((M$11+13)),MIN($D35,DAY(EOMONTH((M$11+13),0))))<=(M$11+13),IF($E35="Monthly",TRUE,IF($E35="Quarterly",MOD(MONTH((M$11+13))-N($F35),3)=0,MONTH((M$11+13))=N($F35))))),$C35,"")))) -> 0 | N35: =IF(OR($B35="",N($C35)=0),"",IF($E35="Every paycheck",$C35,IF(N($D35)=0,"",IF(OR(AND(DATE(YEAR(N$11),MONTH(N$11),MIN($D35,DAY(EOMONTH(N$11,0))))>=N$11,DATE(YEAR(N$11),MONTH(N$11),MIN($D35,DAY(EOMONTH(N$11,0))))<=(N$11+13),IF($E35="Monthly",TRUE,IF($E35="Quarterly",MOD(MONTH(N$11)-N($F35),3)=0,MONTH(N$11)=N($F35)))),AND(DATE(YEAR((N$11+13)),MONTH((N$11+13)),MIN($D35,DAY(EOMONTH((N$11+13),0))))>=N$11,DATE(YEAR((N$11+13)),MONTH((N$11+13)),MIN($D35,DAY(EOMONTH((N$11+13),0))))<=(N$11+13),IF($E35="Monthly",TRUE,IF($E35="Quarterly",MOD(MONTH((N$11+13))-N($F35),3)=0,MONTH((N$11+13))=N($F35))))),$C35,"")))) -> 0 | O35: =IF(OR($B35="",N($C35)=0),"",IF($E35="Every paycheck",$C35,IF(N($D35)=0,"",IF(OR(AND(DATE(YEAR(O$11),MONTH(O$11),MIN($D35,DAY(EOMONTH(O$11,0))))>=O$11,DATE(YEAR(O$11),MONTH(O$11),MIN($D35,DAY(EOMONTH(O$11,0))))<=(O$11+13),IF($E35="Monthly",TRUE,IF($E35="Quarterly",MOD(MONTH(O$11)-N($F35),3)=0,MONTH(O$11)=N($F35)))),AND(DATE(YEAR((O$11+13)),MONTH((O$11+13)),MIN($D35,DAY(EOMONTH((O$11+13),0))))>=O$11,DATE(YEAR((O$11+13)),MONTH((O$11+13)),MIN($D35,DAY(EOMONTH((O$11+13),0))))<=(O$11+13),IF($E35="Monthly",TRUE,IF($E35="Quarterly",MOD(MONTH((O$11+13))-N($F35),3)=0,MONTH((O$11+13))=N($F35))))),$C35,"")))) -> 0 | P35: =IF(OR($B35="",N($C35)=0),"",IF($E35="Every paycheck",$C35,IF(N($D35)=0,"",IF(OR(AND(DATE(YEAR(P$11),MONTH(P$11),MIN($D35,DAY(EOMONTH(P$11,0))))>=P$11,DATE(YEAR(P$11),MONTH(P$11),MIN($D35,DAY(EOMONTH(P$11,0))))<=(P$11+13),IF($E35="Monthly",TRUE,IF($E35="Quarterly",MOD(MONTH(P$11)-N($F35),3)=0,MONTH(P$11)=N($F35)))),AND(DATE(YEAR((P$11+13)),MONTH((P$11+13)),MIN($D35,DAY(EOMONTH((P$11+13),0))))>=P$11,DATE(YEAR((P$11+13)),MONTH((P$11+13)),MIN($D35,DAY(EOMONTH((P$11+13),0))))<=(P$11+13),IF($E35="Monthly",TRUE,IF($E35="Quarterly",MOD(MONTH((P$11+13))-N($F35),3)=0,MONTH((P$11+13))=N($F35))))),$C35,"")))) -> 0 | ... AH35: =IF(OR($B35="",N($C35)=0),"",IF($E35="Every paycheck",$C35,IF(N($D35)=0,"",IF(OR(AND(DATE(YEAR(AH$11),MONTH(AH$11),MIN($D35,DAY(EOMONTH(AH$11,0))))>=AH$11,DATE(YEAR(AH$11),MONTH(AH$11),MIN($D35,DAY(EOMONTH(AH$11,0))))<=(AH$11+13),IF($E35="Monthly",TRUE,IF($E35="Quarterly",MOD(MONTH(AH$11)-N($F35),3)=0,MONTH(AH$11)=N($F35)))),AND(DATE(YEAR((AH$11+13)),MONTH((AH$11+13)),MIN($D35,DAY(EOMONTH((AH$11+13),0))))>=AH$11,DATE(YEAR((AH$11+13)),MONTH((AH$11+13)),MIN($D35,DAY(EOMONTH((AH$11+13),0))))<=(AH$11+13),IF($E35="Monthly",TRUE,IF($E35="Quarterly",MOD(MONTH((AH$11+13))-N($F35),3)=0,MONTH((AH$11+13))=N($F35))))),$C35,"")))) -> 0
I36: =IF(OR($B36="",N($C36)=0),"",IF($E36="Every paycheck",$C36,IF(N($D36)=0,"",IF(OR(AND(DATE(YEAR(I$11),MONTH(I$11),MIN($D36,DAY(EOMONTH(I$11,0))))>=I$11,DATE(YEAR(I$11),MONTH(I$11),MIN($D36,DAY(EOMONTH(I$11,0))))<=(I$11+13),IF($E36="Monthly",TRUE,IF($E36="Quarterly",MOD(MONTH(I$11)-N($F36),3)=0,MONTH(I$11)=N($F36)))),AND(DATE(YEAR((I$11+13)),MONTH((I$11+13)),MIN($D36,DAY(EOMONTH((I$11+13),0))))>=I$11,DATE(YEAR((I$11+13)),MONTH((I$11+13)),MIN($D36,DAY(EOMONTH((I$11+13),0))))<=(I$11+13),IF($E36="Monthly",TRUE,IF($E36="Quarterly",MOD(MONTH((I$11+13))-N($F36),3)=0,MONTH((I$11+13))=N($F36))))),$C36,"")))) -> 0 | J36: =IF(OR($B36="",N($C36)=0),"",IF($E36="Every paycheck",$C36,IF(N($D36)=0,"",IF(OR(AND(DATE(YEAR(J$11),MONTH(J$11),MIN($D36,DAY(EOMONTH(J$11,0))))>=J$11,DATE(YEAR(J$11),MONTH(J$11),MIN($D36,DAY(EOMONTH(J$11,0))))<=(J$11+13),IF($E36="Monthly",TRUE,IF($E36="Quarterly",MOD(MONTH(J$11)-N($F36),3)=0,MONTH(J$11)=N($F36)))),AND(DATE(YEAR((J$11+13)),MONTH((J$11+13)),MIN($D36,DAY(EOMONTH((J$11+13),0))))>=J$11,DATE(YEAR((J$11+13)),MONTH((J$11+13)),MIN($D36,DAY(EOMONTH((J$11+13),0))))<=(J$11+13),IF($E36="Monthly",TRUE,IF($E36="Quarterly",MOD(MONTH((J$11+13))-N($F36),3)=0,MONTH((J$11+13))=N($F36))))),$C36,"")))) -> 0 | K36: =IF(OR($B36="",N($C36)=0),"",IF($E36="Every paycheck",$C36,IF(N($D36)=0,"",IF(OR(AND(DATE(YEAR(K$11),MONTH(K$11),MIN($D36,DAY(EOMONTH(K$11,0))))>=K$11,DATE(YEAR(K$11),MONTH(K$11),MIN($D36,DAY(EOMONTH(K$11,0))))<=(K$11+13),IF($E36="Monthly",TRUE,IF($E36="Quarterly",MOD(MONTH(K$11)-N($F36),3)=0,MONTH(K$11)=N($F36)))),AND(DATE(YEAR((K$11+13)),MONTH((K$11+13)),MIN($D36,DAY(EOMONTH((K$11+13),0))))>=K$11,DATE(YEAR((K$11+13)),MONTH((K$11+13)),MIN($D36,DAY(EOMONTH((K$11+13),0))))<=(K$11+13),IF($E36="Monthly",TRUE,IF($E36="Quarterly",MOD(MONTH((K$11+13))-N($F36),3)=0,MONTH((K$11+13))=N($F36))))),$C36,"")))) -> 0 | L36: =IF(OR($B36="",N($C36)=0),"",IF($E36="Every paycheck",$C36,IF(N($D36)=0,"",IF(OR(AND(DATE(YEAR(L$11),MONTH(L$11),MIN($D36,DAY(EOMONTH(L$11,0))))>=L$11,DATE(YEAR(L$11),MONTH(L$11),MIN($D36,DAY(EOMONTH(L$11,0))))<=(L$11+13),IF($E36="Monthly",TRUE,IF($E36="Quarterly",MOD(MONTH(L$11)-N($F36),3)=0,MONTH(L$11)=N($F36)))),AND(DATE(YEAR((L$11+13)),MONTH((L$11+13)),MIN($D36,DAY(EOMONTH((L$11+13),0))))>=L$11,DATE(YEAR((L$11+13)),MONTH((L$11+13)),MIN($D36,DAY(EOMONTH((L$11+13),0))))<=(L$11+13),IF($E36="Monthly",TRUE,IF($E36="Quarterly",MOD(MONTH((L$11+13))-N($F36),3)=0,MONTH((L$11+13))=N($F36))))),$C36,"")))) -> 0 | M36: =IF(OR($B36="",N($C36)=0),"",IF($E36="Every paycheck",$C36,IF(N($D36)=0,"",IF(OR(AND(DATE(YEAR(M$11),MONTH(M$11),MIN($D36,DAY(EOMONTH(M$11,0))))>=M$11,DATE(YEAR(M$11),MONTH(M$11),MIN($D36,DAY(EOMONTH(M$11,0))))<=(M$11+13),IF($E36="Monthly",TRUE,IF($E36="Quarterly",MOD(MONTH(M$11)-N($F36),3)=0,MONTH(M$11)=N($F36)))),AND(DATE(YEAR((M$11+13)),MONTH((M$11+13)),MIN($D36,DAY(EOMONTH((M$11+13),0))))>=M$11,DATE(YEAR((M$11+13)),MONTH((M$11+13)),MIN($D36,DAY(EOMONTH((M$11+13),0))))<=(M$11+13),IF($E36="Monthly",TRUE,IF($E36="Quarterly",MOD(MONTH((M$11+13))-N($F36),3)=0,MONTH((M$11+13))=N($F36))))),$C36,"")))) -> 0 | N36: =IF(OR($B36="",N($C36)=0),"",IF($E36="Every paycheck",$C36,IF(N($D36)=0,"",IF(OR(AND(DATE(YEAR(N$11),MONTH(N$11),MIN($D36,DAY(EOMONTH(N$11,0))))>=N$11,DATE(YEAR(N$11),MONTH(N$11),MIN($D36,DAY(EOMONTH(N$11,0))))<=(N$11+13),IF($E36="Monthly",TRUE,IF($E36="Quarterly",MOD(MONTH(N$11)-N($F36),3)=0,MONTH(N$11)=N($F36)))),AND(DATE(YEAR((N$11+13)),MONTH((N$11+13)),MIN($D36,DAY(EOMONTH((N$11+13),0))))>=N$11,DATE(YEAR((N$11+13)),MONTH((N$11+13)),MIN($D36,DAY(EOMONTH((N$11+13),0))))<=(N$11+13),IF($E36="Monthly",TRUE,IF($E36="Quarterly",MOD(MONTH((N$11+13))-N($F36),3)=0,MONTH((N$11+13))=N($F36))))),$C36,"")))) -> 0 | O36: =IF(OR($B36="",N($C36)=0),"",IF($E36="Every paycheck",$C36,IF(N($D36)=0,"",IF(OR(AND(DATE(YEAR(O$11),MONTH(O$11),MIN($D36,DAY(EOMONTH(O$11,0))))>=O$11,DATE(YEAR(O$11),MONTH(O$11),MIN($D36,DAY(EOMONTH(O$11,0))))<=(O$11+13),IF($E36="Monthly",TRUE,IF($E36="Quarterly",MOD(MONTH(O$11)-N($F36),3)=0,MONTH(O$11)=N($F36)))),AND(DATE(YEAR((O$11+13)),MONTH((O$11+13)),MIN($D36,DAY(EOMONTH((O$11+13),0))))>=O$11,DATE(YEAR((O$11+13)),MONTH((O$11+13)),MIN($D36,DAY(EOMONTH((O$11+13),0))))<=(O$11+13),IF($E36="Monthly",TRUE,IF($E36="Quarterly",MOD(MONTH((O$11+13))-N($F36),3)=0,MONTH((O$11+13))=N($F36))))),$C36,"")))) -> 0 | P36: =IF(OR($B36="",N($C36)=0),"",IF($E36="Every paycheck",$C36,IF(N($D36)=0,"",IF(OR(AND(DATE(YEAR(P$11),MONTH(P$11),MIN($D36,DAY(EOMONTH(P$11,0))))>=P$11,DATE(YEAR(P$11),MONTH(P$11),MIN($D36,DAY(EOMONTH(P$11,0))))<=(P$11+13),IF($E36="Monthly",TRUE,IF($E36="Quarterly",MOD(MONTH(P$11)-N($F36),3)=0,MONTH(P$11)=N($F36)))),AND(DATE(YEAR((P$11+13)),MONTH((P$11+13)),MIN($D36,DAY(EOMONTH((P$11+13),0))))>=P$11,DATE(YEAR((P$11+13)),MONTH((P$11+13)),MIN($D36,DAY(EOMONTH((P$11+13),0))))<=(P$11+13),IF($E36="Monthly",TRUE,IF($E36="Quarterly",MOD(MONTH((P$11+13))-N($F36),3)=0,MONTH((P$11+13))=N($F36))))),$C36,"")))) -> 0 | ... AH36: =IF(OR($B36="",N($C36)=0),"",IF($E36="Every paycheck",$C36,IF(N($D36)=0,"",IF(OR(AND(DATE(YEAR(AH$11),MONTH(AH$11),MIN($D36,DAY(EOMONTH(AH$11,0))))>=AH$11,DATE(YEAR(AH$11),MONTH(AH$11),MIN($D36,DAY(EOMONTH(AH$11,0))))<=(AH$11+13),IF($E36="Monthly",TRUE,IF($E36="Quarterly",MOD(MONTH(AH$11)-N($F36),3)=0,MONTH(AH$11)=N($F36)))),AND(DATE(YEAR((AH$11+13)),MONTH((AH$11+13)),MIN($D36,DAY(EOMONTH((AH$11+13),0))))>=AH$11,DATE(YEAR((AH$11+13)),MONTH((AH$11+13)),MIN($D36,DAY(EOMONTH((AH$11+13),0))))<=(AH$11+13),IF($E36="Monthly",TRUE,IF($E36="Quarterly",MOD(MONTH((AH$11+13))-N($F36),3)=0,MONTH((AH$11+13))=N($F36))))),$C36,"")))) -> 0
I37: =IF(OR($B37="",N($C37)=0),"",IF($E37="Every paycheck",$C37,IF(N($D37)=0,"",IF(OR(AND(DATE(YEAR(I$11),MONTH(I$11),MIN($D37,DAY(EOMONTH(I$11,0))))>=I$11,DATE(YEAR(I$11),MONTH(I$11),MIN($D37,DAY(EOMONTH(I$11,0))))<=(I$11+13),IF($E37="Monthly",TRUE,IF($E37="Quarterly",MOD(MONTH(I$11)-N($F37),3)=0,MONTH(I$11)=N($F37)))),AND(DATE(YEAR((I$11+13)),MONTH((I$11+13)),MIN($D37,DAY(EOMONTH((I$11+13),0))))>=I$11,DATE(YEAR((I$11+13)),MONTH((I$11+13)),MIN($D37,DAY(EOMONTH((I$11+13),0))))<=(I$11+13),IF($E37="Monthly",TRUE,IF($E37="Quarterly",MOD(MONTH((I$11+13))-N($F37),3)=0,MONTH((I$11+13))=N($F37))))),$C37,"")))) -> 0 | J37: =IF(OR($B37="",N($C37)=0),"",IF($E37="Every paycheck",$C37,IF(N($D37)=0,"",IF(OR(AND(DATE(YEAR(J$11),MONTH(J$11),MIN($D37,DAY(EOMONTH(J$11,0))))>=J$11,DATE(YEAR(J$11),MONTH(J$11),MIN($D37,DAY(EOMONTH(J$11,0))))<=(J$11+13),IF($E37="Monthly",TRUE,IF($E37="Quarterly",MOD(MONTH(J$11)-N($F37),3)=0,MONTH(J$11)=N($F37)))),AND(DATE(YEAR((J$11+13)),MONTH((J$11+13)),MIN($D37,DAY(EOMONTH((J$11+13),0))))>=J$11,DATE(YEAR((J$11+13)),MONTH((J$11+13)),MIN($D37,DAY(EOMONTH((J$11+13),0))))<=(J$11+13),IF($E37="Monthly",TRUE,IF($E37="Quarterly",MOD(MONTH((J$11+13))-N($F37),3)=0,MONTH((J$11+13))=N($F37))))),$C37,"")))) -> 0 | K37: =IF(OR($B37="",N($C37)=0),"",IF($E37="Every paycheck",$C37,IF(N($D37)=0,"",IF(OR(AND(DATE(YEAR(K$11),MONTH(K$11),MIN($D37,DAY(EOMONTH(K$11,0))))>=K$11,DATE(YEAR(K$11),MONTH(K$11),MIN($D37,DAY(EOMONTH(K$11,0))))<=(K$11+13),IF($E37="Monthly",TRUE,IF($E37="Quarterly",MOD(MONTH(K$11)-N($F37),3)=0,MONTH(K$11)=N($F37)))),AND(DATE(YEAR((K$11+13)),MONTH((K$11+13)),MIN($D37,DAY(EOMONTH((K$11+13),0))))>=K$11,DATE(YEAR((K$11+13)),MONTH((K$11+13)),MIN($D37,DAY(EOMONTH((K$11+13),0))))<=(K$11+13),IF($E37="Monthly",TRUE,IF($E37="Quarterly",MOD(MONTH((K$11+13))-N($F37),3)=0,MONTH((K$11+13))=N($F37))))),$C37,"")))) -> 0 | L37: =IF(OR($B37="",N($C37)=0),"",IF($E37="Every paycheck",$C37,IF(N($D37)=0,"",IF(OR(AND(DATE(YEAR(L$11),MONTH(L$11),MIN($D37,DAY(EOMONTH(L$11,0))))>=L$11,DATE(YEAR(L$11),MONTH(L$11),MIN($D37,DAY(EOMONTH(L$11,0))))<=(L$11+13),IF($E37="Monthly",TRUE,IF($E37="Quarterly",MOD(MONTH(L$11)-N($F37),3)=0,MONTH(L$11)=N($F37)))),AND(DATE(YEAR((L$11+13)),MONTH((L$11+13)),MIN($D37,DAY(EOMONTH((L$11+13),0))))>=L$11,DATE(YEAR((L$11+13)),MONTH((L$11+13)),MIN($D37,DAY(EOMONTH((L$11+13),0))))<=(L$11+13),IF($E37="Monthly",TRUE,IF($E37="Quarterly",MOD(MONTH((L$11+13))-N($F37),3)=0,MONTH((L$11+13))=N($F37))))),$C37,"")))) -> 0 | M37: =IF(OR($B37="",N($C37)=0),"",IF($E37="Every paycheck",$C37,IF(N($D37)=0,"",IF(OR(AND(DATE(YEAR(M$11),MONTH(M$11),MIN($D37,DAY(EOMONTH(M$11,0))))>=M$11,DATE(YEAR(M$11),MONTH(M$11),MIN($D37,DAY(EOMONTH(M$11,0))))<=(M$11+13),IF($E37="Monthly",TRUE,IF($E37="Quarterly",MOD(MONTH(M$11)-N($F37),3)=0,MONTH(M$11)=N($F37)))),AND(DATE(YEAR((M$11+13)),MONTH((M$11+13)),MIN($D37,DAY(EOMONTH((M$11+13),0))))>=M$11,DATE(YEAR((M$11+13)),MONTH((M$11+13)),MIN($D37,DAY(EOMONTH((M$11+13),0))))<=(M$11+13),IF($E37="Monthly",TRUE,IF($E37="Quarterly",MOD(MONTH((M$11+13))-N($F37),3)=0,MONTH((M$11+13))=N($F37))))),$C37,"")))) -> 0 | N37: =IF(OR($B37="",N($C37)=0),"",IF($E37="Every paycheck",$C37,IF(N($D37)=0,"",IF(OR(AND(DATE(YEAR(N$11),MONTH(N$11),MIN($D37,DAY(EOMONTH(N$11,0))))>=N$11,DATE(YEAR(N$11),MONTH(N$11),MIN($D37,DAY(EOMONTH(N$11,0))))<=(N$11+13),IF($E37="Monthly",TRUE,IF($E37="Quarterly",MOD(MONTH(N$11)-N($F37),3)=0,MONTH(N$11)=N($F37)))),AND(DATE(YEAR((N$11+13)),MONTH((N$11+13)),MIN($D37,DAY(EOMONTH((N$11+13),0))))>=N$11,DATE(YEAR((N$11+13)),MONTH((N$11+13)),MIN($D37,DAY(EOMONTH((N$11+13),0))))<=(N$11+13),IF($E37="Monthly",TRUE,IF($E37="Quarterly",MOD(MONTH((N$11+13))-N($F37),3)=0,MONTH((N$11+13))=N($F37))))),$C37,"")))) -> 0 | O37: =IF(OR($B37="",N($C37)=0),"",IF($E37="Every paycheck",$C37,IF(N($D37)=0,"",IF(OR(AND(DATE(YEAR(O$11),MONTH(O$11),MIN($D37,DAY(EOMONTH(O$11,0))))>=O$11,DATE(YEAR(O$11),MONTH(O$11),MIN($D37,DAY(EOMONTH(O$11,0))))<=(O$11+13),IF($E37="Monthly",TRUE,IF($E37="Quarterly",MOD(MONTH(O$11)-N($F37),3)=0,MONTH(O$11)=N($F37)))),AND(DATE(YEAR((O$11+13)),MONTH((O$11+13)),MIN($D37,DAY(EOMONTH((O$11+13),0))))>=O$11,DATE(YEAR((O$11+13)),MONTH((O$11+13)),MIN($D37,DAY(EOMONTH((O$11+13),0))))<=(O$11+13),IF($E37="Monthly",TRUE,IF($E37="Quarterly",MOD(MONTH((O$11+13))-N($F37),3)=0,MONTH((O$11+13))=N($F37))))),$C37,"")))) -> 0 | P37: =IF(OR($B37="",N($C37)=0),"",IF($E37="Every paycheck",$C37,IF(N($D37)=0,"",IF(OR(AND(DATE(YEAR(P$11),MONTH(P$11),MIN($D37,DAY(EOMONTH(P$11,0))))>=P$11,DATE(YEAR(P$11),MONTH(P$11),MIN($D37,DAY(EOMONTH(P$11,0))))<=(P$11+13),IF($E37="Monthly",TRUE,IF($E37="Quarterly",MOD(MONTH(P$11)-N($F37),3)=0,MONTH(P$11)=N($F37)))),AND(DATE(YEAR((P$11+13)),MONTH((P$11+13)),MIN($D37,DAY(EOMONTH((P$11+13),0))))>=P$11,DATE(YEAR((P$11+13)),MONTH((P$11+13)),MIN($D37,DAY(EOMONTH((P$11+13),0))))<=(P$11+13),IF($E37="Monthly",TRUE,IF($E37="Quarterly",MOD(MONTH((P$11+13))-N($F37),3)=0,MONTH((P$11+13))=N($F37))))),$C37,"")))) -> 0 | ... AH37: =IF(OR($B37="",N($C37)=0),"",IF($E37="Every paycheck",$C37,IF(N($D37)=0,"",IF(OR(AND(DATE(YEAR(AH$11),MONTH(AH$11),MIN($D37,DAY(EOMONTH(AH$11,0))))>=AH$11,DATE(YEAR(AH$11),MONTH(AH$11),MIN($D37,DAY(EOMONTH(AH$11,0))))<=(AH$11+13),IF($E37="Monthly",TRUE,IF($E37="Quarterly",MOD(MONTH(AH$11)-N($F37),3)=0,MONTH(AH$11)=N($F37)))),AND(DATE(YEAR((AH$11+13)),MONTH((AH$11+13)),MIN($D37,DAY(EOMONTH((AH$11+13),0))))>=AH$11,DATE(YEAR((AH$11+13)),MONTH((AH$11+13)),MIN($D37,DAY(EOMONTH((AH$11+13),0))))<=(AH$11+13),IF($E37="Monthly",TRUE,IF($E37="Quarterly",MOD(MONTH((AH$11+13))-N($F37),3)=0,MONTH((AH$11+13))=N($F37))))),$C37,"")))) -> 0
B38: Bills due | I38: =SUM(I13:I37) -> 0 | J38: =SUM(J13:J37) -> 0 | K38: =SUM(K13:K37) -> 0 | L38: =SUM(L13:L37) -> 0 | M38: =SUM(M13:M37) -> 0 | N38: =SUM(N13:N37) -> 0 | O38: =SUM(O13:O37) -> 0 | P38: =SUM(P13:P37) -> 0 | ... AH38: =SUM(AH13:AH37) -> 0
B39: Savings | I39: =$C$7 -> 0 | J39: =$C$7 -> 0 | K39: =$C$7 -> 0 | L39: =$C$7 -> 0 | M39: =$C$7 -> 0 | N39: =$C$7 -> 0 | O39: =$C$7 -> 0 | P39: =$C$7 -> 0 | ... AH39: =$C$7 -> 0
B40: Left to spend | I40: =I12-I38-I39 -> 0 | J40: =J12-J38-J39 -> 0 | K40: =K12-K38-K39 -> 0 | L40: =L12-L38-L39 -> 0 | M40: =M12-M38-M39 -> 0 | N40: =N12-N38-N39 -> 0 | O40: =O12-O38-O39 -> 0 | P40: =P12-P38-P39 -> 0 | ... AH40: =AH12-AH38-AH39 -> 0
B41: ★ = 3rd paycheck this month | I41: =IF(COUNTIFS($I$11:$AH$11,">="&DATE(YEAR(I11),MONTH(I11),1),$I$11:$AH$11,"<="&I11)=3,"★ bonus","") -> 0 | J41: =IF(COUNTIFS($I$11:$AH$11,">="&DATE(YEAR(J11),MONTH(J11),1),$I$11:$AH$11,"<="&J11)=3,"★ bonus","") -> 0 | K41: =IF(COUNTIFS($I$11:$AH$11,">="&DATE(YEAR(K11),MONTH(K11),1),$I$11:$AH$11,"<="&K11)=3,"★ bonus","") -> 0 | L41: =IF(COUNTIFS($I$11:$AH$11,">="&DATE(YEAR(L11),MONTH(L11),1),$I$11:$AH$11,"<="&L11)=3,"★ bonus","") -> 0 | M41: =IF(COUNTIFS($I$11:$AH$11,">="&DATE(YEAR(M11),MONTH(M11),1),$I$11:$AH$11,"<="&M11)=3,"★ bonus","") -> 0 | N41: =IF(COUNTIFS($I$11:$AH$11,">="&DATE(YEAR(N11),MONTH(N11),1),$I$11:$AH$11,"<="&N11)=3,"★ bonus","") -> 0 | O41: =IF(COUNTIFS($I$11:$AH$11,">="&DATE(YEAR(O11),MONTH(O11),1),$I$11:$AH$11,"<="&O11)=3,"★ bonus","") -> 0 | P41: =IF(COUNTIFS($I$11:$AH$11,">="&DATE(YEAR(P11),MONTH(P11),1),$I$11:$AH$11,"<="&P11)=3,"★ bonus","") -> 0 | ... AH41: =IF(COUNTIFS($I$11:$AH$11,">="&DATE(YEAR(AH11),MONTH(AH11),1),$I$11:$AH$11,"<="&AH11)=3,"★ bonus","") -> 0

Sheet How to use
B2: Biweekly Paycheck Budget — how to use
B3: Paid every two weeks? This plan shows which bills each paycheck must cover, what is left to spend, and which months bring a bonus third paycheck.
B5: HOW TO USE
B6: 1 | C6: Enter your first payday of the year, your usual net (take-home) pay and how much you save from each check.
B7: 2 | C7: List your bills: amount, the day of the month it is due, and how often. For Quarterly and Yearly bills, also type the month number it is due (1 = Jan).
B8: 3 | C8: Use “Every paycheck” for spending you budget per check, like groceries or gas.
B9: 4 | C9: Read the grid: each bill appears under the paycheck whose two-week window includes its due date. “Left to spend” turns red when a check is short.
B10: 5 | C10: Different amount on one check (overtime, bonus)? Type over that check’s Paycheck amount.
B12: CELL LEGEND
C13: Tinted cells are inputs — type over the sample values.
C14: Everything else is calculated. Formula cells update automatically; please leave them as they are.
B16: GOOD TO KNOW
B17: • | C17: Two months a year usually have three paydays — they are marked ★ bonus. Many people send those checks straight to savings or debt.
B18: • | C18: A paycheck covers bills due from payday through the 13 days after it. If a short check is red, move a bill’s due date or carry money forward from the previous check.
B19: • | C19: Due day 31 automatically means the last day of shorter months.
B21: Works in Excel, Google Sheets (File → Import) and LibreOffice. No macros.
B22: Free for personal and commercial use · niftyshelf.com
